Workbook

Sheet Данные
B1: № | C1: Дата | D1: Время открытия | E1: Дата закрытия | F1: Время закрытия | G1: Инструмент | H1: Направление сделки | I1: Цена открытия | J1: Цена закрытия | K1: кол-во | L1: Комиссия | M1: Результат | N1: Способ входа в позицию | O1: Способ выхода из позиции | P1: Оценка трейда | Q1: Стратегия | R1: Комментарий | S1: Изменение депозита | T1: Депозит | U1: Комиссия всего | V1: P\L Gross | W1: P\L Net | X1: Начальная сумма (Gross) | Y1: Начальная сумма (Net) | Z1: Конечная сумма (Gross) | AA1: Конечная сумма (Net) | AB1: День недели | AC1: Часы | AD1: Четверть | AE1: Время в сделке (сек) | AF1: Интрадей | AG1: Среднесрок | AH1: Net плюс | AI1: Net минус | AJ1: Год | AK1: Месяц | AL1: Неделя | AM1: Депозит по дням | AN1: Пополнение депозита | AO1: Общая доходность | AP1: Доходность в сделке | AQ1: Открытие дня | AR1: Закрытие дня | AS1: Диапазон цены | AT1: МаксМинДней
B2: 1 | C2: 42187 | D2: 0.073611111 | E2: 42188 | F2: 0.54930556 | G2: GBPAUD | H2: buy | I2: 2.0445 | J2: 2.07604 | K2: 0.01 | M2: 2.45 | N2: пинбар | O2: закрытие в ручную | P2: 3 | Q2: PA | R2: не вышел бы заработал бы больше | S2: 8 | T2: =S2+W2 -> 10.45 | U2: =L2 -> 0 | V2: =M2 -> 2.45 | W2: =V2+L2 -> 2.45 | X2: 8 | Y2: 0 | Z2: =X2+V2 -> 10.45 | AA2: =Y2+W2 -> 2.45 | AB2: =IF(G2<>"",VLOOKUP(WEEKDAY(C2,2),Служебный!G$4:H$10,2),"") -> чт | AC2: =IF(G2 <> "",TEXT((HOUR(D2)),0)&"-"&TEXT(HOUR(D2)+1,0),"") -> 1-2 | AD2: =IF(G2<>"",FLOOR((IF(TEXT(D2,"mm") = "mm",TEXT(D2,"мм"),TEXT(D2,"mm"))),15)/15+1,"") -> 4 | AE2: =ROUND(((E2+F2)-(C2+D2))*86400,0) -> 127500 | AF2: =IF(FLOOR((AE2/60),15)>400,"Среднесрок",FLOOR((AE2/60),15)) -> Среднесрок | AG2: =IFERROR(IF(FLOOR((AE2/86400),1)=0,"интрадей",(FLOOR((AE2/86400),1))-(FLOOR((AE2/86400),1))-NETWORKDAYS(E2,C2)),IF(FLOOR((AE2/86400),1)=0,"интрадей",(FLOOR((AE2/86400),1)))) -> 2 | AH2: =IF(W2>0,W2,0) -> 2.45 | AI2: =IF(W2<0,W2,0) -> 0 | AJ2: =IF(G2<>"",YEAR(C2),"") -> 2015 | AK2: =IF(G2<>"",(IF(TEXT(C2,"MMMM") = "MMMM",TEXT(C2,"ММММ"),TEXT(C2,"MMMM"))),"") -> Июль | AL2: =IF(G2<>"",CEILING((C2-DATE(YEAR(C2),1,1)+WEEKDAY(DATE(YEAR(C2),1,1),2))/7,1),"") -> 27 | AM2: =IF(AR2<>0,T2,0) -> 10.45 | AN2: =S2 -> 8 | AO2: =IFERROR(100*(T2-AN2)/AN2,"Заполните депозит") -> 30.625 | AP2: =IFERROR(100*(T2-S2)/S2,"Заполните депозит") -> 30.625 | AQ2: =IF(C2<>C1,Y2,0) -> 0 | AR2: =IF(C2<>C3,AA2,0) -> 2.45 | AS2: =CEILING(I2,5) -> #VALUE! | AT2: 0
B3: 2 | C3: 42192 | D3: 0.040277778 | E3: 42192 | F3: 0.79861111 | G3: GBPNZD | H3: buy | I3: 2.33972 | J3: 2.31445 | K3: 0.01 | M3: -1.68 | N3: пинбар | O3: закрытие по стопу | P3: 3 | Q3: PA | R3: слишком близкий стоп | T3: =T2+S3+W3 -> 8.77 | U3: =L3 -> 0 | V3: =M3 -> -1.68 | W3: =V3+L3 -> -1.68 | X3: =X2+V2 -> 10.45 | Y3: =Y2+W2 -> 2.45 | Z3: =X3+V3 -> 8.77 | AA3: =Y3+W3 -> 0.77 | AB3: =IF(G3<>"",VLOOKUP(WEEKDAY(C3,2),Служебный!G$4:H$10,2),"") -> вт | AC3: =IF(G2 <> "",TEXT((HOUR(D3)),0)&"-"&TEXT(HOUR(D3)+1,0),"") -> 0-1 | AD3: =IF(G3<>"",FLOOR((IF(TEXT(D3,"mm") = "mm",TEXT(D3,"мм"),TEXT(D3,"mm"))),15)/15+1,"") -> 4 | AE3: =ROUND(((E3+F3)-(C3+D3))*86400,0) -> 65520 | AF3: =IF(FLOOR((AE3/60),15)>400,"Среднесрок",FLOOR((AE3/60),15)) -> Среднесрок | AG3: =IFERROR(IF(FLOOR((AE3/86400),1)=0,"интрадей",(FLOOR((AE3/86400),1))-(FLOOR((AE3/86400),1))-NETWORKDAYS(E3,C3)),IF(FLOOR((AE3/86400),1)=0,"интрадей",(FLOOR((AE3/86400),1)))) -> интрадей | AH3: =IF(W3>0,W3,0) -> 0 | AI3: =IF(W3<0,W3,0) -> -1.68 | AJ3: =IF(G3<>"",YEAR(C3),"") -> 2015 | AK3: =IF(G3<>"",(IF(TEXT(C3,"MMMM") = "MMMM",TEXT(C3,"ММММ"),TEXT(C3,"MMMM"))),"") -> Июль | AL3: =IF(G3<>"",CEILING((C3-DATE(YEAR(C3),1,1)+WEEKDAY(DATE(YEAR(C3),1,1),2))/7,1),"") -> 28 | AM3: =IF(AR3<>0,T3,0) -> 8.77 | AN3: =S3+AN2 -> 8 | AO3: =IFERROR(100*(T3-AN3)/AN3,"Заполните депозит") -> 9.625 | AP3: =IFERROR(100*(T3-T2-S3)/(T2+S3),"Заполните депозит") -> -16.076555 | AQ3: =IF(C3<>C2,Y3,0) -> 2.45 | AR3: =IF(C3<>C4,AA3,0) -> 0.77 | AS3: =CEILING(I3,5) -> #VALUE! | AT3: =IF(AR3=0,AT2,IF(W3<0,IF(AT2<0,AT2-1,-1),IF(AT2>0,AT2+1,1))) -> -1
B4: 3 | C4: 42191 | D4: 0.0027777778 | E4: 42191 | F4: 0.19444444 | G4: GPBJPY | H4: buy | I4: 189.72300 | J4: 190.80800 | K4: 0.01 | M4: 0.89 | N4: ГЭП | O4: закрытие по стопу | P4: 2 | Q4: PA | R4: Гэп | T4: =T3+S4+W4 -> 9.66 | U4: =L4 -> 0 | V4: =M4 -> 0.89 | W4: =V4+L4 -> 0.89 | X4: =X3+V3 -> 8.77 | Y4: =Y3+W3 -> 0.77 | Z4: =X4+V4 -> 9.66 | AA4: =Y4+W4 -> 1.66 | AB4: =IF(G4<>"",VLOOKUP(WEEKDAY(C4,2),Служебный!G$4:H$10,2),"") -> пн | AC4: =IF(G3 <> "",TEXT((HOUR(D4)),0)&"-"&TEXT(HOUR(D4)+1,0),"") -> 0-1 | AD4: =IF(G4<>"",FLOOR((IF(TEXT(D4,"mm") = "mm",TEXT(D4,"мм"),TEXT(D4,"mm"))),15)/15+1,"") -> 1 | AE4: =ROUND(((E4+F4)-(C4+D4))*86400,0) -> 16560 | AF4: =IF(FLOOR((AE4/60),15)>400,"Среднесрок",FLOOR((AE4/60),15)) -> 270 | AG4: =IFERROR(IF(FLOOR((AE4/86400),1)=0,"интрадей",(FLOOR((AE4/86400),1))-(FLOOR((AE4/86400),1))-NETWORKDAYS(E4,C4)),IF(FLOOR((AE4/86400),1)=0,"интрадей",(FLOOR((AE4/86400),1)))) -> интрадей | AH4: =IF(W4>0,W4,0) -> 0.89 | AI4: =IF(W4<0,W4,0) -> 0 | AJ4: =IF(G4<>"",YEAR(C4),"") -> 2015 | AK4: =IF(G4<>"",(IF(TEXT(C4,"MMMM") = "MMMM",TEXT(C4,"ММММ"),TEXT(C4,"MMMM"))),"") -> Июль | AL4: =IF(G4<>"",CEILING((C4-DATE(YEAR(C4),1,1)+WEEKDAY(DATE(YEAR(C4),1,1),2))/7,1),"") -> 28 | AM4: =IF(AR4<>0,T4,0) -> 9.66 | AN4: =S4+AN3 -> 8 | AO4: =IFERROR(100*(T4-AN4)/AN4,"Заполните депозит") -> 20.75 | AP4: =IFERROR(100*(T4-T3-S4)/(T3+S4),"Заполните депозит") -> 10.148233 | AQ4: =IF(C4<>C3,Y4,0) -> 0.77 | AR4: =IF(C4<>C5,AA4,0) -> 1.66 | AS4: =CEILING(I4,5) -> #VALUE! | AT4: =IF(AR4=0,AT3,IF(W4<0,IF(AT3<0,AT3-1,-1),IF(AT3>0,AT3+1,1))) -> 1
B5: 4 | C5: 42195 | D5: 0.0027777778 | E5: 42195 | F5: 0.19652778 | G5: USDJPY | H5: sell | I5: 121.33100 | J5: 121.94500 | K5: 0.01 | M5: -0.22 | N5: внутренний бар | O5: закрытие по стопу | P5: 2 | Q5: PA | R5: нелепый вход | T5: =T4+S5+W5 -> 9.44 | U5: =L5 -> 0 | V5: =M5 -> -0.22 | W5: =V5+L5 -> -0.22 | X5: =X4+V4 -> 9.66 | Y5: =Y4+W4 -> 1.66 | Z5: =X5+V5 -> 9.44 | AA5: =Y5+W5 -> 1.44 | AB5: =IF(G5<>"",VLOOKUP(WEEKDAY(C5,2),Служебный!G$4:H$10,2),"") -> пт | AC5: =IF(G4 <> "",TEXT((HOUR(D5)),0)&"-"&TEXT(HOUR(D5)+1,0),"") -> 0-1 | AD5: =IF(G5<>"",FLOOR((IF(TEXT(D5,"mm") = "mm",TEXT(D5,"мм"),TEXT(D5,"mm"))),15)/15+1,"") -> 1 | AE5: =ROUND(((E5+F5)-(C5+D5))*86400,0) -> 16740 | AF5: =IF(FLOOR((AE5/60),15)>400,"Среднесрок",FLOOR((AE5/60),15)) -> 270 | AG5: =IFERROR(IF(FLOOR((AE5/86400),1)=0,"интрадей",(FLOOR((AE5/86400),1))-(FLOOR((AE5/86400),1))-NETWORKDAYS(E5,C5)),IF(FLOOR((AE5/86400),1)=0,"интрадей",(FLOOR((AE5/86400),1)))) -> интрадей | AH5: =IF(W5>0,W5,0) -> 0 | AI5: =IF(W5<0,W5,0) -> -0.22 | AJ5: =IF(G5<>"",YEAR(C5),"") -> 2015 | AK5: =IF(G5<>"",(IF(TEXT(C5,"MMMM") = "MMMM",TEXT(C5,"ММММ"),TEXT(C5,"MMMM"))),"") -> Июль | AL5: =IF(G5<>"",CEILING((C5-DATE(YEAR(C5),1,1)+WEEKDAY(DATE(YEAR(C5),1,1),2))/7,1),"") -> 28 | AM5: =IF(AR5<>0,T5,0) -> 9.44 | AN5: =S5+AN4 -> 8 | AO5: =IFERROR(100*(T5-AN5)/AN5,"Заполните депозит") -> 18 | AP5: =IFERROR(100*(T5-T4-S5)/(T4+S5),"Заполните депозит") -> -2.2774327 | AQ5: =IF(C5<>C4,Y5,0) -> 1.66 | AR5: =IF(C5<>C6,AA5,0) -> 1.44 | AS5: =CEILING(I5,5) -> #VALUE! | AT5: =IF(AR5=0,AT4,IF(W5<0,IF(AT4<0,AT4-1,-1),IF(AT4>0,AT4+1,1))) -> -1
B6: 5 | C6: 42199 | D6: 0.37777778 | E6: 42199 | F6: 0.53819444 | G6: GBPUSD | H6: sell | I6: 1.54656 | J6: 1.55948 | K6: 0.01 | M6: -1.29 | N6: пинбар | O6: закрытие по стопу | P6: 1 | Q6: PA | R6: Глупо , пин образовался между 8,21 и 100,150 ema | T6: =T5+S6+W6 -> 8.15 | U6: =L6 -> 0 | V6: =M6 -> -1.29 | W6: =V6+L6 -> -1.29 | X6: =X5+V5 -> 9.44 | Y6: =Y5+W5 -> 1.44 | Z6: =X6+V6 -> 8.15 | AA6: =Y6+W6 -> 0.15 | AB6: =IF(G6<>"",VLOOKUP(WEEKDAY(C6,2),Служебный!G$4:H$10,2),"") -> вт | AC6: =IF(G5 <> "",TEXT((HOUR(D6)),0)&"-"&TEXT(HOUR(D6)+1,0),"") -> 9-10 | AD6: =IF(G6<>"",FLOOR((IF(TEXT(D6,"mm") = "mm",TEXT(D6,"мм"),TEXT(D6,"mm"))),15)/15+1,"") -> 1 | AE6: =ROUND(((E6+F6)-(C6+D6))*86400,0) -> 13860 | AF6: =IF(FLOOR((AE6/60),15)>400,"Среднесрок",FLOOR((AE6/60),15)) -> 225 | AG6: =IFERROR(IF(FLOOR((AE6/86400),1)=0,"интрадей",(FLOOR((AE6/86400),1))-(FLOOR((AE6/86400),1))-NETWORKDAYS(E6,C6)),IF(FLOOR((AE6/86400),1)=0,"интрадей",(FLOOR((AE6/86400),1)))) -> интрадей | AH6: =IF(W6>0,W6,0) -> 0 | AI6: =IF(W6<0,W6,0) -> -1.29 | AJ6: =IF(G6<>"",YEAR(C6),"") -> 2015 | AK6: =IF(G6<>"",(IF(TEXT(C6,"MMMM") = "MMMM",TEXT(C6,"ММММ"),TEXT(C6,"MMMM"))),"") -> Июль | AL6: =IF(G6<>"",CEILING((C6-DATE(YEAR(C6),1,1)+WEEKDAY(DATE(YEAR(C6),1,1),2))/7,1),"") -> 29 | AM6: =IF(AR6<>0,T6,0) -> 8.15 | AN6: =S6+AN5 -> 8 | AO6: =IFERROR(100*(T6-AN6)/AN6,"Заполните депозит") -> 1.875 | AP6: =IFERROR(100*(T6-T5-S6)/(T5+S6),"Заполните депозит") -> -13.665254 | AQ6: =IF(C6<>C5,Y6,0) -> 1.44 | AR6: =IF(C6<>C7,AA6,0) -> 0.15 | AS6: =CEILING(I6,5) -> #VALUE! | AT6: =IF(AR6=0,AT5,IF(W6<0,IF(AT5<0,AT5-1,-1),IF(AT5>0,AT5+1,1))) -> -2
B7: 6 | C7: 42198 | D7: 0.011111111 | E7: 42201 | F7: 0.19236111 | G7: AUDJPY | H7: buy | I7: 90.92600 | J7: 91.02600 | K7: 0.01 | M7: 0.09 | N7: пинбар | O7: БУ | P7: 3 | Q7: PA | R7: недельный пин, ни пути был дин-уровень ema, безубыток | T7: =T6+S7+W7 -> 8.24 | U7: =L7 -> 0 | V7: =M7 -> 0.09 | W7: =V7+L7 -> 0.09 | X7: =X6+V6 -> 8.15 | Y7: =Y6+W6 -> 0.15 | Z7: =X7+V7 -> 8.24 | AA7: =Y7+W7 -> 0.24 | AB7: =IF(G7<>"",VLOOKUP(WEEKDAY(C7,2),Служебный!G$4:H$10,2),"") -> пн | AC7: =IF(G6 <> "",TEXT((HOUR(D7)),0)&"-"&TEXT(HOUR(D7)+1,0),"") -> 0-1 | AD7: =IF(G7<>"",FLOOR((IF(TEXT(D7,"mm") = "mm",TEXT(D7,"мм"),TEXT(D7,"mm"))),15)/15+1,"") -> 2 | AE7: =ROUND(((E7+F7)-(C7+D7))*86400,0) -> 274860 | AF7: =IF(FLOOR((AE7/60),15)>400,"Среднесрок",FLOOR((AE7/60),15)) -> Среднесрок | AG7: =IFERROR(IF(FLOOR((AE7/86400),1)=0,"интрадей",(FLOOR((AE7/86400),1))-(FLOOR((AE7/86400),1))-NETWORKDAYS(E7,C7)),IF(FLOOR((AE7/86400),1)=0,"интрадей",(FLOOR((AE7/86400),1)))) -> 4 | AH7: =IF(W7>0,W7,0) -> 0.09 | AI7: =IF(W7<0,W7,0) -> 0 | AJ7: =IF(G7<>"",YEAR(C7),"") -> 2015 | AK7: =IF(G7<>"",(IF(TEXT(C7,"MMMM") = "MMMM",TEXT(C7,"ММММ"),TEXT(C7,"MMMM"))),"") -> Июль | AL7: =IF(G7<>"",CEILING((C7-DATE(YEAR(C7),1,1)+WEEKDAY(DATE(YEAR(C7),1,1),2))/7,1),"") -> 29 | AM7: =IF(AR7<>0,T7,0) -> 8.24 | AN7: =S7+AN6 -> 8 | AO7: =IFERROR(100*(T7-AN7)/AN7,"Заполните депозит") -> 3 | AP7: =IFERROR(100*(T7-T6-S7)/(T6+S7),"Заполните депозит") -> 1.1042945 | AQ7: =IF(C7<>C6,Y7,0) -> 0.15 | AR7: =IF(C7<>C8,AA7,0) -> 0.24 | AS7: =CEILING(I7,5) -> #VALUE! | AT7: =IF(AR7=0,AT6,IF(W7<0,IF(AT6<0,AT6-1,-1),IF(AT6>0,AT6+1,1))) -> 1
B8: 7 | C8: 42199 | D8: 0.011111111 | E8: 42201 | F8: 0.23333333 | G8: EURJPY | H8: sell | I8: 135.50500 | J8: 135.40500 | K8: 0.01 | M8: 0.08 | N8: пинбар | O8: БУ | P8: 3 | Q8: PA | R8: пин от машек, но ни пути недельная ema, запас хода маленький | T8: =T7+S8+W8 -> 8.32 | U8: =L8 -> 0 | V8: =M8 -> 0.08 | W8: =V8+L8 -> 0.08 | X8: =X7+V7 -> 8.24 | Y8: =Y7+W7 -> 0.24 | Z8: =X8+V8 -> 8.32 | AA8: =Y8+W8 -> 0.32 | AB8: =IF(G8<>"",VLOOKUP(WEEKDAY(C8,2),Служебный!G$4:H$10,2),"") -> вт | AC8: =IF(G7 <> "",TEXT((HOUR(D8)),0)&"-"&TEXT(HOUR(D8)+1,0),"") -> 0-1 | AD8: =IF(G8<>"",FLOOR((IF(TEXT(D8,"mm") = "mm",TEXT(D8,"мм"),TEXT(D8,"mm"))),15)/15+1,"") -> 2 | AE8: =ROUND(((E8+F8)-(C8+D8))*86400,0) -> 192000 | AF8: =IF(FLOOR((AE8/60),15)>400,"Среднесрок",FLOOR((AE8/60),15)) -> Среднесрок | AG8: =IFERROR(IF(FLOOR((AE8/86400),1)=0,"интрадей",(FLOOR((AE8/86400),1))-(FLOOR((AE8/86400),1))-NETWORKDAYS(E8,C8)),IF(FLOOR((AE8/86400),1)=0,"интрадей",(FLOOR((AE8/86400),1)))) -> 3 | AH8: =IF(W8>0,W8,0) -> 0.08 | AI8: =IF(W8<0,W8,0) -> 0 | AJ8: =IF(G8<>"",YEAR(C8),"") -> 2015 | AK8: =IF(G8<>"",(IF(TEXT(C8,"MMMM") = "MMMM",TEXT(C8,"ММММ"),TEXT(C8,"MMMM"))),"") -> Июль | AL8: =IF(G8<>"",CEILING((C8-DATE(YEAR(C8),1,1)+WEEKDAY(DATE(YEAR(C8),1,1),2))/7,1),"") -> 29 | AM8: =IF(AR8<>0,T8,0) -> 8.32 | AN8: =S8+AN7 -> 8 | AO8: =IFERROR(100*(T8-AN8)/AN8,"Заполните депозит") -> 4 | AP8: =IFERROR(100*(T8-T7-S8)/(T7+S8),"Заполните депозит") -> 0.97087379 | AQ8: =IF(C8<>C7,Y8,0) -> 0.24 | AR8: =IF(C8<>C9,AA8,0) -> 0.32 | AS8: =CEILING(I8,5) -> #VALUE! | AT8: =IF(AR8=0,AT7,IF(W8<0,IF(AT7<0,AT7-1,-1),IF(AT7>0,AT7+1,1))) -> 2
B9: 8 | C9: 42195 | D9: 0.0048611111 | E9: 42205 | F9: 0.29930556 | G9: AUDNZD | H9: buy | I9: 1.10556 | J9: 1.12445 | K9: 0.01 | M9: 1.22 | N9: пинбар | O9: закрытие по стопу | P9: 4 | Q9: PA | R9: в принципе неплохо, | T9: =T8+S9+W9 -> 9.54 | U9: =L9 -> 0 | V9: =M9 -> 1.22 | W9: =V9+L9 -> 1.22 | X9: =X8+V8 -> 8.32 | Y9: =Y8+W8 -> 0.32 | Z9: =X9+V9 -> 9.54 | AA9: =Y9+W9 -> 1.54 | AB9: =IF(G9<>"",VLOOKUP(WEEKDAY(C9,2),Служебный!G$4:H$10,2),"") -> пт | AC9: =IF(G8 <> "",TEXT((HOUR(D9)),0)&"-"&TEXT(HOUR(D9)+1,0),"") -> 0-1 | AD9: =IF(G9<>"",FLOOR((IF(TEXT(D9,"mm") = "mm",TEXT(D9,"мм"),TEXT(D9,"mm"))),15)/15+1,"") -> 1 | AE9: =ROUND(((E9+F9)-(C9+D9))*86400,0) -> 889440 | AF9: =IF(FLOOR((AE9/60),15)>400,"Среднесрок",FLOOR((AE9/60),15)) -> Среднесрок | AG9: =IFERROR(IF(FLOOR((AE9/86400),1)=0,"интрадей",(FLOOR((AE9/86400),1))-(FLOOR((AE9/86400),1))-NETWORKDAYS(E9,C9)),IF(FLOOR((AE9/86400),1)=0,"интрадей",(FLOOR((AE9/86400),1)))) -> 7 | AH9: =IF(W9>0,W9,0) -> 1.22 | AI9: =IF(W9<0,W9,0) -> 0 | AJ9: =IF(G9<>"",YEAR(C9),"") -> 2015 | AK9: =IF(G9<>"",(IF(TEXT(C9,"MMMM") = "MMMM",TEXT(C9,"ММММ"),TEXT(C9,"MMMM"))),"") -> Июль | AL9: =IF(G9<>"",CEILING((C9-DATE(YEAR(C9),1,1)+WEEKDAY(DATE(YEAR(C9),1,1),2))/7,1),"") -> 28 | AM9: =IF(AR9<>0,T9,0) -> 0 | AN9: =S9+AN8 -> 8 | AO9: =IFERROR(100*(T9-AN9)/AN9,"Заполните депозит") -> 19.25 | AP9: =IFERROR(100*(T9-T8-S9)/(T8+S9),"Заполните депозит") -> 14.663462 | AQ9: =IF(C9<>C8,Y9,0) -> 0.32 | AR9: =IF(C9<>C10,AA9,0) -> 0 | AS9: =CEILING(I9,5) -> #VALUE! | AT9: =IF(AR9=0,AT8,IF(W9<0,IF(AT8<0,AT8-1,-1),IF(AT8>0,AT8+1,1))) -> 2
B10: 9 | C10: 42195 | D10: 0.54861111 | E10: 42206 | F10: 0.17916667 | G10: GBPNZD | H10: buy | I10: 2.29568 | J10: 2.36051 | K10: 0.01 | M10: 4.17 | N10: пинбар | O10: закрытие по стопу | P10: 3 | Q10: PA | R10: возможно рано перевел в бу | T10: =T9+S10+W10 -> 13.71 | U10: =L10 -> 0 | V10: =M10 -> 4.17 | W10: =V10+L10 -> 4.17 | X10: =X9+V9 -> 9.54 | Y10: =Y9+W9 -> 1.54 | Z10: =X10+V10 -> 13.71 | AA10: =Y10+W10 -> 5.71 | AB10: =IF(G10<>"",VLOOKUP(WEEKDAY(C10,2),Служебный!G$4:H$10,2),"") -> пт | AC10: =IF(G9 <> "",TEXT((HOUR(D10)),0)&"-"&TEXT(HOUR(D10)+1,0),"") -> 13-14 | AD10: =IF(G10<>"",FLOOR((IF(TEXT(D10,"mm") = "mm",TEXT(D10,"мм"),TEXT(D10,"mm"))),15)/15+1,"") -> 1 | AE10: =ROUND(((E10+F10)-(C10+D10))*86400,0) -> 918480 | AF10: =IF(FLOOR((AE10/60),15)>400,"Среднесрок",FLOOR((AE10/60),15)) -> Среднесрок | AG10: =IFERROR(IF(FLOOR((AE10/86400),1)=0,"интрадей",(FLOOR((AE10/86400),1))-(FLOOR((AE10/86400),1))-NETWORKDAYS(E10,C10)),IF(FLOOR((AE10/86400),1)=0,"интрадей",(FLOOR((AE10/86400),1)))) -> 8 | AH10: =IF(W10>0,W10,0) -> 4.17 | AI10: =IF(W10<0,W10,0) -> 0 | AJ10: =IF(G10<>"",YEAR(C10),"") -> 2015 | AK10: =IF(G10<>"",(IF(TEXT(C10,"MMMM") = "MMMM",TEXT(C10,"ММММ"),TEXT(C10,"MMMM"))),"") -> Июль | AL10: =IF(G10<>"",CEILING((C10-DATE(YEAR(C10),1,1)+WEEKDAY(DATE(YEAR(C10),1,1),2))/7,1),"") -> 28 | AM10: =IF(AR10<>0,T10,0) -> 13.71 | AN10: =S10+AN9 -> 8 | AO10: =IFERROR(100*(T10-AN10)/AN10,"Заполните депозит") -> 71.375 | AP10: =IFERROR(100*(T10-T9-S10)/(T9+S10),"Заполните депозит") -> 43.710692 | AQ10: =IF(C10<>C9,Y10,0) -> 0 | AR10: =IF(C10<>C11,AA10,0) -> 5.71 | AS10: =CEILING(I10,5) -> #VALUE! | AT10: =IF(AR10=0,AT9,IF(W10<0,IF(AT9<0,AT9-1,-1),IF(AT9>0,AT9+1,1))) -> 3
B11: 10 | C11: 42199 | D11: 0.15208333 | E11: 42206 | F11: 0.21319444 | G11: NZDUSD | H11: sell | I11: 0.66714 | J11: 0.66034 | K11: 0.01 | M11: 0.61 | N11: пинбар | O11: закрытие по стопу | P11: 5 | Q11: PA | R11: возможно рано перевел в бу | T11: =T10+S11+W11 -> 14.32 | U11: =L11 -> 0 | V11: =M11 -> 0.61 | W11: =V11+L11 -> 0.61 | X11: =X10+V10 -> 13.71 | Y11: =Y10+W10 -> 5.71 | Z11: =X11+V11 -> 14.32 | AA11: =Y11+W11 -> 6.32 | AB11: =IF(G11<>"",VLOOKUP(WEEKDAY(C11,2),Служебный!G$4:H$10,2),"") -> вт | AC11: =IF(G10 <> "",TEXT((HOUR(D11)),0)&"-"&TEXT(HOUR(D11)+1,0),"") -> 3-4 | AD11: =IF(G11<>"",FLOOR((IF(TEXT(D11,"mm") = "mm",TEXT(D11,"мм"),TEXT(D11,"mm"))),15)/15+1,"") -> 3 | AE11: =ROUND(((E11+F11)-(C11+D11))*86400,0) -> 610080 | AF11: =IF(FLOOR((AE11/60),15)>400,"Среднесрок",FLOOR((AE11/60),15)) -> Среднесрок | AG11: =IFERROR(IF(FLOOR((AE11/86400),1)=0,"интрадей",(FLOOR((AE11/86400),1))-(FLOOR((AE11/86400),1))-NETWORKDAYS(E11,C11)),IF(FLOOR((AE11/86400),1)=0,"интрадей",(FLOOR((AE11/86400),1)))) -> 6 | AH11: =IF(W11>0,W11,0) -> 0.61 | AI11: =IF(W11<0,W11,0) -> 0 | AJ11: =IF(G11<>"",YEAR(C11),"") -> 2015 | AK11: =IF(G11<>"",(IF(TEXT(C11,"MMMM") = "MMMM",TEXT(C11,"ММММ"),TEXT(C11,"MMMM"))),"") -> Июль | AL11: =IF(G11<>"",CEILING((C11-DATE(YEAR(C11),1,1)+WEEKDAY(DATE(YEAR(C11),1,1),2))/7,1),"") -> 29 | AM11: =IF(AR11<>0,T11,0) -> 14.32 | AN11: =S11+AN10 -> 8 | AO11: =IFERROR(100*(T11-AN11)/AN11,"Заполните депозит") -> 79 | AP11: =IFERROR(100*(T11-T10-S11)/(T10+S11),"Заполните депозит") -> 4.4493071 | AQ11: =IF(C11<>C10,Y11,0) -> 5.71 | AR11: =IF(C11<>C12,AA11,0) -> 6.32 | AS11: =CEILING(I11,5) -> #VALUE! | AT11: =IF(AR11=0,AT10,IF(W11<0,IF(AT10<0,AT10-1,-1),IF(AT10>0,AT10+1,1))) -> 4
B12: 11 | C12: 42198 | D12: 0.0048611111 | E12: 42206 | F12: 0.72847222 | G12: GBPJPY | H12: buy | I12: 189.78600 | J12: 192.95200 | K12: 0.01 | M12: 2.55 | N12: пинбар | O12: закрытие по стопу | P12: 4 | Q12: PA | R12: недельный пин,уровень | T12: =T11+S12+W12 -> 16.87 | U12: =L12 -> 0 | V12: =M12 -> 2.55 | W12: =V12+L12 -> 2.55 | X12: =X11+V11 -> 14.32 | Y12: =Y11+W11 -> 6.32 | Z12: =X12+V12 -> 16.87 | AA12: =Y12+W12 -> 8.87 | AB12: =IF(G12<>"",VLOOKUP(WEEKDAY(C12,2),Служебный!G$4:H$10,2),"") -> пн | AC12: =IF(G11 <> "",TEXT((HOUR(D12)),0)&"-"&TEXT(HOUR(D12)+1,0),"") -> 0-1 | AD12: =IF(G12<>"",FLOOR((IF(TEXT(D12,"mm") = "mm",TEXT(D12,"мм"),TEXT(D12,"mm"))),15)/15+1,"") -> 1 | AE12: =ROUND(((E12+F12)-(C12+D12))*86400,0) -> 753720 | AF12: =IF(FLOOR((AE12/60),15)>400,"Среднесрок",FLOOR((AE12/60),15)) -> Среднесрок | AG12: =IFERROR(IF(FLOOR((AE12/86400),1)=0,"интрадей",(FLOOR((AE12/86400),1))-(FLOOR((AE12/86400),1))-NETWORKDAYS(E12,C12)),IF(FLOOR((AE12/86400),1)=0,"интрадей",(FLOOR((AE12/86400),1)))) -> 7 | AH12: =IF(W12>0,W12,0) -> 2.55 | AI12: =IF(W12<0,W12,0) -> 0 | AJ12: =IF(G12<>"",YEAR(C12),"") -> 2015 | AK12: =IF(G12<>"",(IF(TEXT(C12,"MMMM") = "MMMM",TEXT(C12,"ММММ"),TEXT(C12,"MMMM"))),"") -> Июль | AL12: =IF(G12<>"",CEILING((C12-DATE(YEAR(C12),1,1)+WEEKDAY(DATE(YEAR(C12),1,1),2))/7,1),"") -> 29 | AM12: =IF(AR12<>0,T12,0) -> 16.87 | AN12: =S12+AN11 -> 8 | AO12: =IFERROR(100*(T12-AN12)/AN12,"Заполните депозит") -> 110.875 | AP12: =IFERROR(100*(T12-T11-S12)/(T11+S12),"Заполните депозит") -> 17.807263 | AQ12: =IF(C12<>C11,Y12,0) -> 6.32 | AR12: =IF(C12<>C13,AA12,0) -> 8.87 | AS12: =CEILING(I12,5) -> #VALUE! | AT12: =IF(AR12=0,AT11,IF(W12<0,IF(AT11<0,AT11-1,-1),IF(AT11>0,AT11+1,1))) -> 5
B13: 12 | C13: 42199 | D13: 0.36041667 | E13: 42201 | F13: 0.84166667 | G13: CHFJPY | H13: sell | I13: 129.58500 | J13: 129.53700 | K13: 0.01 | M13: 0.73 | N13: пинбар | O13: закрытие в ручную | P13: 3 | Q13: PA | R13: пин но на пути уровень | T13: =T12+S13+W13 -> 17.6 | U13: =L13 -> 0 | V13: =M13 -> 0.73 | W13: =V13+L13 -> 0.73 | X13: =X12+V12 -> 16.87 | Y13: =Y12+W12 -> 8.87 | Z13: =X13+V13 -> 17.6 | AA13: =Y13+W13 -> 9.6 | AB13: =IF(G13<>"",VLOOKUP(WEEKDAY(C13,2),Служебный!G$4:H$10,2),"") -> вт | AC13: =IF(G12 <> "",TEXT((HOUR(D13)),0)&"-"&TEXT(HOUR(D13)+1,0),"") -> 8-9 | AD13: =IF(G13<>"",FLOOR((IF(TEXT(D13,"mm") = "mm",TEXT(D13,"мм"),TEXT(D13,"mm"))),15)/15+1,"") -> 3 | AE13: =ROUND(((E13+F13)-(C13+D13))*86400,0) -> 214380 | AF13: =IF(FLOOR((AE13/60),15)>400,"Среднесрок",FLOOR((AE13/60),15)) -> Среднесрок | AG13: =IFERROR(IF(FLOOR((AE13/86400),1)=0,"интрадей",(FLOOR((AE13/86400),1))-(FLOOR((AE13/86400),1))-NETWORKDAYS(E13,C13)),IF(FLOOR((AE13/86400),1)=0,"интрадей",(FLOOR((AE13/86400),1)))) -> 3 | AH13: =IF(W13>0,W13,0) -> 0.73 | AI13: =IF(W13<0,W13,0) -> 0 | AJ13: =IF(G13<>"",YEAR(C13),"") -> 2015 | AK13: =IF(G13<>"",(IF(TEXT(C13,"MMMM") = "MMMM",TEXT(C13,"ММММ"),TEXT(C13,"MMMM"))),"") -> Июль | AL13: =IF(G13<>"",CEILING((C13-DATE(YEAR(C13),1,1)+WEEKDAY(DATE(YEAR(C13),1,1),2))/7,1),"") -> 29 | AM13: =IF(AR13<>0,T13,0) -> 17.6 | AN13: =S13+AN12 -> 8 | AO13: =IFERROR(100*(T13-AN13)/AN13,"Заполните депозит") -> 120 | AP13: =IFERROR(100*(T13-T12-S13)/(T12+S13),"Заполните депозит") -> 4.3272081 | AQ13: =IF(C13<>C12,Y13,0) -> 8.87 | AR13: =IF(C13<>C14,AA13,0) -> 9.6 | AS13: =CEILING(I13,5) -> #VALUE! | AT13: =IF(AR13=0,AT12,IF(W13<0,IF(AT12<0,AT12-1,-1),IF(AT12>0,AT12+1,1))) -> 6
B14: 13 | C14: 42201 | D14: 0.072916667 | E14: 42208 | F14: 0.47569444 | G14: NZDJPY | H14: sell | I14: 81.35900 | J14: 82.85900 | K14: 0.01 | M14: -1.27 | N14: бар поглощения | O14: закрытие по стопу | P14: 3 | Q14: PA | R14: сильный откат, с возможным образованием пинбара | T14: =T13+S14+W14 -> 16.33 | U14: =L14 -> 0 | V14: =M14 -> -1.27 | W14: =V14+L14 -> -1.27 | X14: =X13+V13 -> 17.6 | Y14: =Y13+W13 -> 9.6 | Z14: =X14+V14 -> 16.33 | AA14: =Y14+W14 -> 8.33 | AB14: =IF(G14<>"",VLOOKUP(WEEKDAY(C14,2),Служебный!G$4:H$10,2),"") -> чт | AC14: =IF(G13 <> "",TEXT((HOUR(D14)),0)&"-"&TEXT(HOUR(D14)+1,0),"") -> 1-2 | AD14: =IF(G14<>"",FLOOR((IF(TEXT(D14,"mm") = "mm",TEXT(D14,"мм"),TEXT(D14,"mm"))),15)/15+1,"") -> 4 | AE14: =ROUND(((E14+F14)-(C14+D14))*86400,0) -> 639600 | AF14: =IF(FLOOR((AE14/60),15)>400,"Среднесрок",FLOOR((AE14/60),15)) -> Среднесрок | AG14: =IFERROR(IF(FLOOR((AE14/86400),1)=0,"интрадей",(FLOOR((AE14/86400),1))-(FLOOR((AE14/86400),1))-NETWORKDAYS(E14,C14)),IF(FLOOR((AE14/86400),1)=0,"интрадей",(FLOOR((AE14/86400),1)))) -> 6 | AH14: =IF(W14>0,W14,0) -> 0 | AI14: =IF(W14<0,W14,0) -> -1.27 | AJ14: =IF(G14<>"",YEAR(C14),"") -> 2015 | AK14: =IF(G14<>"",(IF(TEXT(C14,"MMMM") = "MMMM",TEXT(C14,"ММММ"),TEXT(C14,"MMMM"))),"") -> Июль | AL14: =IF(G14<>"",CEILING((C14-DATE(YEAR(C14),1,1)+WEEKDAY(DATE(YEAR(C14),1,1),2))/7,1),"") -> 29 | AM14: =IF(AR14<>0,T14,0) -> 16.33 | AN14: =S14+AN13 -> 8 | AO14: =IFERROR(100*(T14-AN14)/AN14,"Заполните депозит") -> 104.125 | AP14: =IFERROR(100*(T14-T13-S14)/(T13+S14),"Заполните депозит") -> -7.2159091 | AQ14: =IF(C14<>C13,Y14,0) -> 9.6 | AR14: =IF(C14<>C15,AA14,0) -> 8.33 | AS14: =CEILING(I14,5) -> #VALUE! | AT14: =IF(AR14=0,AT13,IF(W14<0,IF(AT13<0,AT13-1,-1),IF(AT13>0,AT13+1,1))) -> -1
... B31: 30 | C31: 42215 | D31: 0.039583333 | E31: 42227 | F31: 0.54236111 | G31: NZDCAD | H31: sell | I31: 0.85967 | J31: 0.85596 | K31: 0.01 | M31: 0.19 | N31: пинбар | O31: закрытие в ручную | P31: 3 | Q31: PA | R31: флет | T31: =T30+S31+W31 -> 12.64 | U31: =L31 -> 0 | V31: =M31 -> 0.19 | W31: =V31+L31 -> 0.19 | X31: =X30+V30 -> 12.45 | Y31: =Y30+W30 -> 4.45 | Z31: =X31+V31 -> 12.64 | AA31: =Y31+W31 -> 4.64 | AB31: =IF(G31<>"",VLOOKUP(WEEKDAY(C31,2),Служебный!G$4:H$10,2),"") -> чт | AC31: =IF(G30 <> "",TEXT((HOUR(D31)),0)&"-"&TEXT(HOUR(D31)+1,0),"") -> 0-1 | AD31: =IF(G31<>"",FLOOR((IF(TEXT(D31,"mm") = "mm",TEXT(D31,"мм"),TEXT(D31,"mm"))),15)/15+1,"") -> 4 | AE31: =ROUND(((E31+F31)-(C31+D31))*86400,0) -> 1080240 | AF31: =IF(FLOOR((AE31/60),15)>400,"Среднесрок",FLOOR((AE31/60),15)) -> Среднесрок | AG31: =IFERROR(IF(FLOOR((AE31/86400),1)=0,"интрадей",(FLOOR((AE31/86400),1))-(FLOOR((AE31/86400),1))-NETWORKDAYS(E31,C31)),IF(FLOOR((AE31/86400),1)=0,"интрадей",(FLOOR((AE31/86400),1)))) -> 9 | AH31: =IF(W31>0,W31,0) -> 0.19 | AI31: =IF(W31<0,W31,0) -> 0 | AJ31: =IF(G31<>"",YEAR(C31),"") -> 2015 | AK31: =IF(G31<>"",(IF(TEXT(C31,"MMMM") = "MMMM",TEXT(C31,"ММММ"),TEXT(C31,"MMMM"))),"") -> Июль | AL31: =IF(G31<>"",CEILING((C31-DATE(YEAR(C31),1,1)+WEEKDAY(DATE(YEAR(C31),1,1),2))/7,1),"") -> 31 | AM31: =IF(AR31<>0,T31,0) -> 12.64 | AN31: =S31+AN30 -> 8 | AO31: =IFERROR(100*(T31-AN31)/AN31,"Заполните депозит") -> 58 | AP31: =IFERROR(100*(T31-T30-S31)/(T30+S31),"Заполните депозит") -> 1.5261044 | AQ31: =IF(C31<>C30,Y31,0) -> 4.45 | AR31: =IF(C31<>C32,AA31,0) -> 4.64 | AS31: =CEILING(I31,5) -> #VALUE! | AT31: =IF(AR31=0,AT30,IF(W31<0,IF(AT30<0,AT30-1,-1),IF(AT30>0,AT30+1,1))) -> 2
B32: 31 | C32: 42226 | D32: 0.00069444444 | E32: 42228 | F32: 0.18819444 | G32: NZDUSD | H32: buy | I32: 0.66171 | J32: 0.64671 | K32: 0.02 | M32: -2.98 | N32: по правителю | O32: закрытие по стопу | P32: 2 | Q32: Правитель | T32: =T31+S32+W32 -> 9.66 | U32: =L32 -> 0 | V32: =M32 -> -2.98 | W32: =V32+L32 -> -2.98 | X32: =X31+V31 -> 12.64 | Y32: =Y31+W31 -> 4.64 | Z32: =X32+V32 -> 9.66 | AA32: =Y32+W32 -> 1.66 | AB32: =IF(G32<>"",VLOOKUP(WEEKDAY(C32,2),Служебный!G$4:H$10,2),"") -> пн | AC32: =IF(G31 <> "",TEXT((HOUR(D32)),0)&"-"&TEXT(HOUR(D32)+1,0),"") -> 0-1 | AD32: =IF(G32<>"",FLOOR((IF(TEXT(D32,"mm") = "mm",TEXT(D32,"мм"),TEXT(D32,"mm"))),15)/15+1,"") -> 1 | AE32: =ROUND(((E32+F32)-(C32+D32))*86400,0) -> 189000 | AF32: =IF(FLOOR((AE32/60),15)>400,"Среднесрок",FLOOR((AE32/60),15)) -> Среднесрок | AG32: =IFERROR(IF(FLOOR((AE32/86400),1)=0,"интрадей",(FLOOR((AE32/86400),1))-(FLOOR((AE32/86400),1))-NETWORKDAYS(E32,C32)),IF(FLOOR((AE32/86400),1)=0,"интрадей",(FLOOR((AE32/86400),1)))) -> 3 | AH32: =IF(W32>0,W32,0) -> 0 | AI32: =IF(W32<0,W32,0) -> -2.98 | AJ32: =IF(G32<>"",YEAR(C32),"") -> 2015 | AK32: =IF(G32<>"",(IF(TEXT(C32,"MMMM") = "MMMM",TEXT(C32,"ММММ"),TEXT(C32,"MMMM"))),"") -> Август | AL32: =IF(G32<>"",CEILING((C32-DATE(YEAR(C32),1,1)+WEEKDAY(DATE(YEAR(C32),1,1),2))/7,1),"") -> 33 | AM32: =IF(AR32<>0,T32,0) -> 9.66 | AN32: =S32+AN31 -> 8 | AO32: =IFERROR(100*(T32-AN32)/AN32,"Заполните депозит") -> 20.75 | AP32: =IFERROR(100*(T32-T31-S32)/(T31+S32),"Заполните депозит") -> -23.575949 | AQ32: =IF(C32<>C31,Y32,0) -> 4.64 | AR32: =IF(C32<>C33,AA32,0) -> 1.66 | AS32: =CEILING(I32,5) -> #VALUE! | AT32: =IF(AR32=0,AT31,IF(W32<0,IF(AT31<0,AT31-1,-1),IF(AT31>0,AT31+1,1))) -> -1
B33: 32 | C33: 42228 | D33: 0.17222222 | E33: 42228 | F33: 0.18819444 | G33: AUDUSD | H33: buy | I33: 0.73244 | J33: 0.72307 | K33: 0.02 | M33: -1.88 | N33: по правителю | O33: закрытие по стопу | P33: 2 | Q33: Правитель | T33: =T32+S33+W33 -> 7.78 | U33: =L33 -> 0 | V33: =M33 -> -1.88 | W33: =V33+L33 -> -1.88 | X33: =X32+V32 -> 9.66 | Y33: =Y32+W32 -> 1.66 | Z33: =X33+V33 -> 7.78 | AA33: =Y33+W33 -> -0.22 | AB33: =IF(G33<>"",VLOOKUP(WEEKDAY(C33,2),Служебный!G$4:H$10,2),"") -> ср | AC33: =IF(G32 <> "",TEXT((HOUR(D33)),0)&"-"&TEXT(HOUR(D33)+1,0),"") -> 4-5 | AD33: =IF(G33<>"",FLOOR((IF(TEXT(D33,"mm") = "mm",TEXT(D33,"мм"),TEXT(D33,"mm"))),15)/15+1,"") -> 1 | AE33: =ROUND(((E33+F33)-(C33+D33))*86400,0) -> 1380 | AF33: =IF(FLOOR((AE33/60),15)>400,"Среднесрок",FLOOR((AE33/60),15)) -> 15 | AG33: =IFERROR(IF(FLOOR((AE33/86400),1)=0,"интрадей",(FLOOR((AE33/86400),1))-(FLOOR((AE33/86400),1))-NETWORKDAYS(E33,C33)),IF(FLOOR((AE33/86400),1)=0,"интрадей",(FLOOR((AE33/86400),1)))) -> интрадей | AH33: =IF(W33>0,W33,0) -> 0 | AI33: =IF(W33<0,W33,0) -> -1.88 | AJ33: =IF(G33<>"",YEAR(C33),"") -> 2015 | AK33: =IF(G33<>"",(IF(TEXT(C33,"MMMM") = "MMMM",TEXT(C33,"ММММ"),TEXT(C33,"MMMM"))),"") -> Август | AL33: =IF(G33<>"",CEILING((C33-DATE(YEAR(C33),1,1)+WEEKDAY(DATE(YEAR(C33),1,1),2))/7,1),"") -> 33 | AM33: =IF(AR33<>0,T33,0) -> 7.78 | AN33: =S33+AN32 -> 8 | AO33: =IFERROR(100*(T33-AN33)/AN33,"Заполните депозит") -> -2.75 | AP33: =IFERROR(100*(T33-T32-S33)/(T32+S33),"Заполните депозит") -> -19.461698 | AQ33: =IF(C33<>C32,Y33,0) -> 1.66 | AR33: =IF(C33<>C34,AA33,0) -> -0.22 | AS33: =CEILING(I33,5) -> #VALUE! | AT33: =IF(AR33=0,AT32,IF(W33<0,IF(AT32<0,AT32-1,-1),IF(AT32>0,AT32+1,1))) -> -2
B34: 33 | C34: 42227 | D34: 0.0013888889 | E34: 42228 | F34: 0.61944444 | G34: UISDCAD | H34: sell | I34: 1.30013 | J34: 1.30001 | K34: 0.02 | M34: 0.02 | N34: по правителю | O34: закрытие в ручную | P34: 2 | Q34: Правитель | T34: =T33+S34+W34 -> 7.8 | U34: =L34 -> 0 | V34: =M34 -> 0.02 | W34: =V34+L34 -> 0.02 | X34: =X33+V33 -> 7.78 | Y34: =Y33+W33 -> -0.22 | Z34: =X34+V34 -> 7.8 | AA34: =Y34+W34 -> -0.2 | AB34: =IF(G34<>"",VLOOKUP(WEEKDAY(C34,2),Служебный!G$4:H$10,2),"") -> вт | AC34: =IF(G33 <> "",TEXT((HOUR(D34)),0)&"-"&TEXT(HOUR(D34)+1,0),"") -> 0-1 | AD34: =IF(G34<>"",FLOOR((IF(TEXT(D34,"mm") = "mm",TEXT(D34,"мм"),TEXT(D34,"mm"))),15)/15+1,"") -> 1 | AE34: =ROUND(((E34+F34)-(C34+D34))*86400,0) -> 139800 | AF34: =IF(FLOOR((AE34/60),15)>400,"Среднесрок",FLOOR((AE34/60),15)) -> Среднесрок | AG34: =IFERROR(IF(FLOOR((AE34/86400),1)=0,"интрадей",(FLOOR((AE34/86400),1))-(FLOOR((AE34/86400),1))-NETWORKDAYS(E34,C34)),IF(FLOOR((AE34/86400),1)=0,"интрадей",(FLOOR((AE34/86400),1)))) -> 2 | AH34: =IF(W34>0,W34,0) -> 0.02 | AI34: =IF(W34<0,W34,0) -> 0 | AJ34: =IF(G34<>"",YEAR(C34),"") -> 2015 | AK34: =IF(G34<>"",(IF(TEXT(C34,"MMMM") = "MMMM",TEXT(C34,"ММММ"),TEXT(C34,"MMMM"))),"") -> Август | AL34: =IF(G34<>"",CEILING((C34-DATE(YEAR(C34),1,1)+WEEKDAY(DATE(YEAR(C34),1,1),2))/7,1),"") -> 33 | AM34: =IF(AR34<>0,T34,0) -> 7.8 | AN34: =S34+AN33 -> 8 | AO34: =IFERROR(100*(T34-AN34)/AN34,"Заполните депозит") -> -2.5 | AP34: =IFERROR(100*(T34-T33-S34)/(T33+S34),"Заполните депозит") -> 0.25706941 | AQ34: =IF(C34<>C33,Y34,0) -> -0.22 | AR34: =IF(C34<>C35,AA34,0) -> -0.2 | AS34: =CEILING(I34,5) -> #VALUE! | AT34: =IF(AR34=0,AT33,IF(W34<0,IF(AT33<0,AT33-1,-1),IF(AT33>0,AT33+1,1))) -> 1
B35: 34 | C35: 42221 | D35: 0.42847222 | E35: 42228 | F35: 0.70347222 | G35: GBPCHF | H35: buy | I35: 1.52481 | J35: 1.51582 | K35: 0.01 | M35: -0.93 | N35: по правителю | O35: закрытие по стопу | P35: 2 | Q35: Правитель | T35: =T34+S35+W35 -> 6.87 | U35: =L35 -> 0 | V35: =M35 -> -0.93 | W35: =V35+L35 -> -0.93 | X35: =X34+V34 -> 7.8 | Y35: =Y34+W34 -> -0.2 | Z35: =X35+V35 -> 6.87 | AA35: =Y35+W35 -> -1.13 | AB35: =IF(G35<>"",VLOOKUP(WEEKDAY(C35,2),Служебный!G$4:H$10,2),"") -> ср | AC35: =IF(G34 <> "",TEXT((HOUR(D35)),0)&"-"&TEXT(HOUR(D35)+1,0),"") -> 10-11 | AD35: =IF(G35<>"",FLOOR((IF(TEXT(D35,"mm") = "mm",TEXT(D35,"мм"),TEXT(D35,"mm"))),15)/15+1,"") -> 2 | AE35: =ROUND(((E35+F35)-(C35+D35))*86400,0) -> 628560 | AF35: =IF(FLOOR((AE35/60),15)>400,"Среднесрок",FLOOR((AE35/60),15)) -> Среднесрок | AG35: =IFERROR(IF(FLOOR((AE35/86400),1)=0,"интрадей",(FLOOR((AE35/86400),1))-(FLOOR((AE35/86400),1))-NETWORKDAYS(E35,C35)),IF(FLOOR((AE35/86400),1)=0,"интрадей",(FLOOR((AE35/86400),1)))) -> 6 | AH35: =IF(W35>0,W35,0) -> 0 | AI35: =IF(W35<0,W35,0) -> -0.93 | AJ35: =IF(G35<>"",YEAR(C35),"") -> 2015 | AK35: =IF(G35<>"",(IF(TEXT(C35,"MMMM") = "MMMM",TEXT(C35,"ММММ"),TEXT(C35,"MMMM"))),"") -> Август | AL35: =IF(G35<>"",CEILING((C35-DATE(YEAR(C35),1,1)+WEEKDAY(DATE(YEAR(C35),1,1),2))/7,1),"") -> 32 | AM35: =IF(AR35<>0,T35,0) -> 6.87 | AN35: =S35+AN34 -> 8 | AO35: =IFERROR(100*(T35-AN35)/AN35,"Заполните депозит") -> -14.125 | AP35: =IFERROR(100*(T35-T34-S35)/(T34+S35),"Заполните депозит") -> -11.923077 | AQ35: =IF(C35<>C34,Y35,0) -> -0.2 | AR35: =IF(C35<>C36,AA35,0) -> -1.13 | AS35: =CEILING(I35,5) -> #VALUE! | AT35: =IF(AR35=0,AT34,IF(W35<0,IF(AT34<0,AT34-1,-1),IF(AT34>0,AT34+1,1))) -> -1
B36: 35 | C36: 42228 | D36: 0.72013889 | E36: 42228 | F36: 0.85486111 | G36: GBPCHF | H36: buy | I36: 1.51836 | J36: 1.51922 | K36: 0.02 | M36: 0.17 | N36: бычья свеча 08:00 | O36: закрытие в ручную | P36: 2 | Q36: без системы | T36: =T35+S36+W36 -> 7.04 | U36: =L36 -> 0 | V36: =M36 -> 0.17 | W36: =V36+L36 -> 0.17 | X36: =X35+V35 -> 6.87 | Y36: =Y35+W35 -> -1.13 | Z36: =X36+V36 -> 7.04 | AA36: =Y36+W36 -> -0.96 | AB36: =IF(G36<>"",VLOOKUP(WEEKDAY(C36,2),Служебный!G$4:H$10,2),"") -> ср | AC36: =IF(G35 <> "",TEXT((HOUR(D36)),0)&"-"&TEXT(HOUR(D36)+1,0),"") -> 17-18 | AD36: =IF(G36<>"",FLOOR((IF(TEXT(D36,"mm") = "mm",TEXT(D36,"мм"),TEXT(D36,"mm"))),15)/15+1,"") -> 2 | AE36: =ROUND(((E36+F36)-(C36+D36))*86400,0) -> 11640 | AF36: =IF(FLOOR((AE36/60),15)>400,"Среднесрок",FLOOR((AE36/60),15)) -> 180 | AG36: =IFERROR(IF(FLOOR((AE36/86400),1)=0,"интрадей",(FLOOR((AE36/86400),1))-(FLOOR((AE36/86400),1))-NETWORKDAYS(E36,C36)),IF(FLOOR((AE36/86400),1)=0,"интрадей",(FLOOR((AE36/86400),1)))) -> интрадей | AH36: =IF(W36>0,W36,0) -> 0.17 | AI36: =IF(W36<0,W36,0) -> 0 | AJ36: =IF(G36<>"",YEAR(C36),"") -> 2015 | AK36: =IF(G36<>"",(IF(TEXT(C36,"MMMM") = "MMMM",TEXT(C36,"ММММ"),TEXT(C36,"MMMM"))),"") -> Август | AL36: =IF(G36<>"",CEILING((C36-DATE(YEAR(C36),1,1)+WEEKDAY(DATE(YEAR(C36),1,1),2))/7,1),"") -> 33 | AM36: =IF(AR36<>0,T36,0) -> 7.04 | AN36: =S36+AN35 -> 8 | AO36: =IFERROR(100*(T36-AN36)/AN36,"Заполните депозит") -> -12 | AP36: =IFERROR(100*(T36-T35-S36)/(T35+S36),"Заполните депозит") -> 2.4745269 | AQ36: =IF(C36<>C35,Y36,0) -> -1.13 | AR36: =IF(C36<>C37,AA36,0) -> -0.96 | AS36: =CEILING(I36,5) -> #VALUE! | AT36: =IF(AR36=0,AT35,IF(W36<0,IF(AT35<0,AT35-1,-1),IF(AT35>0,AT35+1,1))) -> 1
B37: 36 | C37: 42229 | D37: 0.5375 | E37: 42229 | F37: 0.4125 | G37: NZDJPY | H37: buy | I37: 81.81600 | J37: 82.13800 | K37: 0.02 | M37: 0.57 | N37: по правителю | O37: закрытие по стопу | P37: 2 | Q37: Правитель | T37: =T36+S37+W37 -> 7.61 | U37: =L37 -> 0 | V37: =M37 -> 0.57 | W37: =V37+L37 -> 0.57 | X37: =X36+V36 -> 7.04 | Y37: =Y36+W36 -> -0.96 | Z37: =X37+V37 -> 7.61 | AA37: =Y37+W37 -> -0.39 | AB37: =IF(G37<>"",VLOOKUP(WEEKDAY(C37,2),Служебный!G$4:H$10,2),"") -> чт | AC37: =IF(G36 <> "",TEXT((HOUR(D37)),0)&"-"&TEXT(HOUR(D37)+1,0),"") -> 12-13 | AD37: =IF(G37<>"",FLOOR((IF(TEXT(D37,"mm") = "mm",TEXT(D37,"мм"),TEXT(D37,"mm"))),15)/15+1,"") -> 4 | AE37: =ROUND(((E37+F37)-(C37+D37))*86400,0) -> -10800 | AF37: =IF(FLOOR((AE37/60),15)>400,"Среднесрок",FLOOR((AE37/60),15)) -> -180 | AG37: =IFERROR(IF(FLOOR((AE37/86400),1)=0,"интрадей",(FLOOR((AE37/86400),1))-(FLOOR((AE37/86400),1))-NETWORKDAYS(E37,C37)),IF(FLOOR((AE37/86400),1)=0,"интрадей",(FLOOR((AE37/86400),1)))) -> -1 | AH37: =IF(W37>0,W37,0) -> 0.57 | AI37: =IF(W37<0,W37,0) -> 0 | AJ37: =IF(G37<>"",YEAR(C37),"") -> 2015 | AK37: =IF(G37<>"",(IF(TEXT(C37,"MMMM") = "MMMM",TEXT(C37,"ММММ"),TEXT(C37,"MMMM"))),"") -> Август | AL37: =IF(G37<>"",CEILING((C37-DATE(YEAR(C37),1,1)+WEEKDAY(DATE(YEAR(C37),1,1),2))/7,1),"") -> 33 | AM37: =IF(AR37<>0,T37,0) -> 0 | AN37: =S37+AN36 -> 8 | AO37: =IFERROR(100*(T37-AN37)/AN37,"Заполните депозит") -> -4.875 | AP37: =IFERROR(100*(T37-T36-S37)/(T36+S37),"Заполните депозит") -> 8.0965909 | AQ37: =IF(C37<>C36,Y37,0) -> -0.96 | AR37: =IF(C37<>C38,AA37,0) -> 0 | AS37: =CEILING(I37,5) -> #VALUE! | AT37: =IF(AR37=0,AT36,IF(W37<0,IF(AT36<0,AT36-1,-1),IF(AT36>0,AT36+1,1))) -> 1
B38: 37 | C38: 42229 | D38: 0.20972222 | E38: 42229 | F38: 0.69236111 | G38: EURAUD | H38: sell | I38: 1.50802 | J38: 1.51624 | K38: 0.02 | M38: -1.2 | N38: пинбар | O38: закрытие по стопу | P38: 3 | Q38: PA | R38: почему то закрылось гораздо раньше стопа | T38: =T37+S38+W38 -> 6.41 | U38: =L38 -> 0 | V38: =M38 -> -1.2 | W38: =V38+L38 -> -1.2 | X38: =X37+V37 -> 7.61 | Y38: =Y37+W37 -> -0.39 | Z38: =X38+V38 -> 6.41 | AA38: =Y38+W38 -> -1.59 | AB38: =IF(G38<>"",VLOOKUP(WEEKDAY(C38,2),Служебный!G$4:H$10,2),"") -> чт | AC38: =IF(G37 <> "",TEXT((HOUR(D38)),0)&"-"&TEXT(HOUR(D38)+1,0),"") -> 5-6 | AD38: =IF(G38<>"",FLOOR((IF(TEXT(D38,"mm") = "mm",TEXT(D38,"мм"),TEXT(D38,"mm"))),15)/15+1,"") -> 1 | AE38: =ROUND(((E38+F38)-(C38+D38))*86400,0) -> 41700 | AF38: =IF(FLOOR((AE38/60),15)>400,"Среднесрок",FLOOR((AE38/60),15)) -> Среднесрок | AG38: =IFERROR(IF(FLOOR((AE38/86400),1)=0,"интрадей",(FLOOR((AE38/86400),1))-(FLOOR((AE38/86400),1))-NETWORKDAYS(E38,C38)),IF(FLOOR((AE38/86400),1)=0,"интрадей",(FLOOR((AE38/86400),1)))) -> интрадей | AH38: =IF(W38>0,W38,0) -> 0 | AI38: =IF(W38<0,W38,0) -> -1.2 | AJ38: =IF(G38<>"",YEAR(C38),"") -> 2015 | AK38: =IF(G38<>"",(IF(TEXT(C38,"MMMM") = "MMMM",TEXT(C38,"ММММ"),TEXT(C38,"MMMM"))),"") -> Август | AL38: =IF(G38<>"",CEILING((C38-DATE(YEAR(C38),1,1)+WEEKDAY(DATE(YEAR(C38),1,1),2))/7,1),"") -> 33 | AM38: =IF(AR38<>0,T38,0) -> 6.41 | AN38: =S38+AN37 -> 8 | AO38: =IFERROR(100*(T38-AN38)/AN38,"Заполните депозит") -> -19.875 | AP38: =IFERROR(100*(T38-T37-S38)/(T37+S38),"Заполните депозит") -> -15.768725 | AQ38: =IF(C38<>C37,Y38,0) -> 0 | AR38: =IF(C38<>C39,AA38,0) -> -1.59 | AS38: =CEILING(I38,5) -> #VALUE! | AT38: =IF(AR38=0,AT37,IF(W38<0,IF(AT37<0,AT37-1,-1),IF(AT37>0,AT37+1,1))) -> -1
B39: 38 | H39: buy | T39: =T38+S39+W39 -> 6.41 | U39: =L39 -> 0 | V39: =M39 -> 0 | W39: =V39+L39 -> 0 | X39: =X38+V38 -> 6.41 | Y39: =Y38+W38 -> -1.59 | Z39: =X39+V39 -> 6.41 | AA39: =Y39+W39 -> -1.59 | AB39: =IF(G39<>"",VLOOKUP(WEEKDAY(C39,2),Служебный!G$4:H$10,2),"") | AC39: =IF(G38 <> "",TEXT((HOUR(D39)),0)&"-"&TEXT(HOUR(D39)+1,0),"") -> 0-1 | AD39: =IF(G39<>"",FLOOR((IF(TEXT(D39,"mm") = "mm",TEXT(D39,"мм"),TEXT(D39,"mm"))),15)/15+1,"") | AE39: =ROUND(((E39+F39)-(C39+D39))*86400,0) -> 0 | AF39: =IF(FLOOR((AE39/60),15)>400,"Среднесрок",FLOOR((AE39/60),15)) -> 0 | AG39: =IFERROR(IF(FLOOR((AE39/86400),1)=0,"интрадей",(FLOOR((AE39/86400),1))-(FLOOR((AE39/86400),1))-NETWORKDAYS(E39,C39)),IF(FLOOR((AE39/86400),1)=0,"интрадей",(FLOOR((AE39/86400),1)))) -> интрадей | AH39: =IF(W39>0,W39,0) -> 0 | AI39: =IF(W39<0,W39,0) -> 0 | AJ39: =IF(G39<>"",YEAR(C39),"") | AK39: =IF(G39<>"",(IF(TEXT(C39,"MMMM") = "MMMM",TEXT(C39,"ММММ"),TEXT(C39,"MMMM"))),"") | AL39: =IF(G39<>"",CEILING((C39-DATE(YEAR(C39),1,1)+WEEKDAY(DATE(YEAR(C39),1,1),2))/7,1),"") | AM39: =IF(AR39<>0,T39,0) -> 0 | AN39: =S39+AN38 -> 8 | AO39: =IFERROR(100*(T39-AN39)/AN39,"Заполните депозит") -> -19.875 | AP39: =IFERROR(100*(T39-T38-S39)/(T38+S39),"Заполните депозит") -> 0 | AQ39: =IF(C39<>C38,Y39,0) -> -1.59 | AR39: =IF(C39<>C40,AA39,0) -> 0 | AS39: =CEILING(I39,5) -> 0 | AT39: =IF(AR39=0,AT38,IF(W39<0,IF(AT38<0,AT38-1,-1),IF(AT38>0,AT38+1,1))) -> -1
B40: 39 | H40: buy | T40: =T39+S40+W40 -> 6.41 | U40: =L40 -> 0 | V40: =M40 -> 0 | W40: =V40+L40 -> 0 | X40: =X39+V39 -> 6.41 | Y40: =Y39+W39 -> -1.59 | Z40: =X40+V40 -> 6.41 | AA40: =Y40+W40 -> -1.59 | AB40: =IF(G40<>"",VLOOKUP(WEEKDAY(C40,2),Служебный!G$4:H$10,2),"") | AC40: =IF(G39 <> "",TEXT((HOUR(D40)),0)&"-"&TEXT(HOUR(D40)+1,0),"") | AD40: =IF(G40<>"",FLOOR((IF(TEXT(D40,"mm") = "mm",TEXT(D40,"мм"),TEXT(D40,"mm"))),15)/15+1,"") | AE40: =ROUND(((E40+F40)-(C40+D40))*86400,0) -> 0 | AF40: =IF(FLOOR((AE40/60),15)>400,"Среднесрок",FLOOR((AE40/60),15)) -> 0 | AG40: =IFERROR(IF(FLOOR((AE40/86400),1)=0,"интрадей",(FLOOR((AE40/86400),1))-(FLOOR((AE40/86400),1))-NETWORKDAYS(E40,C40)),IF(FLOOR((AE40/86400),1)=0,"интрадей",(FLOOR((AE40/86400),1)))) -> интрадей | AH40: =IF(W40>0,W40,0) -> 0 | AI40: =IF(W40<0,W40,0) -> 0 | AJ40: =IF(G40<>"",YEAR(C40),"") | AK40: =IF(G40<>"",(IF(TEXT(C40,"MMMM") = "MMMM",TEXT(C40,"ММММ"),TEXT(C40,"MMMM"))),"") | AL40: =IF(G40<>"",CEILING((C40-DATE(YEAR(C40),1,1)+WEEKDAY(DATE(YEAR(C40),1,1),2))/7,1),"") | AM40: =IF(AR40<>0,T40,0) -> 0 | AN40: =S40+AN39 -> 8 | AO40: =IFERROR(100*(T40-AN40)/AN40,"Заполните депозит") -> -19.875 | AP40: =IFERROR(100*(T40-T39-S40)/(T39+S40),"Заполните депозит") -> 0 | AQ40: =IF(C40<>C39,Y40,0) -> 0 | AR40: =IF(C40<>C41,AA40,0) -> 0 | AS40: =CEILING(I40,5) -> 0 | AT40: =IF(AR40=0,AT39,IF(W40<0,IF(AT39<0,AT39-1,-1),IF(AT39>0,AT39+1,1))) -> -1
B41: 40 | H41: buy | T41: =T40+S41+W41 -> 6.41 | U41: =L41 -> 0 | V41: =M41 -> 0 | W41: =V41+L41 -> 0 | X41: =X40+V40 -> 6.41 | Y41: =Y40+W40 -> -1.59 | Z41: =X41+V41 -> 6.41 | AA41: =Y41+W41 -> -1.59 | AB41: =IF(G41<>"",VLOOKUP(WEEKDAY(C41,2),Служебный!G$4:H$10,2),"") | AC41: =IF(G40 <> "",TEXT((HOUR(D41)),0)&"-"&TEXT(HOUR(D41)+1,0),"") | AD41: =IF(G41<>"",FLOOR((IF(TEXT(D41,"mm") = "mm",TEXT(D41,"мм"),TEXT(D41,"mm"))),15)/15+1,"") | AE41: =ROUND(((E41+F41)-(C41+D41))*86400,0) -> 0 | AF41: =IF(FLOOR((AE41/60),15)>400,"Среднесрок",FLOOR((AE41/60),15)) -> 0 | AG41: =IFERROR(IF(FLOOR((AE41/86400),1)=0,"интрадей",(FLOOR((AE41/86400),1))-(FLOOR((AE41/86400),1))-NETWORKDAYS(E41,C41)),IF(FLOOR((AE41/86400),1)=0,"интрадей",(FLOOR((AE41/86400),1)))) -> интрадей | AH41: =IF(W41>0,W41,0) -> 0 | AI41: =IF(W41<0,W41,0) -> 0 | AJ41: =IF(G41<>"",YEAR(C41),"") | AK41: =IF(G41<>"",(IF(TEXT(C41,"MMMM") = "MMMM",TEXT(C41,"ММММ"),TEXT(C41,"MMMM"))),"") | AL41: =IF(G41<>"",CEILING((C41-DATE(YEAR(C41),1,1)+WEEKDAY(DATE(YEAR(C41),1,1),2))/7,1),"") | AM41: =IF(AR41<>0,T41,0) -> 0 | AN41: =S41+AN40 -> 8 | AO41: =IFERROR(100*(T41-AN41)/AN41,"Заполните депозит") -> -19.875 | AP41: =IFERROR(100*(T41-T40-S41)/(T40+S41),"Заполните депозит") -> 0 | AQ41: =IF(C41<>C40,Y41,0) -> 0 | AR41: =IF(C41<>C42,AA41,0) -> 0 | AS41: =CEILING(I41,5) -> 0 | AT41: =IF(AR41=0,AT40,IF(W41<0,IF(AT40<0,AT40-1,-1),IF(AT40>0,AT40+1,1))) -> -1
B42: 41 | H42: buy | T42: =T41+S42+W42 -> 6.41 | U42: =L42 -> 0 | V42: =M42 -> 0 | W42: =V42+L42 -> 0 | X42: =X41+V41 -> 6.41 | Y42: =Y41+W41 -> -1.59 | Z42: =X42+V42 -> 6.41 | AA42: =Y42+W42 -> -1.59 | AB42: =IF(I42<>"",VLOOKUP(WEEKDAY(C42,2),Служебный!G$4:H$10,2),"") | AC42: =IF(G41 <> "",TEXT((HOUR(D42)),0)&"-"&TEXT(HOUR(D42)+1,0),"") | AD42: =IF(I42<>"",FLOOR((IF(TEXT(D42,"mm") = "mm",TEXT(D42,"мм"),TEXT(D42,"mm"))),15)/15+1,"") | AE42: =ROUND(((E42+F42)-(C42+D42))*86400,0) -> 0 | AF42: =IF(FLOOR((AE42/60),15)>400,"Среднесрок",FLOOR((AE42/60),15)) -> 0 | AG42: =IFERROR(IF(FLOOR((AE42/86400),1)=0,"интрадей",(FLOOR((AE42/86400),1))-(FLOOR((AE42/86400),1))-NETWORKDAYS(E42,C42)),IF(FLOOR((AE42/86400),1)=0,"интрадей",(FLOOR((AE42/86400),1)))) -> интрадей | AH42: =IF(W42>0,W42,0) -> 0 | AI42: =IF(W42<0,W42,0) -> 0 | AJ42: =IF(I42<>"",YEAR(C42),"") | AK42: =IF(I42<>"",(IF(TEXT(C42,"MMMM") = "MMMM",TEXT(C42,"ММММ"),TEXT(C42,"MMMM"))),"") | AL42: =IF(I42<>"",CEILING((C42-DATE(YEAR(C42),1,1)+WEEKDAY(DATE(YEAR(C42),1,1),2))/7,1),"") | AM42: =IF(AR42<>0,T42,0) -> 0 | AN42: =S42+AN41 -> 8 | AO42: =IFERROR(100*(T42-AN42)/AN42,"Заполните депозит") -> -19.875 | AP42: =IFERROR(100*(T42-T41-S42)/(T41+S42),"Заполните депозит") -> 0 | AQ42: =IF(C42<>C41,Y42,0) -> 0 | AR42: =IF(C42<>C43,AA42,0) -> 0 | AS42: =CEILING(#REF!,5) -> #REF! | AT42: =IF(AR42=0,AT41,IF(W42<0,IF(AT41<0,AT41-1,-1),IF(AT41>0,AT41+1,1))) -> -1
B43: 42 | H43: buy | T43: =T42+S43+W43 -> 6.41 | U43: =L43 -> 0 | V43: =M43 -> 0 | W43: =V43+L43 -> 0 | X43: =X42+V42 -> 6.41 | Y43: =Y42+W42 -> -1.59 | Z43: =X43+V43 -> 6.41 | AA43: =Y43+W43 -> -1.59 | AB43: =IF(G43<>"",VLOOKUP(WEEKDAY(C43,2),Служебный!G$4:H$10,2),"") | AC43: =IF(I42 <> "",TEXT((HOUR(D43)),0)&"-"&TEXT(HOUR(D43)+1,0),"") | AD43: =IF(G43<>"",FLOOR((IF(TEXT(D43,"mm") = "mm",TEXT(D43,"мм"),TEXT(D43,"mm"))),15)/15+1,"") | AE43: =ROUND(((E43+F43)-(C43+D43))*86400,0) -> 0 | AF43: =IF(FLOOR((AE43/60),15)>400,"Среднесрок",FLOOR((AE43/60),15)) -> 0 | AG43: =IFERROR(IF(FLOOR((AE43/86400),1)=0,"интрадей",(FLOOR((AE43/86400),1))-(FLOOR((AE43/86400),1))-NETWORKDAYS(E43,C43)),IF(FLOOR((AE43/86400),1)=0,"интрадей",(FLOOR((AE43/86400),1)))) -> интрадей | AH43: =IF(W43>0,W43,0) -> 0 | AI43: =IF(W43<0,W43,0) -> 0 | AJ43: =IF(G43<>"",YEAR(C43),"") | AK43: =IF(G43<>"",(IF(TEXT(C43,"MMMM") = "MMMM",TEXT(C43,"ММММ"),TEXT(C43,"MMMM"))),"") | AL43: =IF(G43<>"",CEILING((C43-DATE(YEAR(C43),1,1)+WEEKDAY(DATE(YEAR(C43),1,1),2))/7,1),"") | AM43: =IF(AR43<>0,T43,0) -> 0 | AN43: =S43+AN42 -> 8 | AO43: =IFERROR(100*(T43-AN43)/AN43,"Заполните депозит") -> -19.875 | AP43: =IFERROR(100*(T43-T42-S43)/(T42+S43),"Заполните депозит") -> 0 | AQ43: =IF(C43<>C42,Y43,0) -> 0 | AR43: =IF(C43<>C44,AA43,0) -> 0 | AS43: =CEILING(I43,5) -> 0 | AT43: =IF(AR43=0,AT42,IF(W43<0,IF(AT42<0,AT42-1,-1),IF(AT42>0,AT42+1,1))) -> -1
B44: 43 | H44: buy | T44: =T43+S44+W44 -> 6.41 | U44: =L44 -> 0 | V44: =M44 -> 0 | W44: =V44+L44 -> 0 | X44: =X43+V43 -> 6.41 | Y44: =Y43+W43 -> -1.59 | Z44: =X44+V44 -> 6.41 | AA44: =Y44+W44 -> -1.59 | AB44: =IF(G44<>"",VLOOKUP(WEEKDAY(C44,2),Служебный!G$4:H$10,2),"") | AC44: =IF(G43 <> "",TEXT((HOUR(D44)),0)&"-"&TEXT(HOUR(D44)+1,0),"") | AD44: =IF(G44<>"",FLOOR((IF(TEXT(D44,"mm") = "mm",TEXT(D44,"мм"),TEXT(D44,"mm"))),15)/15+1,"") | AE44: =ROUND(((E44+F44)-(C44+D44))*86400,0) -> 0 | AF44: =IF(FLOOR((AE44/60),15)>400,"Среднесрок",FLOOR((AE44/60),15)) -> 0 | AG44: =IFERROR(IF(FLOOR((AE44/86400),1)=0,"интрадей",(FLOOR((AE44/86400),1))-(FLOOR((AE44/86400),1))-NETWORKDAYS(E44,C44)),IF(FLOOR((AE44/86400),1)=0,"интрадей",(FLOOR((AE44/86400),1)))) -> интрадей | AH44: =IF(W44>0,W44,0) -> 0 | AI44: =IF(W44<0,W44,0) -> 0 | AJ44: =IF(G44<>"",YEAR(C44),"") | AK44: =IF(G44<>"",(IF(TEXT(C44,"MMMM") = "MMMM",TEXT(C44,"ММММ"),TEXT(C44,"MMMM"))),"") | AL44: =IF(G44<>"",CEILING((C44-DATE(YEAR(C44),1,1)+WEEKDAY(DATE(YEAR(C44),1,1),2))/7,1),"") | AM44: =IF(AR44<>0,T44,0) -> 0 | AN44: =S44+AN43 -> 8 | AO44: =IFERROR(100*(T44-AN44)/AN44,"Заполните депозит") -> -19.875 | AP44: =IFERROR(100*(T44-T43-S44)/(T43+S44),"Заполните депозит") -> 0 | AQ44: =IF(C44<>C43,Y44,0) -> 0 | AR44: =IF(C44<>C45,AA44,0) -> 0 | AS44: =CEILING(I44,5) -> 0 | AT44: =IF(AR44=0,AT43,IF(W44<0,IF(AT43<0,AT43-1,-1),IF(AT43>0,AT43+1,1))) -> -1
B45: 44 | H45: buy | T45: =T44+S45+W45 -> 6.41 | U45: =L45 -> 0 | V45: =M45 -> 0 | W45: =V45+L45 -> 0 | X45: =X44+V44 -> 6.41 | Y45: =Y44+W44 -> -1.59 | Z45: =X45+V45 -> 6.41 | AA45: =Y45+W45 -> -1.59 | AB45: =IF(G45<>"",VLOOKUP(WEEKDAY(C45,2),Служебный!G$4:H$10,2),"") | AC45: =IF(G44 <> "",TEXT((HOUR(D45)),0)&"-"&TEXT(HOUR(D45)+1,0),"") | AD45: =IF(G45<>"",FLOOR((IF(TEXT(D45,"mm") = "mm",TEXT(D45,"мм"),TEXT(D45,"mm"))),15)/15+1,"") | AE45: =ROUND(((E45+F45)-(C45+D45))*86400,0) -> 0 | AF45: =IF(FLOOR((AE45/60),15)>400,"Среднесрок",FLOOR((AE45/60),15)) -> 0 | AG45: =IFERROR(IF(FLOOR((AE45/86400),1)=0,"интрадей",(FLOOR((AE45/86400),1))-(FLOOR((AE45/86400),1))-NETWORKDAYS(E45,C45)),IF(FLOOR((AE45/86400),1)=0,"интрадей",(FLOOR((AE45/86400),1)))) -> интрадей | AH45: =IF(W45>0,W45,0) -> 0 | AI45: =IF(W45<0,W45,0) -> 0 | AJ45: =IF(G45<>"",YEAR(C45),"") | AK45: =IF(G45<>"",(IF(TEXT(C45,"MMMM") = "MMMM",TEXT(C45,"ММММ"),TEXT(C45,"MMMM"))),"") | AL45: =IF(G45<>"",CEILING((C45-DATE(YEAR(C45),1,1)+WEEKDAY(DATE(YEAR(C45),1,1),2))/7,1),"") | AM45: =IF(AR45<>0,T45,0) -> 0 | AN45: =S45+AN44 -> 8 | AO45: =IFERROR(100*(T45-AN45)/AN45,"Заполните депозит") -> -19.875 | AP45: =IFERROR(100*(T45-T44-S45)/(T44+S45),"Заполните депозит") -> 0 | AQ45: =IF(C45<>C44,Y45,0) -> 0 | AR45: =IF(C45<>C46,AA45,0) -> 0 | AS45: =CEILING(I45,5) -> 0 | AT45: =IF(AR45=0,AT44,IF(W45<0,IF(AT44<0,AT44-1,-1),IF(AT44>0,AT44+1,1))) -> -1
B46: 45 | H46: buy | T46: =T45+S46+W46 -> 6.41 | U46: =L46 -> 0 | V46: =M46 -> 0 | W46: =V46+L46 -> 0 | X46: =X45+V45 -> 6.41 | Y46: =Y45+W45 -> -1.59 | Z46: =X46+V46 -> 6.41 | AA46: =Y46+W46 -> -1.59 | AB46: =IF(G46<>"",VLOOKUP(WEEKDAY(C46,2),Служебный!G$4:H$10,2),"") | AC46: =IF(G45 <> "",TEXT((HOUR(D46)),0)&"-"&TEXT(HOUR(D46)+1,0),"") | AD46: =IF(G46<>"",FLOOR((IF(TEXT(D46,"mm") = "mm",TEXT(D46,"мм"),TEXT(D46,"mm"))),15)/15+1,"") | AE46: =ROUND(((E46+F46)-(C46+D46))*86400,0) -> 0 | AF46: =IF(FLOOR((AE46/60),15)>400,"Среднесрок",FLOOR((AE46/60),15)) -> 0 | AG46: =IFERROR(IF(FLOOR((AE46/86400),1)=0,"интрадей",(FLOOR((AE46/86400),1))-(FLOOR((AE46/86400),1))-NETWORKDAYS(E46,C46)),IF(FLOOR((AE46/86400),1)=0,"интрадей",(FLOOR((AE46/86400),1)))) -> интрадей | AH46: =IF(W46>0,W46,0) -> 0 | AI46: =IF(W46<0,W46,0) -> 0 | AJ46: =IF(G46<>"",YEAR(C46),"") | AK46: =IF(G46<>"",(IF(TEXT(C46,"MMMM") = "MMMM",TEXT(C46,"ММММ"),TEXT(C46,"MMMM"))),"") | AL46: =IF(G46<>"",CEILING((C46-DATE(YEAR(C46),1,1)+WEEKDAY(DATE(YEAR(C46),1,1),2))/7,1),"") | AM46: =IF(AR46<>0,T46,0) -> 0 | AN46: =S46+AN45 -> 8 | AO46: =IFERROR(100*(T46-AN46)/AN46,"Заполните депозит") -> -19.875 | AP46: =IFERROR(100*(T46-T45-S46)/(T45+S46),"Заполните депозит") -> 0 | AQ46: =IF(C46<>C45,Y46,0) -> 0 | AR46: =IF(C46<>C47,AA46,0) -> 0 | AS46: =CEILING(I46,5) -> 0 | AT46: =IF(AR46=0,AT45,IF(W46<0,IF(AT45<0,AT45-1,-1),IF(AT45>0,AT45+1,1))) -> -1
B47: 46 | H47: buy | T47: =T46+S47+W47 -> 6.41 | U47: =L47 -> 0 | V47: =M47 -> 0 | W47: =V47+L47 -> 0 | X47: =X46+V46 -> 6.41 | Y47: =Y46+W46 -> -1.59 | Z47: =X47+V47 -> 6.41 | AA47: =Y47+W47 -> -1.59 | AB47: =IF(G47<>"",VLOOKUP(WEEKDAY(C47,2),Служебный!G$4:H$10,2),"") | AC47: =IF(G46 <> "",TEXT((HOUR(D47)),0)&"-"&TEXT(HOUR(D47)+1,0),"") | AD47: =IF(G47<>"",FLOOR((IF(TEXT(D47,"mm") = "mm",TEXT(D47,"мм"),TEXT(D47,"mm"))),15)/15+1,"") | AE47: =ROUND(((E47+F47)-(C47+D47))*86400,0) -> 0 | AF47: =IF(FLOOR((AE47/60),15)>400,"Среднесрок",FLOOR((AE47/60),15)) -> 0 | AG47: =IFERROR(IF(FLOOR((AE47/86400),1)=0,"интрадей",(FLOOR((AE47/86400),1))-(FLOOR((AE47/86400),1))-NETWORKDAYS(E47,C47)),IF(FLOOR((AE47/86400),1)=0,"интрадей",(FLOOR((AE47/86400),1)))) -> интрадей | AH47: =IF(W47>0,W47,0) -> 0 | AI47: =IF(W47<0,W47,0) -> 0 | AJ47: =IF(G47<>"",YEAR(C47),"") | AK47: =IF(G47<>"",(IF(TEXT(C47,"MMMM") = "MMMM",TEXT(C47,"ММММ"),TEXT(C47,"MMMM"))),"") | AL47: =IF(G47<>"",CEILING((C47-DATE(YEAR(C47),1,1)+WEEKDAY(DATE(YEAR(C47),1,1),2))/7,1),"") | AM47: =IF(AR47<>0,T47,0) -> 0 | AN47: =S47+AN46 -> 8 | AO47: =IFERROR(100*(T47-AN47)/AN47,"Заполните депозит") -> -19.875 | AP47: =IFERROR(100*(T47-T46-S47)/(T46+S47),"Заполните депозит") -> 0 | AQ47: =IF(C47<>C46,Y47,0) -> 0 | AR47: =IF(C47<>C48,AA47,0) -> 0 | AS47: =CEILING(I47,5) -> 0 | AT47: =IF(AR47=0,AT46,IF(W47<0,IF(AT46<0,AT46-1,-1),IF(AT46>0,AT46+1,1))) -> -1
B48: 47 | H48: buy | T48: =T47+S48+W48 -> 6.41 | U48: =L48 -> 0 | V48: =M48 -> 0 | W48: =V48+L48 -> 0 | X48: =X47+V47 -> 6.41 | Y48: =Y47+W47 -> -1.59 | Z48: =X48+V48 -> 6.41 | AA48: =Y48+W48 -> -1.59 | AB48: =IF(G48<>"",VLOOKUP(WEEKDAY(C48,2),Служебный!G$4:H$10,2),"") | AC48: =IF(G47 <> "",TEXT((HOUR(D48)),0)&"-"&TEXT(HOUR(D48)+1,0),"") | AD48: =IF(G48<>"",FLOOR((IF(TEXT(D48,"mm") = "mm",TEXT(D48,"мм"),TEXT(D48,"mm"))),15)/15+1,"") | AE48: =ROUND(((E48+F48)-(C48+D48))*86400,0) -> 0 | AF48: =IF(FLOOR((AE48/60),15)>400,"Среднесрок",FLOOR((AE48/60),15)) -> 0 | AG48: =IFERROR(IF(FLOOR((AE48/86400),1)=0,"интрадей",(FLOOR((AE48/86400),1))-(FLOOR((AE48/86400),1))-NETWORKDAYS(E48,C48)),IF(FLOOR((AE48/86400),1)=0,"интрадей",(FLOOR((AE48/86400),1)))) -> интрадей | AH48: =IF(W48>0,W48,0) -> 0 | AI48: =IF(W48<0,W48,0) -> 0 | AJ48: =IF(G48<>"",YEAR(C48),"") | AK48: =IF(G48<>"",(IF(TEXT(C48,"MMMM") = "MMMM",TEXT(C48,"ММММ"),TEXT(C48,"MMMM"))),"") | AL48: =IF(G48<>"",CEILING((C48-DATE(YEAR(C48),1,1)+WEEKDAY(DATE(YEAR(C48),1,1),2))/7,1),"") | AM48: =IF(AR48<>0,T48,0) -> 0 | AN48: =S48+AN47 -> 8 | AO48: =IFERROR(100*(T48-AN48)/AN48,"Заполните депозит") -> -19.875 | AP48: =IFERROR(100*(T48-T47-S48)/(T47+S48),"Заполните депозит") -> 0 | AQ48: =IF(C48<>C47,Y48,0) -> 0 | AR48: =IF(C48<>C49,AA48,0) -> 0 | AS48: =CEILING(I48,5) -> 0 | AT48: =IF(AR48=0,AT47,IF(W48<0,IF(AT47<0,AT47-1,-1),IF(AT47>0,AT47+1,1))) -> -1
B49: 48 | H49: buy | T49: =T48+S49+W49 -> 6.41 | U49: =L49 -> 0 | V49: =M49 -> 0 | W49: =V49+L49 -> 0 | X49: =X48+V48 -> 6.41 | Y49: =Y48+W48 -> -1.59 | Z49: =X49+V49 -> 6.41 | AA49: =Y49+W49 -> -1.59 | AB49: =IF(G49<>"",VLOOKUP(WEEKDAY(C49,2),Служебный!G$4:H$10,2),"") | AC49: =IF(G48 <> "",TEXT((HOUR(D49)),0)&"-"&TEXT(HOUR(D49)+1,0),"") | AD49: =IF(G49<>"",FLOOR((IF(TEXT(D49,"mm") = "mm",TEXT(D49,"мм"),TEXT(D49,"mm"))),15)/15+1,"") | AE49: =ROUND(((E49+F49)-(C49+D49))*86400,0) -> 0 | AF49: =IF(FLOOR((AE49/60),15)>400,"Среднесрок",FLOOR((AE49/60),15)) -> 0 | AG49: =IFERROR(IF(FLOOR((AE49/86400),1)=0,"интрадей",(FLOOR((AE49/86400),1))-(FLOOR((AE49/86400),1))-NETWORKDAYS(E49,C49)),IF(FLOOR((AE49/86400),1)=0,"интрадей",(FLOOR((AE49/86400),1)))) -> интрадей | AH49: =IF(W49>0,W49,0) -> 0 | AI49: =IF(W49<0,W49,0) -> 0 | AJ49: =IF(G49<>"",YEAR(C49),"") | AK49: =IF(G49<>"",(IF(TEXT(C49,"MMMM") = "MMMM",TEXT(C49,"ММММ"),TEXT(C49,"MMMM"))),"") | AL49: =IF(G49<>"",CEILING((C49-DATE(YEAR(C49),1,1)+WEEKDAY(DATE(YEAR(C49),1,1),2))/7,1),"") | AM49: =IF(AR49<>0,T49,0) -> 0 | AN49: =S49+AN48 -> 8 | AO49: =IFERROR(100*(T49-AN49)/AN49,"Заполните депозит") -> -19.875 | AP49: =IFERROR(100*(T49-T48-S49)/(T48+S49),"Заполните депозит") -> 0 | AQ49: =IF(C49<>C48,Y49,0) -> 0 | AR49: =IF(C49<>C50,AA49,0) -> 0 | AS49: =CEILING(I49,5) -> 0 | AT49: =IF(AR49=0,AT48,IF(W49<0,IF(AT48<0,AT48-1,-1),IF(AT48>0,AT48+1,1))) -> -1
B50: 49 | H50: buy | T50: =T49+S50+W50 -> 6.41 | U50: =L50 -> 0 | V50: =M50 -> 0 | W50: =V50+L50 -> 0 | X50: =X49+V49 -> 6.41 | Y50: =Y49+W49 -> -1.59 | Z50: =X50+V50 -> 6.41 | AA50: =Y50+W50 -> -1.59 | AB50: =IF(G50<>"",VLOOKUP(WEEKDAY(C50,2),Служебный!G$4:H$10,2),"") | AC50: =IF(G49 <> "",TEXT((HOUR(D50)),0)&"-"&TEXT(HOUR(D50)+1,0),"") | AD50: =IF(G50<>"",FLOOR((IF(TEXT(D50,"mm") = "mm",TEXT(D50,"мм"),TEXT(D50,"mm"))),15)/15+1,"") | AE50: =ROUND(((E50+F50)-(C50+D50))*86400,0) -> 0 | AF50: =IF(FLOOR((AE50/60),15)>400,"Среднесрок",FLOOR((AE50/60),15)) -> 0 | AG50: =IFERROR(IF(FLOOR((AE50/86400),1)=0,"интрадей",(FLOOR((AE50/86400),1))-(FLOOR((AE50/86400),1))-NETWORKDAYS(E50,C50)),IF(FLOOR((AE50/86400),1)=0,"интрадей",(FLOOR((AE50/86400),1)))) -> интрадей | AH50: =IF(W50>0,W50,0) -> 0 | AI50: =IF(W50<0,W50,0) -> 0 | AJ50: =IF(G50<>"",YEAR(C50),"") | AK50: =IF(G50<>"",(IF(TEXT(C50,"MMMM") = "MMMM",TEXT(C50,"ММММ"),TEXT(C50,"MMMM"))),"") | AL50: =IF(G50<>"",CEILING((C50-DATE(YEAR(C50),1,1)+WEEKDAY(DATE(YEAR(C50),1,1),2))/7,1),"") | AM50: =IF(AR50<>0,T50,0) -> 0 | AN50: =S50+AN49 -> 8 | AO50: =IFERROR(100*(T50-AN50)/AN50,"Заполните депозит") -> -19.875 | AP50: =IFERROR(100*(T50-T49-S50)/(T49+S50),"Заполните депозит") -> 0 | AQ50: =IF(C50<>C49,Y50,0) -> 0 | AR50: =IF(C50<>C51,AA50,0) -> 0 | AS50: =CEILING(I50,5) -> 0 | AT50: =IF(AR50=0,AT49,IF(W50<0,IF(AT49<0,AT49-1,-1),IF(AT49>0,AT49+1,1))) -> -1
B51: 50 | H51: buy | T51: =T50+S51+W51 -> 6.41 | U51: =L51 -> 0 | V51: =M51 -> 0 | W51: =V51+L51 -> 0 | X51: =X50+V50 -> 6.41 | Y51: =Y50+W50 -> -1.59 | Z51: =X51+V51 -> 6.41 | AA51: =Y51+W51 -> -1.59 | AB51: =IF(G51<>"",VLOOKUP(WEEKDAY(C51,2),Служебный!G$4:H$10,2),"") | AC51: =IF(G50 <> "",TEXT((HOUR(D51)),0)&"-"&TEXT(HOUR(D51)+1,0),"") | AD51: =IF(G51<>"",FLOOR((IF(TEXT(D51,"mm") = "mm",TEXT(D51,"мм"),TEXT(D51,"mm"))),15)/15+1,"") | AE51: =ROUND(((E51+F51)-(C51+D51))*86400,0) -> 0 | AF51: =IF(FLOOR((AE51/60),15)>400,"Среднесрок",FLOOR((AE51/60),15)) -> 0 | AG51: =IFERROR(IF(FLOOR((AE51/86400),1)=0,"интрадей",(FLOOR((AE51/86400),1))-(FLOOR((AE51/86400),1))-NETWORKDAYS(E51,C51)),IF(FLOOR((AE51/86400),1)=0,"интрадей",(FLOOR((AE51/86400),1)))) -> интрадей | AH51: =IF(W51>0,W51,0) -> 0 | AI51: =IF(W51<0,W51,0) -> 0 | AJ51: =IF(G51<>"",YEAR(C51),"") | AK51: =IF(G51<>"",(IF(TEXT(C51,"MMMM") = "MMMM",TEXT(C51,"ММММ"),TEXT(C51,"MMMM"))),"") | AL51: =IF(G51<>"",CEILING((C51-DATE(YEAR(C51),1,1)+WEEKDAY(DATE(YEAR(C51),1,1),2))/7,1),"") | AM51: =IF(AR51<>0,T51,0) -> 0 | AN51: =S51+AN50 -> 8 | AO51: =IFERROR(100*(T51-AN51)/AN51,"Заполните депозит") -> -19.875 | AP51: =IFERROR(100*(T51-T50-S51)/(T50+S51),"Заполните депозит") -> 0 | AQ51: =IF(C51<>C50,Y51,0) -> 0 | AR51: =IF(C51<>C52,AA51,0) -> 0 | AS51: =CEILING(I51,5) -> 0 | AT51: =IF(AR51=0,AT50,IF(W51<0,IF(AT50<0,AT50-1,-1),IF(AT50>0,AT50+1,1))) -> -1
B52: 51 | H52: buy | T52: =T51+S52+W52 -> 6.41 | U52: =L52 -> 0 | V52: =M52 -> 0 | W52: =V52+L52 -> 0 | X52: =X51+V51 -> 6.41 | Y52: =Y51+W51 -> -1.59 | Z52: =X52+V52 -> 6.41 | AA52: =Y52+W52 -> -1.59 | AB52: =IF(G52<>"",VLOOKUP(WEEKDAY(C52,2),Служебный!G$4:H$10,2),"") | AC52: =IF(G51 <> "",TEXT((HOUR(D52)),0)&"-"&TEXT(HOUR(D52)+1,0),"") | AD52: =IF(G52<>"",FLOOR((IF(TEXT(D52,"mm") = "mm",TEXT(D52,"мм"),TEXT(D52,"mm"))),15)/15+1,"") | AE52: =ROUND(((E52+F52)-(C52+D52))*86400,0) -> 0 | AF52: =IF(FLOOR((AE52/60),15)>400,"Среднесрок",FLOOR((AE52/60),15)) -> 0 | AG52: =IFERROR(IF(FLOOR((AE52/86400),1)=0,"интрадей",(FLOOR((AE52/86400),1))-(FLOOR((AE52/86400),1))-NETWORKDAYS(E52,C52)),IF(FLOOR((AE52/86400),1)=0,"интрадей",(FLOOR((AE52/86400),1)))) -> интрадей | AH52: =IF(W52>0,W52,0) -> 0 | AI52: =IF(W52<0,W52,0) -> 0 | AJ52: =IF(G52<>"",YEAR(C52),"") | AK52: =IF(G52<>"",(IF(TEXT(C52,"MMMM") = "MMMM",TEXT(C52,"ММММ"),TEXT(C52,"MMMM"))),"") | AL52: =IF(G52<>"",CEILING((C52-DATE(YEAR(C52),1,1)+WEEKDAY(DATE(YEAR(C52),1,1),2))/7,1),"") | AM52: =IF(AR52<>0,T52,0) -> 0 | AN52: =S52+AN51 -> 8 | AO52: =IFERROR(100*(T52-AN52)/AN52,"Заполните депозит") -> -19.875 | AP52: =IFERROR(100*(T52-T51-S52)/(T51+S52),"Заполните депозит") -> 0 | AQ52: =IF(C52<>C51,Y52,0) -> 0 | AR52: =IF(C52<>C53,AA52,0) -> 0 | AS52: =CEILING(I52,5) -> 0 | AT52: =IF(AR52=0,AT51,IF(W52<0,IF(AT51<0,AT51-1,-1),IF(AT51>0,AT51+1,1))) -> -1
B53: 52 | H53: buy | T53: =T52+S53+W53 -> 6.41 | U53: =L53 -> 0 | V53: =M53 -> 0 | W53: =V53+L53 -> 0 | X53: =X52+V52 -> 6.41 | Y53: =Y52+W52 -> -1.59 | Z53: =X53+V53 -> 6.41 | AA53: =Y53+W53 -> -1.59 | AB53: =IF(G53<>"",VLOOKUP(WEEKDAY(C53,2),Служебный!G$4:H$10,2),"") | AC53: =IF(G52 <> "",TEXT((HOUR(D53)),0)&"-"&TEXT(HOUR(D53)+1,0),"") | AD53: =IF(G53<>"",FLOOR((IF(TEXT(D53,"mm") = "mm",TEXT(D53,"мм"),TEXT(D53,"mm"))),15)/15+1,"") | AE53: =ROUND(((E53+F53)-(C53+D53))*86400,0) -> 0 | AF53: =IF(FLOOR((AE53/60),15)>400,"Среднесрок",FLOOR((AE53/60),15)) -> 0 | AG53: =IFERROR(IF(FLOOR((AE53/86400),1)=0,"интрадей",(FLOOR((AE53/86400),1))-(FLOOR((AE53/86400),1))-NETWORKDAYS(E53,C53)),IF(FLOOR((AE53/86400),1)=0,"интрадей",(FLOOR((AE53/86400),1)))) -> интрадей | AH53: =IF(W53>0,W53,0) -> 0 | AI53: =IF(W53<0,W53,0) -> 0 | AJ53: =IF(G53<>"",YEAR(C53),"") | AK53: =IF(G53<>"",(IF(TEXT(C53,"MMMM") = "MMMM",TEXT(C53,"ММММ"),TEXT(C53,"MMMM"))),"") | AL53: =IF(G53<>"",CEILING((C53-DATE(YEAR(C53),1,1)+WEEKDAY(DATE(YEAR(C53),1,1),2))/7,1),"") | AM53: =IF(AR53<>0,T53,0) -> 0 | AN53: =S53+AN52 -> 8 | AO53: =IFERROR(100*(T53-AN53)/AN53,"Заполните депозит") -> -19.875 | AP53: =IFERROR(100*(T53-T52-S53)/(T52+S53),"Заполните депозит") -> 0 | AQ53: =IF(C53<>C52,Y53,0) -> 0 | AR53: =IF(C53<>C54,AA53,0) -> 0 | AS53: =CEILING(I53,5) -> 0 | AT53: =IF(AR53=0,AT52,IF(W53<0,IF(AT52<0,AT52-1,-1),IF(AT52>0,AT52+1,1))) -> -1
B54: 53 | H54: sell | T54: =T53+S54+W54 -> 6.41 | U54: =L54 -> 0 | V54: =M54 -> 0 | W54: =V54+L54 -> 0 | X54: =X53+V53 -> 6.41 | Y54: =Y53+W53 -> -1.59 | Z54: =X54+V54 -> 6.41 | AA54: =Y54+W54 -> -1.59 | AB54: =IF(G54<>"",VLOOKUP(WEEKDAY(C54,2),Служебный!G$4:H$10,2),"") | AC54: =IF(G53 <> "",TEXT((HOUR(D54)),0)&"-"&TEXT(HOUR(D54)+1,0),"") | AD54: =IF(G54<>"",FLOOR((IF(TEXT(D54,"mm") = "mm",TEXT(D54,"мм"),TEXT(D54,"mm"))),15)/15+1,"") | AE54: =ROUND(((E54+F54)-(C54+D54))*86400,0) -> 0 | AF54: =IF(FLOOR((AE54/60),15)>400,"Среднесрок",FLOOR((AE54/60),15)) -> 0 | AG54: =IFERROR(IF(FLOOR((AE54/86400),1)=0,"интрадей",(FLOOR((AE54/86400),1))-(FLOOR((AE54/86400),1))-NETWORKDAYS(E54,C54)),IF(FLOOR((AE54/86400),1)=0,"интрадей",(FLOOR((AE54/86400),1)))) -> интрадей | AH54: =IF(W54>0,W54,0) -> 0 | AI54: =IF(W54<0,W54,0) -> 0 | AJ54: =IF(G54<>"",YEAR(C54),"") | AK54: =IF(G54<>"",(IF(TEXT(C54,"MMMM") = "MMMM",TEXT(C54,"ММММ"),TEXT(C54,"MMMM"))),"") | AL54: =IF(G54<>"",CEILING((C54-DATE(YEAR(C54),1,1)+WEEKDAY(DATE(YEAR(C54),1,1),2))/7,1),"") | AM54: =IF(AR54<>0,T54,0) -> 0 | AN54: =S54+AN53 -> 8 | AO54: =IFERROR(100*(T54-AN54)/AN54,"Заполните депозит") -> -19.875 | AP54: =IFERROR(100*(T54-T53-S54)/(T53+S54),"Заполните депозит") -> 0 | AQ54: =IF(C54<>C53,Y54,0) -> 0 | AR54: =IF(C54<>C55,AA54,0) -> 0 | AS54: =CEILING(I54,5) -> 0 | AT54: =IF(AR54=0,AT53,IF(W54<0,IF(AT53<0,AT53-1,-1),IF(AT53>0,AT53+1,1))) -> -1
B55: 54 | H55: sell | T55: =T54+S55+W55 -> 6.41 | U55: =L55 -> 0 | V55: =M55 -> 0 | W55: =V55+L55 -> 0 | X55: =X54+V54 -> 6.41 | Y55: =Y54+W54 -> -1.59 | Z55: =X55+V55 -> 6.41 | AA55: =Y55+W55 -> -1.59 | AB55: =IF(G55<>"",VLOOKUP(WEEKDAY(C55,2),Служебный!G$4:H$10,2),"") | AC55: =IF(G54 <> "",TEXT((HOUR(D55)),0)&"-"&TEXT(HOUR(D55)+1,0),"") | AD55: =IF(G55<>"",FLOOR((IF(TEXT(D55,"mm") = "mm",TEXT(D55,"мм"),TEXT(D55,"mm"))),15)/15+1,"") | AE55: =ROUND(((E55+F55)-(C55+D55))*86400,0) -> 0 | AF55: =IF(FLOOR((AE55/60),15)>400,"Среднесрок",FLOOR((AE55/60),15)) -> 0 | AG55: =IFERROR(IF(FLOOR((AE55/86400),1)=0,"интрадей",(FLOOR((AE55/86400),1))-(FLOOR((AE55/86400),1))-NETWORKDAYS(E55,C55)),IF(FLOOR((AE55/86400),1)=0,"интрадей",(FLOOR((AE55/86400),1)))) -> интрадей | AH55: =IF(W55>0,W55,0) -> 0 | AI55: =IF(W55<0,W55,0) -> 0 | AJ55: =IF(G55<>"",YEAR(C55),"") | AK55: =IF(G55<>"",(IF(TEXT(C55,"MMMM") = "MMMM",TEXT(C55,"ММММ"),TEXT(C55,"MMMM"))),"") | AL55: =IF(G55<>"",CEILING((C55-DATE(YEAR(C55),1,1)+WEEKDAY(DATE(YEAR(C55),1,1),2))/7,1),"") | AM55: =IF(AR55<>0,T55,0) -> 0 | AN55: =S55+AN54 -> 8 | AO55: =IFERROR(100*(T55-AN55)/AN55,"Заполните депозит") -> -19.875 | AP55: =IFERROR(100*(T55-T54-S55)/(T54+S55),"Заполните депозит") -> 0 | AQ55: =IF(C55<>C54,Y55,0) -> 0 | AR55: =IF(C55<>C56,AA55,0) -> 0 | AS55: =CEILING(I55,5) -> 0 | AT55: =IF(AR55=0,AT54,IF(W55<0,IF(AT54<0,AT54-1,-1),IF(AT54>0,AT54+1,1))) -> -1
... B94: 93 | H94: buy | T94: =T93+S94+W94 -> 6.41 | U94: =L94 -> 0 | V94: =M94 -> 0 | W94: =V94+L94 -> 0 | X94: =X93+V93 -> 6.41 | Y94: =Y93+W93 -> -1.59 | Z94: =X94+V94 -> 6.41 | AA94: =Y94+W94 -> -1.59 | AB94: =IF(G94<>"",VLOOKUP(WEEKDAY(C94,2),Служебный!G$4:H$10,2),"") | AC94: =IF(G93 <> "",TEXT((HOUR(D94)),0)&"-"&TEXT(HOUR(D94)+1,0),"") | AD94: =IF(G94<>"",FLOOR((IF(TEXT(D94,"mm") = "mm",TEXT(D94,"мм"),TEXT(D94,"mm"))),15)/15+1,"") | AE94: =ROUND(((E94+F94)-(C94+D94))*86400,0) -> 0 | AF94: =IF(FLOOR((AE94/60),15)>400,"Среднесрок",FLOOR((AE94/60),15)) -> 0 | AG94: =IFERROR(IF(FLOOR((AE94/86400),1)=0,"интрадей",(FLOOR((AE94/86400),1))-(FLOOR((AE94/86400),1))-NETWORKDAYS(E94,C94)),IF(FLOOR((AE94/86400),1)=0,"интрадей",(FLOOR((AE94/86400),1)))) -> интрадей | AH94: =IF(W94>0,W94,0) -> 0 | AI94: =IF(W94<0,W94,0) -> 0 | AJ94: =IF(G94<>"",YEAR(C94),"") | AK94: =IF(G94<>"",(IF(TEXT(C94,"MMMM") = "MMMM",TEXT(C94,"ММММ"),TEXT(C94,"MMMM"))),"") | AL94: =IF(G94<>"",CEILING((C94-DATE(YEAR(C94),1,1)+WEEKDAY(DATE(YEAR(C94),1,1),2))/7,1),"") | AM94: =IF(AR94<>0,T94,0) -> 0 | AN94: =S94+AN93 -> 8 | AO94: =IFERROR(100*(T94-AN94)/AN94,"Заполните депозит") -> -19.875 | AP94: =IFERROR(100*(T94-T93-S94)/(T93+S94),"Заполните депозит") -> 0 | AQ94: =IF(C94<>C93,Y94,0) -> 0 | AR94: =IF(C94<>C95,AA94,0) -> 0 | AS94: =CEILING(I94,5) -> 0 | AT94: =IF(AR94=0,AT93,IF(W94<0,IF(AT93<0,AT93-1,-1),IF(AT93>0,AT93+1,1))) -> -1
B95: 94 | H95: buy | T95: =T94+S95+W95 -> 6.41 | U95: =L95 -> 0 | V95: =M95 -> 0 | W95: =V95+L95 -> 0 | X95: =X94+V94 -> 6.41 | Y95: =Y94+W94 -> -1.59 | Z95: =X95+V95 -> 6.41 | AA95: =Y95+W95 -> -1.59 | AB95: =IF(G95<>"",VLOOKUP(WEEKDAY(C95,2),Служебный!G$4:H$10,2),"") | AC95: =IF(G94 <> "",TEXT((HOUR(D95)),0)&"-"&TEXT(HOUR(D95)+1,0),"") | AD95: =IF(G95<>"",FLOOR((IF(TEXT(D95,"mm") = "mm",TEXT(D95,"мм"),TEXT(D95,"mm"))),15)/15+1,"") | AE95: =ROUND(((E95+F95)-(C95+D95))*86400,0) -> 0 | AF95: =IF(FLOOR((AE95/60),15)>400,"Среднесрок",FLOOR((AE95/60),15)) -> 0 | AG95: =IFERROR(IF(FLOOR((AE95/86400),1)=0,"интрадей",(FLOOR((AE95/86400),1))-(FLOOR((AE95/86400),1))-NETWORKDAYS(E95,C95)),IF(FLOOR((AE95/86400),1)=0,"интрадей",(FLOOR((AE95/86400),1)))) -> интрадей | AH95: =IF(W95>0,W95,0) -> 0 | AI95: =IF(W95<0,W95,0) -> 0 | AJ95: =IF(G95<>"",YEAR(C95),"") | AK95: =IF(G95<>"",(IF(TEXT(C95,"MMMM") = "MMMM",TEXT(C95,"ММММ"),TEXT(C95,"MMMM"))),"") | AL95: =IF(G95<>"",CEILING((C95-DATE(YEAR(C95),1,1)+WEEKDAY(DATE(YEAR(C95),1,1),2))/7,1),"") | AM95: =IF(AR95<>0,T95,0) -> 0 | AN95: =S95+AN94 -> 8 | AO95: =IFERROR(100*(T95-AN95)/AN95,"Заполните депозит") -> -19.875 | AP95: =IFERROR(100*(T95-T94-S95)/(T94+S95),"Заполните депозит") -> 0 | AQ95: =IF(C95<>C94,Y95,0) -> 0 | AR95: =IF(C95<>C97,AA95,0) -> 0 | AS95: =CEILING(I95,5) -> 0 | AT95: =IF(AR95=0,AT94,IF(W95<0,IF(AT94<0,AT94-1,-1),IF(AT94>0,AT94+1,1))) -> -1
H96: sell | V96: =M96 -> 0 | W96: =V96+L96 -> 0 | AH96: =IF(W96>0,W96,0) -> 0 | AI96: =IF(W96<0,W96,0) -> 0 | AS96: =CEILING(I96,5) -> 0
B97: 95 | H97: sell | T97: =T95+S97+W97 -> 6.41 | U97: =L97 -> 0 | V97: =M97 -> 0 | W97: =V97+L97 -> 0 | X97: =X95+V95 -> 6.41 | Y97: =Y95+W95 -> -1.59 | Z97: =X97+V97 -> 6.41 | AA97: =Y97+W97 -> -1.59 | AB97: =IF(G97<>"",VLOOKUP(WEEKDAY(C97,2),Служебный!G$4:H$10,2),"") | AC97: =IF(G95 <> "",TEXT((HOUR(D97)),0)&"-"&TEXT(HOUR(D97)+1,0),"") | AD97: =IF(G97<>"",FLOOR((IF(TEXT(D97,"mm") = "mm",TEXT(D97,"мм"),TEXT(D97,"mm"))),15)/15+1,"") | AE97: =ROUND(((E97+F97)-(C97+D97))*86400,0) -> 0 | AF97: =IF(FLOOR((AE97/60),15)>400,"Среднесрок",FLOOR((AE97/60),15)) -> 0 | AG97: =IFERROR(IF(FLOOR((AE97/86400),1)=0,"интрадей",(FLOOR((AE97/86400),1))-(FLOOR((AE97/86400),1))-NETWORKDAYS(E97,C97)),IF(FLOOR((AE97/86400),1)=0,"интрадей",(FLOOR((AE97/86400),1)))) -> интрадей | AH97: =IF(W97>0,W97,0) -> 0 | AI97: =IF(W97<0,W97,0) -> 0 | AJ97: =IF(G97<>"",YEAR(C97),"") | AK97: =IF(G97<>"",(IF(TEXT(C97,"MMMM") = "MMMM",TEXT(C97,"ММММ"),TEXT(C97,"MMMM"))),"") | AL97: =IF(G97<>"",CEILING((C97-DATE(YEAR(C97),1,1)+WEEKDAY(DATE(YEAR(C97),1,1),2))/7,1),"") | AM97: =IF(AR97<>0,T97,0) -> 0 | AN97: =S97+AN95 -> 8 | AO97: =IFERROR(100*(T97-AN97)/AN97,"Заполните депозит") -> -19.875 | AP97: =IFERROR(100*(T97-T95-S97)/(T95+S97),"Заполните депозит") -> 0 | AQ97: =IF(C97<>C95,Y97,0) -> 0 | AR97: =IF(C97<>C98,AA97,0) -> 0 | AS97: =CEILING(I97,5) -> 0 | AT97: =IF(AR97=0,AT95,IF(W97<0,IF(AT95<0,AT95-1,-1),IF(AT95>0,AT95+1,1))) -> -1
A98: 3.1326503e-295 | B98: 96 | H98: sell | T98: =T97+S98+W98 -> 6.41 | U98: =L98 -> 0 | V98: =M98 -> 0 | W98: =V98+L98 -> 0 | X98: =X97+V97 -> 6.41 | Y98: =Y97+W97 -> -1.59 | Z98: =X98+V98 -> 6.41 | AA98: =Y98+W98 -> -1.59 | AB98: =IF(G98<>"",VLOOKUP(WEEKDAY(C98,2),Служебный!G$4:H$10,2),"") | AC98: =IF(G97 <> "",TEXT((HOUR(D98)),0)&"-"&TEXT(HOUR(D98)+1,0),"") | AD98: =IF(G98<>"",FLOOR((IF(TEXT(D98,"mm") = "mm",TEXT(D98,"мм"),TEXT(D98,"mm"))),15)/15+1,"") | AE98: =ROUND(((E98+F98)-(C98+D98))*86400,0) -> 0 | AF98: =IF(FLOOR((AE98/60),15)>400,"Среднесрок",FLOOR((AE98/60),15)) -> 0 | AG98: =IFERROR(IF(FLOOR((AE98/86400),1)=0,"интрадей",(FLOOR((AE98/86400),1))-(FLOOR((AE98/86400),1))-NETWORKDAYS(E98,C98)),IF(FLOOR((AE98/86400),1)=0,"интрадей",(FLOOR((AE98/86400),1)))) -> интрадей | AH98: =IF(W98>0,W98,0) -> 0 | AI98: =IF(W98<0,W98,0) -> 0 | AJ98: =IF(G98<>"",YEAR(C98),"") | AK98: =IF(G98<>"",(IF(TEXT(C98,"MMMM") = "MMMM",TEXT(C98,"ММММ"),TEXT(C98,"MMMM"))),"") | AL98: =IF(G98<>"",CEILING((C98-DATE(YEAR(C98),1,1)+WEEKDAY(DATE(YEAR(C98),1,1),2))/7,1),"") | AM98: =IF(AR98<>0,T98,0) -> 0 | AN98: =S98+AN97 -> 8 | AO98: =IFERROR(100*(T98-AN98)/AN98,"Заполните депозит") -> -19.875 | AP98: =IFERROR(100*(T98-T97-S98)/(T97+S98),"Заполните депозит") -> 0 | AQ98: =IF(C98<>C97,Y98,0) -> 0 | AR98: =IF(C98<>C99,AA98,0) -> 0 | AS98: =CEILING(I98,5) -> 0 | AT98: =IF(AR98=0,AT97,IF(W98<0,IF(AT97<0,AT97-1,-1),IF(AT97>0,AT97+1,1))) -> -1
B99: 97 | H99: sell | T99: =T98+S99+W99 -> 6.41 | U99: =L99 -> 0 | V99: =M99 -> 0 | W99: =V99+L99 -> 0 | X99: =X98+V98 -> 6.41 | Y99: =Y98+W98 -> -1.59 | Z99: =X99+V99 -> 6.41 | AA99: =Y99+W99 -> -1.59 | AB99: =IF(G99<>"",VLOOKUP(WEEKDAY(C99,2),Служебный!G$4:H$10,2),"") | AC99: =IF(G98 <> "",TEXT((HOUR(D99)),0)&"-"&TEXT(HOUR(D99)+1,0),"") | AD99: =IF(G99<>"",FLOOR((IF(TEXT(D99,"mm") = "mm",TEXT(D99,"мм"),TEXT(D99,"mm"))),15)/15+1,"") | AE99: =ROUND(((E99+F99)-(C99+D99))*86400,0) -> 0 | AF99: =IF(FLOOR((AE99/60),15)>400,"Среднесрок",FLOOR((AE99/60),15)) -> 0 | AG99: =IFERROR(IF(FLOOR((AE99/86400),1)=0,"интрадей",(FLOOR((AE99/86400),1))-(FLOOR((AE99/86400),1))-NETWORKDAYS(E99,C99)),IF(FLOOR((AE99/86400),1)=0,"интрадей",(FLOOR((AE99/86400),1)))) -> интрадей | AH99: =IF(W99>0,W99,0) -> 0 | AI99: =IF(W99<0,W99,0) -> 0 | AJ99: =IF(G99<>"",YEAR(C99),"") | AK99: =IF(G99<>"",(IF(TEXT(C99,"MMMM") = "MMMM",TEXT(C99,"ММММ"),TEXT(C99,"MMMM"))),"") | AL99: =IF(G99<>"",CEILING((C99-DATE(YEAR(C99),1,1)+WEEKDAY(DATE(YEAR(C99),1,1),2))/7,1),"") | AM99: =IF(AR99<>0,T99,0) -> 0 | AN99: =S99+AN98 -> 8 | AO99: =IFERROR(100*(T99-AN99)/AN99,"Заполните депозит") -> -19.875 | AP99: =IFERROR(100*(T99-T98-S99)/(T98+S99),"Заполните депозит") -> 0 | AQ99: =IF(C99<>C98,Y99,0) -> 0 | AR99: =IF(C99<>C100,AA99,0) -> 0 | AS99: =CEILING(I99,5) -> 0 | AT99: =IF(AR99=0,AT98,IF(W99<0,IF(AT98<0,AT98-1,-1),IF(AT98>0,AT98+1,1))) -> -1
B100: 98 | H100: buy | T100: =T99+S100+W100 -> 6.41 | U100: =L100 -> 0 | V100: =M100 -> 0 | W100: =V100+L100 -> 0 | X100: =X99+V99 -> 6.41 | Y100: =Y99+W99 -> -1.59 | Z100: =X100+V100 -> 6.41 | AA100: =Y100+W100 -> -1.59 | AB100: =IF(G100<>"",VLOOKUP(WEEKDAY(C100,2),Служебный!G$4:H$10,2),"") | AC100: =IF(G99 <> "",TEXT((HOUR(D100)),0)&"-"&TEXT(HOUR(D100)+1,0),"") | AD100: =IF(G100<>"",FLOOR((IF(TEXT(D100,"mm") = "mm",TEXT(D100,"мм"),TEXT(D100,"mm"))),15)/15+1,"") | AE100: =ROUND(((E100+F100)-(C100+D100))*86400,0) -> 0 | AF100: =IF(FLOOR((AE100/60),15)>400,"Среднесрок",FLOOR((AE100/60),15)) -> 0 | AG100: =IFERROR(IF(FLOOR((AE100/86400),1)=0,"интрадей",(FLOOR((AE100/86400),1))-(FLOOR((AE100/86400),1))-NETWORKDAYS(E100,C100)),IF(FLOOR((AE100/86400),1)=0,"интрадей",(FLOOR((AE100/86400),1)))) -> интрадей | AH100: =IF(W100>0,W100,0) -> 0 | AI100: =IF(W100<0,W100,0) -> 0 | AJ100: =IF(G100<>"",YEAR(C100),"") | AK100: =IF(G100<>"",(IF(TEXT(C100,"MMMM") = "MMMM",TEXT(C100,"ММММ"),TEXT(C100,"MMMM"))),"") | AL100: =IF(G100<>"",CEILING((C100-DATE(YEAR(C100),1,1)+WEEKDAY(DATE(YEAR(C100),1,1),2))/7,1),"") | AM100: =IF(AR100<>0,T100,0) -> 0 | AN100: =S100+AN99 -> 8 | AO100: =IFERROR(100*(T100-AN100)/AN100,"Заполните депозит") -> -19.875 | AP100: =IFERROR(100*(T100-T99-S100)/(T99+S100),"Заполните депозит") -> 0 | AQ100: =IF(C100<>C99,Y100,0) -> 0 | AR100: =IF(C100<>C101,AA100,0) -> 0 | AS100: =CEILING(I100,5) -> 0 | AT100: =IF(AR100=0,AT99,IF(W100<0,IF(AT99<0,AT99-1,-1),IF(AT99>0,AT99+1,1))) -> -1
B101: 99 | H101: buy | T101: =T100+S101+W101 -> 6.41 | U101: =L101 -> 0 | V101: =M101 -> 0 | W101: =V101+L101 -> 0 | X101: =X100+V100 -> 6.41 | Y101: =Y100+W100 -> -1.59 | Z101: =X101+V101 -> 6.41 | AA101: =Y101+W101 -> -1.59 | AB101: =IF(G101<>"",VLOOKUP(WEEKDAY(C101,2),Служебный!G$4:H$10,2),"") | AC101: =IF(G100 <> "",TEXT((HOUR(D101)),0)&"-"&TEXT(HOUR(D101)+1,0),"") | AD101: =IF(G101<>"",FLOOR((IF(TEXT(D101,"mm") = "mm",TEXT(D101,"мм"),TEXT(D101,"mm"))),15)/15+1,"") | AE101: =ROUND(((E101+F101)-(C101+D101))*86400,0) -> 0 | AF101: =IF(FLOOR((AE101/60),15)>400,"Среднесрок",FLOOR((AE101/60),15)) -> 0 | AG101: =IFERROR(IF(FLOOR((AE101/86400),1)=0,"интрадей",(FLOOR((AE101/86400),1))-(FLOOR((AE101/86400),1))-NETWORKDAYS(E101,C101)),IF(FLOOR((AE101/86400),1)=0,"интрадей",(FLOOR((AE101/86400),1)))) -> интрадей | AH101: =IF(W101>0,W101,0) -> 0 | AI101: =IF(W101<0,W101,0) -> 0 | AJ101: =IF(G101<>"",YEAR(C101),"") | AK101: =IF(G101<>"",(IF(TEXT(C101,"MMMM") = "MMMM",TEXT(C101,"ММММ"),TEXT(C101,"MMMM"))),"") | AL101: =IF(G101<>"",CEILING((C101-DATE(YEAR(C101),1,1)+WEEKDAY(DATE(YEAR(C101),1,1),2))/7,1),"") | AM101: =IF(AR101<>0,T101,0) -> 0 | AN101: =S101+AN100 -> 8 | AO101: =IFERROR(100*(T101-AN101)/AN101,"Заполните депозит") -> -19.875 | AP101: =IFERROR(100*(T101-T100-S101)/(T100+S101),"Заполните депозит") -> 0 | AQ101: =IF(C101<>C100,Y101,0) -> 0 | AR101: =IF(C101<>C102,AA101,0) -> 0 | AS101: =CEILING(I101,5) -> 0 | AT101: =IF(AR101=0,AT100,IF(W101<0,IF(AT100<0,AT100-1,-1),IF(AT100>0,AT100+1,1))) -> -1
B102: 100 | H102: buy | T102: =T101+S102+W102 -> 6.41 | U102: =L102 -> 0 | V102: =M102 -> 0 | W102: =V102+L102 -> 0 | X102: =X101+V101 -> 6.41 | Y102: =Y101+W101 -> -1.59 | Z102: =X102+V102 -> 6.41 | AA102: =Y102+W102 -> -1.59 | AB102: =IF(G102<>"",VLOOKUP(WEEKDAY(C102,2),Служебный!G$4:H$10,2),"") | AC102: =IF(G101 <> "",TEXT((HOUR(D102)),0)&"-"&TEXT(HOUR(D102)+1,0),"") | AD102: =IF(G102<>"",FLOOR((IF(TEXT(D102,"mm") = "mm",TEXT(D102,"мм"),TEXT(D102,"mm"))),15)/15+1,"") | AE102: =ROUND(((E102+F102)-(C102+D102))*86400,0) -> 0 | AF102: =IF(FLOOR((AE102/60),15)>400,"Среднесрок",FLOOR((AE102/60),15)) -> 0 | AG102: =IFERROR(IF(FLOOR((AE102/86400),1)=0,"интрадей",(FLOOR((AE102/86400),1))-(FLOOR((AE102/86400),1))-NETWORKDAYS(E102,C102)),IF(FLOOR((AE102/86400),1)=0,"интрадей",(FLOOR((AE102/86400),1)))) -> интрадей | AH102: =IF(W102>0,W102,0) -> 0 | AI102: =IF(W102<0,W102,0) -> 0 | AJ102: =IF(G102<>"",YEAR(C102),"") | AK102: =IF(G102<>"",(IF(TEXT(C102,"MMMM") = "MMMM",TEXT(C102,"ММММ"),TEXT(C102,"MMMM"))),"") | AL102: =IF(G102<>"",CEILING((C102-DATE(YEAR(C102),1,1)+WEEKDAY(DATE(YEAR(C102),1,1),2))/7,1),"") | AM102: =IF(AR102<>0,T102,0) -> 0 | AN102: =S102+AN101 -> 8 | AO102: =IFERROR(100*(T102-AN102)/AN102,"Заполните депозит") -> -19.875 | AP102: =IFERROR(100*(T102-T101-S102)/(T101+S102),"Заполните депозит") -> 0 | AQ102: =IF(C102<>C101,Y102,0) -> 0 | AR102: =IF(C102<>C103,AA102,0) -> 0 | AS102: =CEILING(I102,5) -> 0 | AT102: =IF(AR102=0,AT101,IF(W102<0,IF(AT101<0,AT101-1,-1),IF(AT101>0,AT101+1,1))) -> -1
B103: 101 | H103: sell | T103: =T102+S103+W103 -> 6.41 | U103: =L103 -> 0 | V103: =M103 -> 0 | W103: =V103+L103 -> 0 | X103: =X102+V102 -> 6.41 | Y103: =Y102+W102 -> -1.59 | Z103: =X103+V103 -> 6.41 | AA103: =Y103+W103 -> -1.59 | AB103: =IF(G103<>"",VLOOKUP(WEEKDAY(C103,2),Служебный!G$4:H$10,2),"") | AC103: =IF(G102 <> "",TEXT((HOUR(D103)),0)&"-"&TEXT(HOUR(D103)+1,0),"") | AD103: =IF(G103<>"",FLOOR((IF(TEXT(D103,"mm") = "mm",TEXT(D103,"мм"),TEXT(D103,"mm"))),15)/15+1,"") | AE103: =ROUND(((E103+F103)-(C103+D103))*86400,0) -> 0 | AF103: =IF(FLOOR((AE103/60),15)>400,"Среднесрок",FLOOR((AE103/60),15)) -> 0 | AG103: =IFERROR(IF(FLOOR((AE103/86400),1)=0,"интрадей",(FLOOR((AE103/86400),1))-(FLOOR((AE103/86400),1))-NETWORKDAYS(E103,C103)),IF(FLOOR((AE103/86400),1)=0,"интрадей",(FLOOR((AE103/86400),1)))) -> интрадей | AH103: =IF(W103>0,W103,0) -> 0 | AI103: =IF(W103<0,W103,0) -> 0 | AJ103: =IF(G103<>"",YEAR(C103),"") | AK103: =IF(G103<>"",(IF(TEXT(C103,"MMMM") = "MMMM",TEXT(C103,"ММММ"),TEXT(C103,"MMMM"))),"") | AL103: =IF(G103<>"",CEILING((C103-DATE(YEAR(C103),1,1)+WEEKDAY(DATE(YEAR(C103),1,1),2))/7,1),"") | AM103: =IF(AR103<>0,T103,0) -> 0 | AN103: =S103+AN102 -> 8 | AO103: =IFERROR(100*(T103-AN103)/AN103,"Заполните депозит") -> -19.875 | AP103: =IFERROR(100*(T103-T102-S103)/(T102+S103),"Заполните депозит") -> 0 | AQ103: =IF(C103<>C102,Y103,0) -> 0 | AR103: =IF(C103<>C104,AA103,0) -> 0 | AS103: =CEILING(I103,5) -> 0 | AT103: =IF(AR103=0,AT102,IF(W103<0,IF(AT102<0,AT102-1,-1),IF(AT102>0,AT102+1,1))) -> -1
B104: 102 | H104: buy | T104: =T103+S104+W104 -> 6.41 | U104: =L104 -> 0 | V104: =M104 -> 0 | W104: =V104+L104 -> 0 | X104: =X103+V103 -> 6.41 | Y104: =Y103+W103 -> -1.59 | Z104: =X104+V104 -> 6.41 | AA104: =Y104+W104 -> -1.59 | AB104: =IF(G104<>"",VLOOKUP(WEEKDAY(C104,2),Служебный!G$4:H$10,2),"") | AC104: =IF(G103 <> "",TEXT((HOUR(D104)),0)&"-"&TEXT(HOUR(D104)+1,0),"") | AD104: =IF(G104<>"",FLOOR((IF(TEXT(D104,"mm") = "mm",TEXT(D104,"мм"),TEXT(D104,"mm"))),15)/15+1,"") | AE104: =ROUND(((E104+F104)-(C104+D104))*86400,0) -> 0 | AF104: =IF(FLOOR((AE104/60),15)>400,"Среднесрок",FLOOR((AE104/60),15)) -> 0 | AG104: =IFERROR(IF(FLOOR((AE104/86400),1)=0,"интрадей",(FLOOR((AE104/86400),1))-(FLOOR((AE104/86400),1))-NETWORKDAYS(E104,C104)),IF(FLOOR((AE104/86400),1)=0,"интрадей",(FLOOR((AE104/86400),1)))) -> интрадей | AH104: =IF(W104>0,W104,0) -> 0 | AI104: =IF(W104<0,W104,0) -> 0 | AJ104: =IF(G104<>"",YEAR(C104),"") | AK104: =IF(G104<>"",(IF(TEXT(C104,"MMMM") = "MMMM",TEXT(C104,"ММММ"),TEXT(C104,"MMMM"))),"") | AL104: =IF(G104<>"",CEILING((C104-DATE(YEAR(C104),1,1)+WEEKDAY(DATE(YEAR(C104),1,1),2))/7,1),"") | AM104: =IF(AR104<>0,T104,0) -> 0 | AN104: =S104+AN103 -> 8 | AO104: =IFERROR(100*(T104-AN104)/AN104,"Заполните депозит") -> -19.875 | AP104: =IFERROR(100*(T104-T103-S104)/(T103+S104),"Заполните депозит") -> 0 | AQ104: =IF(C104<>C103,Y104,0) -> 0 | AR104: =IF(C104<>C105,AA104,0) -> 0 | AS104: =CEILING(I104,5) -> 0 | AT104: =IF(AR104=0,AT103,IF(W104<0,IF(AT103<0,AT103-1,-1),IF(AT103>0,AT103+1,1))) -> -1
B105: 103 | H105: buy | T105: =T104+S105+W105 -> 6.41 | U105: =L105 -> 0 | V105: =M105 -> 0 | W105: =V105+L105 -> 0 | X105: =X104+V104 -> 6.41 | Y105: =Y104+W104 -> -1.59 | Z105: =X105+V105 -> 6.41 | AA105: =Y105+W105 -> -1.59 | AB105: =IF(G105<>"",VLOOKUP(WEEKDAY(C105,2),Служебный!G$4:H$10,2),"") | AC105: =IF(G104 <> "",TEXT((HOUR(D105)),0)&"-"&TEXT(HOUR(D105)+1,0),"") | AD105: =IF(G105<>"",FLOOR((IF(TEXT(D105,"mm") = "mm",TEXT(D105,"мм"),TEXT(D105,"mm"))),15)/15+1,"") | AE105: =ROUND(((E105+F105)-(C105+D105))*86400,0) -> 0 | AF105: =IF(FLOOR((AE105/60),15)>400,"Среднесрок",FLOOR((AE105/60),15)) -> 0 | AG105: =IFERROR(IF(FLOOR((AE105/86400),1)=0,"интрадей",(FLOOR((AE105/86400),1))-(FLOOR((AE105/86400),1))-NETWORKDAYS(E105,C105)),IF(FLOOR((AE105/86400),1)=0,"интрадей",(FLOOR((AE105/86400),1)))) -> интрадей | AH105: =IF(W105>0,W105,0) -> 0 | AI105: =IF(W105<0,W105,0) -> 0 | AJ105: =IF(G105<>"",YEAR(C105),"") | AK105: =IF(G105<>"",(IF(TEXT(C105,"MMMM") = "MMMM",TEXT(C105,"ММММ"),TEXT(C105,"MMMM"))),"") | AL105: =IF(G105<>"",CEILING((C105-DATE(YEAR(C105),1,1)+WEEKDAY(DATE(YEAR(C105),1,1),2))/7,1),"") | AM105: =IF(AR105<>0,T105,0) -> 0 | AN105: =S105+AN104 -> 8 | AO105: =IFERROR(100*(T105-AN105)/AN105,"Заполните депозит") -> -19.875 | AP105: =IFERROR(100*(T105-T104-S105)/(T104+S105),"Заполните депозит") -> 0 | AQ105: =IF(C105<>C104,Y105,0) -> 0 | AR105: =IF(C105<>C106,AA105,0) -> 0 | AS105: =CEILING(I105,5) -> 0 | AT105: =IF(AR105=0,AT104,IF(W105<0,IF(AT104<0,AT104-1,-1),IF(AT104>0,AT104+1,1))) -> -1
B106: 104 | H106: sell | T106: =T105+S106+W106 -> 6.41 | U106: =L106 -> 0 | V106: =M106 -> 0 | W106: =V106+L106 -> 0 | X106: =X105+V105 -> 6.41 | Y106: =Y105+W105 -> -1.59 | Z106: =X106+V106 -> 6.41 | AA106: =Y106+W106 -> -1.59 | AB106: =IF(G106<>"",VLOOKUP(WEEKDAY(C106,2),Служебный!G$4:H$10,2),"") | AC106: =IF(G105 <> "",TEXT((HOUR(D106)),0)&"-"&TEXT(HOUR(D106)+1,0),"") | AD106: =IF(G106<>"",FLOOR((IF(TEXT(D106,"mm") = "mm",TEXT(D106,"мм"),TEXT(D106,"mm"))),15)/15+1,"") | AE106: =ROUND(((E106+F106)-(C106+D106))*86400,0) -> 0 | AF106: =IF(FLOOR((AE106/60),15)>400,"Среднесрок",FLOOR((AE106/60),15)) -> 0 | AG106: =IFERROR(IF(FLOOR((AE106/86400),1)=0,"интрадей",(FLOOR((AE106/86400),1))-(FLOOR((AE106/86400),1))-NETWORKDAYS(E106,C106)),IF(FLOOR((AE106/86400),1)=0,"интрадей",(FLOOR((AE106/86400),1)))) -> интрадей | AH106: =IF(W106>0,W106,0) -> 0 | AI106: =IF(W106<0,W106,0) -> 0 | AJ106: =IF(G106<>"",YEAR(C106),"") | AK106: =IF(G106<>"",(IF(TEXT(C106,"MMMM") = "MMMM",TEXT(C106,"ММММ"),TEXT(C106,"MMMM"))),"") | AL106: =IF(G106<>"",CEILING((C106-DATE(YEAR(C106),1,1)+WEEKDAY(DATE(YEAR(C106),1,1),2))/7,1),"") | AM106: =IF(AR106<>0,T106,0) -> 0 | AN106: =S106+AN105 -> 8 | AO106: =IFERROR(100*(T106-AN106)/AN106,"Заполните депозит") -> -19.875 | AP106: =IFERROR(100*(T106-T105-S106)/(T105+S106),"Заполните депозит") -> 0 | AQ106: =IF(C106<>C105,Y106,0) -> 0 | AR106: =IF(C106<>C107,AA106,0) -> 0 | AS106: =CEILING(I106,5) -> 0 | AT106: =IF(AR106=0,AT105,IF(W106<0,IF(AT105<0,AT105-1,-1),IF(AT105>0,AT105+1,1))) -> -1
B107: 105 | H107: sell | T107: =T106+S107+W107 -> 6.41 | U107: =L107 -> 0 | V107: =M107 -> 0 | W107: =V107+L107 -> 0 | X107: =X106+V106 -> 6.41 | Y107: =Y106+W106 -> -1.59 | Z107: =X107+V107 -> 6.41 | AA107: =Y107+W107 -> -1.59 | AB107: =IF(G107<>"",VLOOKUP(WEEKDAY(C107,2),Служебный!G$4:H$10,2),"") | AC107: =IF(G106 <> "",TEXT((HOUR(D107)),0)&"-"&TEXT(HOUR(D107)+1,0),"") | AD107: =IF(G107<>"",FLOOR((IF(TEXT(D107,"mm") = "mm",TEXT(D107,"мм"),TEXT(D107,"mm"))),15)/15+1,"") | AE107: =ROUND(((E107+F107)-(C107+D107))*86400,0) -> 0 | AF107: =IF(FLOOR((AE107/60),15)>400,"Среднесрок",FLOOR((AE107/60),15)) -> 0 | AG107: =IFERROR(IF(FLOOR((AE107/86400),1)=0,"интрадей",(FLOOR((AE107/86400),1))-(FLOOR((AE107/86400),1))-NETWORKDAYS(E107,C107)),IF(FLOOR((AE107/86400),1)=0,"интрадей",(FLOOR((AE107/86400),1)))) -> интрадей | AH107: =IF(W107>0,W107,0) -> 0 | AI107: =IF(W107<0,W107,0) -> 0 | AJ107: =IF(G107<>"",YEAR(C107),"") | AK107: =IF(G107<>"",(IF(TEXT(C107,"MMMM") = "MMMM",TEXT(C107,"ММММ"),TEXT(C107,"MMMM"))),"") | AL107: =IF(G107<>"",CEILING((C107-DATE(YEAR(C107),1,1)+WEEKDAY(DATE(YEAR(C107),1,1),2))/7,1),"") | AM107: =IF(AR107<>0,T107,0) -> 0 | AN107: =S107+AN106 -> 8 | AO107: =IFERROR(100*(T107-AN107)/AN107,"Заполните депозит") -> -19.875 | AP107: =IFERROR(100*(T107-T106-S107)/(T106+S107),"Заполните депозит") -> 0 | AQ107: =IF(C107<>C106,Y107,0) -> 0 | AR107: =IF(C107<>C108,AA107,0) -> 0 | AS107: =CEILING(I107,5) -> 0 | AT107: =IF(AR107=0,AT106,IF(W107<0,IF(AT106<0,AT106-1,-1),IF(AT106>0,AT106+1,1))) -> -1
B108: 106 | H108: buy | T108: =T107+S108+W108 -> 6.41 | U108: =L108 -> 0 | V108: =M108 -> 0 | W108: =V108+L108 -> 0 | X108: =X107+V107 -> 6.41 | Y108: =Y107+W107 -> -1.59 | Z108: =X108+V108 -> 6.41 | AA108: =Y108+W108 -> -1.59 | AB108: =IF(G108<>"",VLOOKUP(WEEKDAY(C108,2),Служебный!G$4:H$10,2),"") | AC108: =IF(G107 <> "",TEXT((HOUR(D108)),0)&"-"&TEXT(HOUR(D108)+1,0),"") | AD108: =IF(G108<>"",FLOOR((IF(TEXT(D108,"mm") = "mm",TEXT(D108,"мм"),TEXT(D108,"mm"))),15)/15+1,"") | AE108: =ROUND(((E108+F108)-(C108+D108))*86400,0) -> 0 | AF108: =IF(FLOOR((AE108/60),15)>400,"Среднесрок",FLOOR((AE108/60),15)) -> 0 | AG108: =IFERROR(IF(FLOOR((AE108/86400),1)=0,"интрадей",(FLOOR((AE108/86400),1))-(FLOOR((AE108/86400),1))-NETWORKDAYS(E108,C108)),IF(FLOOR((AE108/86400),1)=0,"интрадей",(FLOOR((AE108/86400),1)))) -> интрадей | AH108: =IF(W108>0,W108,0) -> 0 | AI108: =IF(W108<0,W108,0) -> 0 | AJ108: =IF(G108<>"",YEAR(C108),"") | AK108: =IF(G108<>"",(IF(TEXT(C108,"MMMM") = "MMMM",TEXT(C108,"ММММ"),TEXT(C108,"MMMM"))),"") | AL108: =IF(G108<>"",CEILING((C108-DATE(YEAR(C108),1,1)+WEEKDAY(DATE(YEAR(C108),1,1),2))/7,1),"") | AM108: =IF(AR108<>0,T108,0) -> 0 | AN108: =S108+AN107 -> 8 | AO108: =IFERROR(100*(T108-AN108)/AN108,"Заполните депозит") -> -19.875 | AP108: =IFERROR(100*(T108-T107-S108)/(T107+S108),"Заполните депозит") -> 0 | AQ108: =IF(C108<>C107,Y108,0) -> 0 | AR108: =IF(C108<>C109,AA108,0) -> 0 | AS108: =CEILING(I108,5) -> 0 | AT108: =IF(AR108=0,AT107,IF(W108<0,IF(AT107<0,AT107-1,-1),IF(AT107>0,AT107+1,1))) -> -1
B109: 107 | H109: sell | T109: =T108+S109+W109 -> 6.41 | U109: =L109 -> 0 | V109: =M109 -> 0 | W109: =V109+L109 -> 0 | X109: =X108+V108 -> 6.41 | Y109: =Y108+W108 -> -1.59 | Z109: =X109+V109 -> 6.41 | AA109: =Y109+W109 -> -1.59 | AB109: =IF(G109<>"",VLOOKUP(WEEKDAY(C109,2),Служебный!G$4:H$10,2),"") | AC109: =IF(G108 <> "",TEXT((HOUR(D109)),0)&"-"&TEXT(HOUR(D109)+1,0),"") | AD109: =IF(G109<>"",FLOOR((IF(TEXT(D109,"mm") = "mm",TEXT(D109,"мм"),TEXT(D109,"mm"))),15)/15+1,"") | AE109: =ROUND(((E109+F109)-(C109+D109))*86400,0) -> 0 | AF109: =IF(FLOOR((AE109/60),15)>400,"Среднесрок",FLOOR((AE109/60),15)) -> 0 | AG109: =IFERROR(IF(FLOOR((AE109/86400),1)=0,"интрадей",(FLOOR((AE109/86400),1))-(FLOOR((AE109/86400),1))-NETWORKDAYS(E109,C109)),IF(FLOOR((AE109/86400),1)=0,"интрадей",(FLOOR((AE109/86400),1)))) -> интрадей | AH109: =IF(W109>0,W109,0) -> 0 | AI109: =IF(W109<0,W109,0) -> 0 | AJ109: =IF(G109<>"",YEAR(C109),"") | AK109: =IF(G109<>"",(IF(TEXT(C109,"MMMM") = "MMMM",TEXT(C109,"ММММ"),TEXT(C109,"MMMM"))),"") | AL109: =IF(G109<>"",CEILING((C109-DATE(YEAR(C109),1,1)+WEEKDAY(DATE(YEAR(C109),1,1),2))/7,1),"") | AM109: =IF(AR109<>0,T109,0) -> 0 | AN109: =S109+AN108 -> 8 | AO109: =IFERROR(100*(T109-AN109)/AN109,"Заполните депозит") -> -19.875 | AP109: =IFERROR(100*(T109-T108-S109)/(T108+S109),"Заполните депозит") -> 0 | AQ109: =IF(C109<>C108,Y109,0) -> 0 | AR109: =IF(C109<>C110,AA109,0) -> 0 | AS109: =CEILING(I109,5) -> 0 | AT109: =IF(AR109=0,AT108,IF(W109<0,IF(AT108<0,AT108-1,-1),IF(AT108>0,AT108+1,1))) -> -1
B110: 108 | H110: buy | T110: =T109+S110+W110 -> 6.41 | U110: =L110 -> 0 | V110: =M110 -> 0 | W110: =V110+L110 -> 0 | X110: =X109+V109 -> 6.41 | Y110: =Y109+W109 -> -1.59 | Z110: =X110+V110 -> 6.41 | AA110: =Y110+W110 -> -1.59 | AB110: =IF(G110<>"",VLOOKUP(WEEKDAY(C110,2),Служебный!G$4:H$10,2),"") | AC110: =IF(G109 <> "",TEXT((HOUR(D110)),0)&"-"&TEXT(HOUR(D110)+1,0),"") | AD110: =IF(G110<>"",FLOOR((IF(TEXT(D110,"mm") = "mm",TEXT(D110,"мм"),TEXT(D110,"mm"))),15)/15+1,"") | AE110: =ROUND(((E110+F110)-(C110+D110))*86400,0) -> 0 | AF110: =IF(FLOOR((AE110/60),15)>400,"Среднесрок",FLOOR((AE110/60),15)) -> 0 | AG110: =IFERROR(IF(FLOOR((AE110/86400),1)=0,"интрадей",(FLOOR((AE110/86400),1))-(FLOOR((AE110/86400),1))-NETWORKDAYS(E110,C110)),IF(FLOOR((AE110/86400),1)=0,"интрадей",(FLOOR((AE110/86400),1)))) -> интрадей | AH110: =IF(W110>0,W110,0) -> 0 | AI110: =IF(W110<0,W110,0) -> 0 | AJ110: =IF(G110<>"",YEAR(C110),"") | AK110: =IF(G110<>"",(IF(TEXT(C110,"MMMM") = "MMMM",TEXT(C110,"ММММ"),TEXT(C110,"MMMM"))),"") | AL110: =IF(G110<>"",CEILING((C110-DATE(YEAR(C110),1,1)+WEEKDAY(DATE(YEAR(C110),1,1),2))/7,1),"") | AM110: =IF(AR110<>0,T110,0) -> 0 | AN110: =S110+AN109 -> 8 | AO110: =IFERROR(100*(T110-AN110)/AN110,"Заполните депозит") -> -19.875 | AP110: =IFERROR(100*(T110-T109-S110)/(T109+S110),"Заполните депозит") -> 0 | AQ110: =IF(C110<>C109,Y110,0) -> 0 | AR110: =IF(C110<>C111,AA110,0) -> 0 | AS110: =CEILING(I110,5) -> 0 | AT110: =IF(AR110=0,AT109,IF(W110<0,IF(AT109<0,AT109-1,-1),IF(AT109>0,AT109+1,1))) -> -1
... B211: 209 | H211: sell | T211: =T210+S211+W211 -> 6.41 | U211: =L211 -> 0 | V211: =M211 -> 0 | W211: =V211+L211 -> 0 | X211: =X210+V210 -> 6.41 | Y211: =Y210+W210 -> -1.59 | Z211: =X211+V211 -> 6.41 | AA211: =Y211+W211 -> -1.59 | AB211: =IF(G211<>"",VLOOKUP(WEEKDAY(C211,2),Служебный!G$4:H$10,2),"") | AC211: =IF(G210 <> "",TEXT((HOUR(D211)),0)&"-"&TEXT(HOUR(D211)+1,0),"") | AD211: =IF(G211<>"",FLOOR((IF(TEXT(D211,"mm") = "mm",TEXT(D211,"мм"),TEXT(D211,"mm"))),15)/15+1,"") | AE211: =ROUND(((E211+F211)-(C211+D211))*86400,0) -> 0 | AF211: =IF(FLOOR((AE211/60),15)>400,"Среднесрок",FLOOR((AE211/60),15)) -> 0 | AG211: =IFERROR(IF(FLOOR((AE211/86400),1)=0,"интрадей",(FLOOR((AE211/86400),1))-(FLOOR((AE211/86400),1))-NETWORKDAYS(E211,C211)),IF(FLOOR((AE211/86400),1)=0,"интрадей",(FLOOR((AE211/86400),1)))) -> интрадей | AH211: =IF(W211>0,W211,0) -> 0 | AI211: =IF(W211<0,W211,0) -> 0 | AJ211: =IF(G211<>"",YEAR(C211),"") | AK211: =IF(G211<>"",(IF(TEXT(C211,"MMMM") = "MMMM",TEXT(C211,"ММММ"),TEXT(C211,"MMMM"))),"") | AL211: =IF(G211<>"",CEILING((C211-DATE(YEAR(C211),1,1)+WEEKDAY(DATE(YEAR(C211),1,1),2))/7,1),"") | AM211: =IF(AR211<>0,T211,0) -> 0 | AN211: =S211+AN210 -> 8 | AO211: =IFERROR(100*(T211-AN211)/AN211,"Заполните депозит") -> -19.875 | AP211: =IFERROR(100*(T211-T210-S211)/(T210+S211),"Заполните депозит") -> 0 | AQ211: =IF(C211<>C210,Y211,0) -> 0 | AR211: =IF(C211<>C212,AA211,0) -> 0 | AS211: =CEILING(I211,5) -> 0 | AT211: =IF(AR211=0,AT210,IF(W211<0,IF(AT210<0,AT210-1,-1),IF(AT210>0,AT210+1,1))) -> -1
B212: 210 | T212: =T211+S212+W212 -> 6.41 | U212: =L212 -> 0 | V212: =M212 -> 0 | W212: =V212+L212 -> 0 | X212: =X211+V211 -> 6.41 | Y212: =Y211+W211 -> -1.59 | Z212: =X212+V212 -> 6.41 | AA212: =Y212+W212 -> -1.59 | AB212: =IF(G212<>"",VLOOKUP(WEEKDAY(C212,2),Служебный!G$4:H$10,2),"") | AC212: =IF(G211 <> "",TEXT((HOUR(D212)),0)&"-"&TEXT(HOUR(D212)+1,0),"") | AD212: =IF(G212<>"",FLOOR((IF(TEXT(D212,"mm") = "mm",TEXT(D212,"мм"),TEXT(D212,"mm"))),15)/15+1,"") | AE212: =ROUND(((E212+F212)-(C212+D212))*86400,0) -> 0 | AF212: =IF(FLOOR((AE212/60),15)>400,"Среднесрок",FLOOR((AE212/60),15)) -> 0 | AG212: =IFERROR(IF(FLOOR((AE212/86400),1)=0,"интрадей",(FLOOR((AE212/86400),1))-(FLOOR((AE212/86400),1))-NETWORKDAYS(E212,C212)),IF(FLOOR((AE212/86400),1)=0,"интрадей",(FLOOR((AE212/86400),1)))) -> интрадей | AH212: =IF(W212>0,W212,0) -> 0 | AI212: =IF(W212<0,W212,0) -> 0 | AJ212: =IF(G212<>"",YEAR(C212),"") | AK212: =IF(G212<>"",(IF(TEXT(C212,"MMMM") = "MMMM",TEXT(C212,"ММММ"),TEXT(C212,"MMMM"))),"") | AL212: =IF(G212<>"",CEILING((C212-DATE(YEAR(C212),1,1)+WEEKDAY(DATE(YEAR(C212),1,1),2))/7,1),"") | AM212: =IF(AR212<>0,T212,0) -> 0 | AN212: =S212+AN211 -> 8 | AO212: =IFERROR(100*(T212-AN212)/AN212,"Заполните депозит") -> -19.875 | AP212: =IFERROR(100*(T212-T211-S212)/(T211+S212),"Заполните депозит") -> 0 | AQ212: =IF(C212<>C211,Y212,0) -> 0 | AR212: =IF(C212<>C213,AA212,0) -> 0 | AS212: =CEILING(I212,5) -> 0 | AT212: =IF(AR212=0,AT211,IF(W212<0,IF(AT211<0,AT211-1,-1),IF(AT211>0,AT211+1,1))) -> -1
B213: 211 | T213: =T212+S213+W213 -> 6.41 | U213: =L213 -> 0 | V213: =M213 -> 0 | W213: =V213+L213 -> 0 | X213: =X212+V212 -> 6.41 | Y213: =Y212+W212 -> -1.59 | Z213: =X213+V213 -> 6.41 | AA213: =Y213+W213 -> -1.59 | AB213: =IF(G213<>"",VLOOKUP(WEEKDAY(C213,2),Служебный!G$4:H$10,2),"") | AC213: =IF(G212 <> "",TEXT((HOUR(D213)),0)&"-"&TEXT(HOUR(D213)+1,0),"") | AD213: =IF(G213<>"",FLOOR((IF(TEXT(D213,"mm") = "mm",TEXT(D213,"мм"),TEXT(D213,"mm"))),15)/15+1,"") | AE213: =ROUND(((E213+F213)-(C213+D213))*86400,0) -> 0 | AF213: =IF(FLOOR((AE213/60),15)>400,"Среднесрок",FLOOR((AE213/60),15)) -> 0 | AG213: =IFERROR(IF(FLOOR((AE213/86400),1)=0,"интрадей",(FLOOR((AE213/86400),1))-(FLOOR((AE213/86400),1))-NETWORKDAYS(E213,C213)),IF(FLOOR((AE213/86400),1)=0,"интрадей",(FLOOR((AE213/86400),1)))) -> интрадей | AH213: =IF(W213>0,W213,0) -> 0 | AI213: =IF(W213<0,W213,0) -> 0 | AJ213: =IF(G213<>"",YEAR(C213),"") | AK213: =IF(G213<>"",(IF(TEXT(C213,"MMMM") = "MMMM",TEXT(C213,"ММММ"),TEXT(C213,"MMMM"))),"") | AL213: =IF(G213<>"",CEILING((C213-DATE(YEAR(C213),1,1)+WEEKDAY(DATE(YEAR(C213),1,1),2))/7,1),"") | AM213: =IF(AR213<>0,T213,0) -> 0 | AN213: =S213+AN212 -> 8 | AO213: =IFERROR(100*(T213-AN213)/AN213,"Заполните депозит") -> -19.875 | AP213: =IFERROR(100*(T213-T212-S213)/(T212+S213),"Заполните депозит") -> 0 | AQ213: =IF(C213<>C212,Y213,0) -> 0 | AR213: =IF(C213<>C214,AA213,0) -> 0 | AS213: =CEILING(I213,5) -> 0 | AT213: =IF(AR213=0,AT212,IF(W213<0,IF(AT212<0,AT212-1,-1),IF(AT212>0,AT212+1,1))) -> -1
B214: 212 | T214: =T213+S214+W214 -> 6.41 | U214: =L214 -> 0 | V214: =M214 -> 0 | W214: =V214+L214 -> 0 | X214: =X213+V213 -> 6.41 | Y214: =Y213+W213 -> -1.59 | Z214: =X214+V214 -> 6.41 | AA214: =Y214+W214 -> -1.59 | AB214: =IF(G214<>"",VLOOKUP(WEEKDAY(C214,2),Служебный!G$4:H$10,2),"") | AC214: =IF(G213 <> "",TEXT((HOUR(D214)),0)&"-"&TEXT(HOUR(D214)+1,0),"") | AD214: =IF(G214<>"",FLOOR((IF(TEXT(D214,"mm") = "mm",TEXT(D214,"мм"),TEXT(D214,"mm"))),15)/15+1,"") | AE214: =ROUND(((E214+F214)-(C214+D214))*86400,0) -> 0 | AF214: =IF(FLOOR((AE214/60),15)>400,"Среднесрок",FLOOR((AE214/60),15)) -> 0 | AG214: =IFERROR(IF(FLOOR((AE214/86400),1)=0,"интрадей",(FLOOR((AE214/86400),1))-(FLOOR((AE214/86400),1))-NETWORKDAYS(E214,C214)),IF(FLOOR((AE214/86400),1)=0,"интрадей",(FLOOR((AE214/86400),1)))) -> интрадей | AH214: =IF(W214>0,W214,0) -> 0 | AI214: =IF(W214<0,W214,0) -> 0 | AJ214: =IF(G214<>"",YEAR(C214),"") | AK214: =IF(G214<>"",(IF(TEXT(C214,"MMMM") = "MMMM",TEXT(C214,"ММММ"),TEXT(C214,"MMMM"))),"") | AL214: =IF(G214<>"",CEILING((C214-DATE(YEAR(C214),1,1)+WEEKDAY(DATE(YEAR(C214),1,1),2))/7,1),"") | AM214: =IF(AR214<>0,T214,0) -> 0 | AN214: =S214+AN213 -> 8 | AO214: =IFERROR(100*(T214-AN214)/AN214,"Заполните депозит") -> -19.875 | AP214: =IFERROR(100*(T214-T213-S214)/(T213+S214),"Заполните депозит") -> 0 | AQ214: =IF(C214<>C213,Y214,0) -> 0 | AR214: =IF(C214<>C215,AA214,0) -> 0 | AS214: =CEILING(I214,5) -> 0 | AT214: =IF(AR214=0,AT213,IF(W214<0,IF(AT213<0,AT213-1,-1),IF(AT213>0,AT213+1,1))) -> -1
B215: 213 | T215: =T214+S215+W215 -> 6.41 | U215: =L215 -> 0 | V215: =M215 -> 0 | W215: =V215+L215 -> 0 | X215: =X214+V214 -> 6.41 | Y215: =Y214+W214 -> -1.59 | Z215: =X215+V215 -> 6.41 | AA215: =Y215+W215 -> -1.59 | AB215: =IF(G215<>"",VLOOKUP(WEEKDAY(C215,2),Служебный!G$4:H$10,2),"") | AC215: =IF(G214 <> "",TEXT((HOUR(D215)),0)&"-"&TEXT(HOUR(D215)+1,0),"") | AD215: =IF(G215<>"",FLOOR((IF(TEXT(D215,"mm") = "mm",TEXT(D215,"мм"),TEXT(D215,"mm"))),15)/15+1,"") | AE215: =ROUND(((E215+F215)-(C215+D215))*86400,0) -> 0 | AF215: =IF(FLOOR((AE215/60),15)>400,"Среднесрок",FLOOR((AE215/60),15)) -> 0 | AG215: =IFERROR(IF(FLOOR((AE215/86400),1)=0,"интрадей",(FLOOR((AE215/86400),1))-(FLOOR((AE215/86400),1))-NETWORKDAYS(E215,C215)),IF(FLOOR((AE215/86400),1)=0,"интрадей",(FLOOR((AE215/86400),1)))) -> интрадей | AH215: =IF(W215>0,W215,0) -> 0 | AI215: =IF(W215<0,W215,0) -> 0 | AJ215: =IF(G215<>"",YEAR(C215),"") | AK215: =IF(G215<>"",(IF(TEXT(C215,"MMMM") = "MMMM",TEXT(C215,"ММММ"),TEXT(C215,"MMMM"))),"") | AL215: =IF(G215<>"",CEILING((C215-DATE(YEAR(C215),1,1)+WEEKDAY(DATE(YEAR(C215),1,1),2))/7,1),"") | AM215: =IF(AR215<>0,T215,0) -> 0 | AN215: =S215+AN214 -> 8 | AO215: =IFERROR(100*(T215-AN215)/AN215,"Заполните депозит") -> -19.875 | AP215: =IFERROR(100*(T215-T214-S215)/(T214+S215),"Заполните депозит") -> 0 | AQ215: =IF(C215<>C214,Y215,0) -> 0 | AR215: =IF(C215<>C216,AA215,0) -> 0 | AS215: =CEILING(I215,5) -> 0 | AT215: =IF(AR215=0,AT214,IF(W215<0,IF(AT214<0,AT214-1,-1),IF(AT214>0,AT214+1,1))) -> -1
B216: 214 | T216: =T215+S216+W216 -> 6.41 | U216: =L216 -> 0 | V216: =M216 -> 0 | W216: =V216+L216 -> 0 | X216: =X215+V215 -> 6.41 | Y216: =Y215+W215 -> -1.59 | Z216: =X216+V216 -> 6.41 | AA216: =Y216+W216 -> -1.59 | AB216: =IF(G216<>"",VLOOKUP(WEEKDAY(C216,2),Служебный!G$4:H$10,2),"") | AC216: =IF(G215 <> "",TEXT((HOUR(D216)),0)&"-"&TEXT(HOUR(D216)+1,0),"") | AD216: =IF(G216<>"",FLOOR((IF(TEXT(D216,"mm") = "mm",TEXT(D216,"мм"),TEXT(D216,"mm"))),15)/15+1,"") | AE216: =ROUND(((E216+F216)-(C216+D216))*86400,0) -> 0 | AF216: =IF(FLOOR((AE216/60),15)>400,"Среднесрок",FLOOR((AE216/60),15)) -> 0 | AG216: =IFERROR(IF(FLOOR((AE216/86400),1)=0,"интрадей",(FLOOR((AE216/86400),1))-(FLOOR((AE216/86400),1))-NETWORKDAYS(E216,C216)),IF(FLOOR((AE216/86400),1)=0,"интрадей",(FLOOR((AE216/86400),1)))) -> интрадей | AH216: =IF(W216>0,W216,0) -> 0 | AI216: =IF(W216<0,W216,0) -> 0 | AJ216: =IF(G216<>"",YEAR(C216),"") | AK216: =IF(G216<>"",(IF(TEXT(C216,"MMMM") = "MMMM",TEXT(C216,"ММММ"),TEXT(C216,"MMMM"))),"") | AL216: =IF(G216<>"",CEILING((C216-DATE(YEAR(C216),1,1)+WEEKDAY(DATE(YEAR(C216),1,1),2))/7,1),"") | AM216: =IF(AR216<>0,T216,0) -> 0 | AN216: =S216+AN215 -> 8 | AO216: =IFERROR(100*(T216-AN216)/AN216,"Заполните депозит") -> -19.875 | AP216: =IFERROR(100*(T216-T215-S216)/(T215+S216),"Заполните депозит") -> 0 | AQ216: =IF(C216<>C215,Y216,0) -> 0 | AR216: =IF(C216<>C217,AA216,0) -> 0 | AS216: =CEILING(I216,5) -> 0 | AT216: =IF(AR216=0,AT215,IF(W216<0,IF(AT215<0,AT215-1,-1),IF(AT215>0,AT215+1,1))) -> -1
B217: 215 | T217: =T216+S217+W217 -> 6.41 | U217: =L217 -> 0 | V217: =M217 -> 0 | W217: =V217+L217 -> 0 | X217: =X216+V216 -> 6.41 | Y217: =Y216+W216 -> -1.59 | Z217: =X217+V217 -> 6.41 | AA217: =Y217+W217 -> -1.59 | AB217: =IF(G217<>"",VLOOKUP(WEEKDAY(C217,2),Служебный!G$4:H$10,2),"") | AC217: =IF(G216 <> "",TEXT((HOUR(D217)),0)&"-"&TEXT(HOUR(D217)+1,0),"") | AD217: =IF(G217<>"",FLOOR((IF(TEXT(D217,"mm") = "mm",TEXT(D217,"мм"),TEXT(D217,"mm"))),15)/15+1,"") | AE217: =ROUND(((E217+F217)-(C217+D217))*86400,0) -> 0 | AF217: =IF(FLOOR((AE217/60),15)>400,"Среднесрок",FLOOR((AE217/60),15)) -> 0 | AG217: =IFERROR(IF(FLOOR((AE217/86400),1)=0,"интрадей",(FLOOR((AE217/86400),1))-(FLOOR((AE217/86400),1))-NETWORKDAYS(E217,C217)),IF(FLOOR((AE217/86400),1)=0,"интрадей",(FLOOR((AE217/86400),1)))) -> интрадей | AH217: =IF(W217>0,W217,0) -> 0 | AI217: =IF(W217<0,W217,0) -> 0 | AJ217: =IF(G217<>"",YEAR(C217),"") | AK217: =IF(G217<>"",(IF(TEXT(C217,"MMMM") = "MMMM",TEXT(C217,"ММММ"),TEXT(C217,"MMMM"))),"") | AL217: =IF(G217<>"",CEILING((C217-DATE(YEAR(C217),1,1)+WEEKDAY(DATE(YEAR(C217),1,1),2))/7,1),"") | AM217: =IF(AR217<>0,T217,0) -> 0 | AN217: =S217+AN216 -> 8 | AO217: =IFERROR(100*(T217-AN217)/AN217,"Заполните депозит") -> -19.875 | AP217: =IFERROR(100*(T217-T216-S217)/(T216+S217),"Заполните депозит") -> 0 | AQ217: =IF(C217<>C216,Y217,0) -> 0 | AR217: =IF(C217<>C218,AA217,0) -> 0 | AS217: =CEILING(I217,5) -> 0 | AT217: =IF(AR217=0,AT216,IF(W217<0,IF(AT216<0,AT216-1,-1),IF(AT216>0,AT216+1,1))) -> -1
B218: 216 | T218: =T217+S218+W218 -> 6.41 | U218: =L218 -> 0 | V218: =M218 -> 0 | W218: =V218+L218 -> 0 | X218: =X217+V217 -> 6.41 | Y218: =Y217+W217 -> -1.59 | Z218: =X218+V218 -> 6.41 | AA218: =Y218+W218 -> -1.59 | AB218: =IF(G218<>"",VLOOKUP(WEEKDAY(C218,2),Служебный!G$4:H$10,2),"") | AC218: =IF(G217 <> "",TEXT((HOUR(D218)),0)&"-"&TEXT(HOUR(D218)+1,0),"") | AD218: =IF(G218<>"",FLOOR((IF(TEXT(D218,"mm") = "mm",TEXT(D218,"мм"),TEXT(D218,"mm"))),15)/15+1,"") | AE218: =ROUND(((E218+F218)-(C218+D218))*86400,0) -> 0 | AF218: =IF(FLOOR((AE218/60),15)>400,"Среднесрок",FLOOR((AE218/60),15)) -> 0 | AG218: =IFERROR(IF(FLOOR((AE218/86400),1)=0,"интрадей",(FLOOR((AE218/86400),1))-(FLOOR((AE218/86400),1))-NETWORKDAYS(E218,C218)),IF(FLOOR((AE218/86400),1)=0,"интрадей",(FLOOR((AE218/86400),1)))) -> интрадей | AH218: =IF(W218>0,W218,0) -> 0 | AI218: =IF(W218<0,W218,0) -> 0 | AJ218: =IF(G218<>"",YEAR(C218),"") | AK218: =IF(G218<>"",(IF(TEXT(C218,"MMMM") = "MMMM",TEXT(C218,"ММММ"),TEXT(C218,"MMMM"))),"") | AL218: =IF(G218<>"",CEILING((C218-DATE(YEAR(C218),1,1)+WEEKDAY(DATE(YEAR(C218),1,1),2))/7,1),"") | AM218: =IF(AR218<>0,T218,0) -> 0 | AN218: =S218+AN217 -> 8 | AO218: =IFERROR(100*(T218-AN218)/AN218,"Заполните депозит") -> -19.875 | AP218: =IFERROR(100*(T218-T217-S218)/(T217+S218),"Заполните депозит") -> 0 | AQ218: =IF(C218<>C217,Y218,0) -> 0 | AR218: =IF(C218<>C219,AA218,0) -> 0 | AS218: =CEILING(I218,5) -> 0 | AT218: =IF(AR218=0,AT217,IF(W218<0,IF(AT217<0,AT217-1,-1),IF(AT217>0,AT217+1,1))) -> -1
B219: 217 | T219: =T218+S219+W219 -> 6.41 | U219: =L219 -> 0 | V219: =M219 -> 0 | W219: =V219+L219 -> 0 | X219: =X218+V218 -> 6.41 | Y219: =Y218+W218 -> -1.59 | Z219: =X219+V219 -> 6.41 | AA219: =Y219+W219 -> -1.59 | AB219: =IF(G219<>"",VLOOKUP(WEEKDAY(C219,2),Служебный!G$4:H$10,2),"") | AC219: =IF(G218 <> "",TEXT((HOUR(D219)),0)&"-"&TEXT(HOUR(D219)+1,0),"") | AD219: =IF(G219<>"",FLOOR((IF(TEXT(D219,"mm") = "mm",TEXT(D219,"мм"),TEXT(D219,"mm"))),15)/15+1,"") | AE219: =ROUND(((E219+F219)-(C219+D219))*86400,0) -> 0 | AF219: =IF(FLOOR((AE219/60),15)>400,"Среднесрок",FLOOR((AE219/60),15)) -> 0 | AG219: =IFERROR(IF(FLOOR((AE219/86400),1)=0,"интрадей",(FLOOR((AE219/86400),1))-(FLOOR((AE219/86400),1))-NETWORKDAYS(E219,C219)),IF(FLOOR((AE219/86400),1)=0,"интрадей",(FLOOR((AE219/86400),1)))) -> интрадей | AH219: =IF(W219>0,W219,0) -> 0 | AI219: =IF(W219<0,W219,0) -> 0 | AJ219: =IF(G219<>"",YEAR(C219),"") | AK219: =IF(G219<>"",(IF(TEXT(C219,"MMMM") = "MMMM",TEXT(C219,"ММММ"),TEXT(C219,"MMMM"))),"") | AL219: =IF(G219<>"",CEILING((C219-DATE(YEAR(C219),1,1)+WEEKDAY(DATE(YEAR(C219),1,1),2))/7,1),"") | AM219: =IF(AR219<>0,T219,0) -> 0 | AN219: =S219+AN218 -> 8 | AO219: =IFERROR(100*(T219-AN219)/AN219,"Заполните депозит") -> -19.875 | AP219: =IFERROR(100*(T219-T218-S219)/(T218+S219),"Заполните депозит") -> 0 | AQ219: =IF(C219<>C218,Y219,0) -> 0 | AR219: =IF(C219<>C220,AA219,0) -> 0 | AS219: =CEILING(I219,5) -> 0 | AT219: =IF(AR219=0,AT218,IF(W219<0,IF(AT218<0,AT218-1,-1),IF(AT218>0,AT218+1,1))) -> -1
B220: 218 | T220: =T219+S220+W220 -> 6.41 | U220: =L220 -> 0 | V220: =M220 -> 0 | W220: =V220+L220 -> 0 | X220: =X219+V219 -> 6.41 | Y220: =Y219+W219 -> -1.59 | Z220: =X220+V220 -> 6.41 | AA220: =Y220+W220 -> -1.59 | AB220: =IF(G220<>"",VLOOKUP(WEEKDAY(C220,2),Служебный!G$4:H$10,2),"") | AC220: =IF(G219 <> "",TEXT((HOUR(D220)),0)&"-"&TEXT(HOUR(D220)+1,0),"") | AD220: =IF(G220<>"",FLOOR((IF(TEXT(D220,"mm") = "mm",TEXT(D220,"мм"),TEXT(D220,"mm"))),15)/15+1,"") | AE220: =ROUND(((E220+F220)-(C220+D220))*86400,0) -> 0 | AF220: =IF(FLOOR((AE220/60),15)>400,"Среднесрок",FLOOR((AE220/60),15)) -> 0 | AG220: =IFERROR(IF(FLOOR((AE220/86400),1)=0,"интрадей",(FLOOR((AE220/86400),1))-(FLOOR((AE220/86400),1))-NETWORKDAYS(E220,C220)),IF(FLOOR((AE220/86400),1)=0,"интрадей",(FLOOR((AE220/86400),1)))) -> интрадей | AH220: =IF(W220>0,W220,0) -> 0 | AI220: =IF(W220<0,W220,0) -> 0 | AJ220: =IF(G220<>"",YEAR(C220),"") | AK220: =IF(G220<>"",(IF(TEXT(C220,"MMMM") = "MMMM",TEXT(C220,"ММММ"),TEXT(C220,"MMMM"))),"") | AL220: =IF(G220<>"",CEILING((C220-DATE(YEAR(C220),1,1)+WEEKDAY(DATE(YEAR(C220),1,1),2))/7,1),"") | AM220: =IF(AR220<>0,T220,0) -> 0 | AN220: =S220+AN219 -> 8 | AO220: =IFERROR(100*(T220-AN220)/AN220,"Заполните депозит") -> -19.875 | AP220: =IFERROR(100*(T220-T219-S220)/(T219+S220),"Заполните депозит") -> 0 | AQ220: =IF(C220<>C219,Y220,0) -> 0 | AR220: =IF(C220<>C221,AA220,0) -> 0 | AS220: =CEILING(I220,5) -> 0 | AT220: =IF(AR220=0,AT219,IF(W220<0,IF(AT219<0,AT219-1,-1),IF(AT219>0,AT219+1,1))) -> -1
B221: 219 | T221: =T220+S221+W221 -> 6.41 | U221: =L221 -> 0 | V221: =M221 -> 0 | W221: =V221+L221 -> 0 | X221: =X220+V220 -> 6.41 | Y221: =Y220+W220 -> -1.59 | Z221: =X221+V221 -> 6.41 | AA221: =Y221+W221 -> -1.59 | AB221: =IF(G221<>"",VLOOKUP(WEEKDAY(C221,2),Служебный!G$4:H$10,2),"") | AC221: =IF(G220 <> "",TEXT((HOUR(D221)),0)&"-"&TEXT(HOUR(D221)+1,0),"") | AD221: =IF(G221<>"",FLOOR((IF(TEXT(D221,"mm") = "mm",TEXT(D221,"мм"),TEXT(D221,"mm"))),15)/15+1,"") | AE221: =ROUND(((E221+F221)-(C221+D221))*86400,0) -> 0 | AF221: =IF(FLOOR((AE221/60),15)>400,"Среднесрок",FLOOR((AE221/60),15)) -> 0 | AG221: =IFERROR(IF(FLOOR((AE221/86400),1)=0,"интрадей",(FLOOR((AE221/86400),1))-(FLOOR((AE221/86400),1))-NETWORKDAYS(E221,C221)),IF(FLOOR((AE221/86400),1)=0,"интрадей",(FLOOR((AE221/86400),1)))) -> интрадей | AH221: =IF(W221>0,W221,0) -> 0 | AI221: =IF(W221<0,W221,0) -> 0 | AJ221: =IF(G221<>"",YEAR(C221),"") | AK221: =IF(G221<>"",(IF(TEXT(C221,"MMMM") = "MMMM",TEXT(C221,"ММММ"),TEXT(C221,"MMMM"))),"") | AL221: =IF(G221<>"",CEILING((C221-DATE(YEAR(C221),1,1)+WEEKDAY(DATE(YEAR(C221),1,1),2))/7,1),"") | AM221: =IF(AR221<>0,T221,0) -> 0 | AN221: =S221+AN220 -> 8 | AO221: =IFERROR(100*(T221-AN221)/AN221,"Заполните депозит") -> -19.875 | AP221: =IFERROR(100*(T221-T220-S221)/(T220+S221),"Заполните депозит") -> 0 | AQ221: =IF(C221<>C220,Y221,0) -> 0 | AR221: =IF(C221<>C222,AA221,0) -> 0 | AS221: =CEILING(I221,5) -> 0 | AT221: =IF(AR221=0,AT220,IF(W221<0,IF(AT220<0,AT220-1,-1),IF(AT220>0,AT220+1,1))) -> -1
B222: 220 | T222: =T221+S222+W222 -> 6.41 | U222: =L222 -> 0 | V222: =M222 -> 0 | W222: =V222+L222 -> 0 | X222: =X221+V221 -> 6.41 | Y222: =Y221+W221 -> -1.59 | Z222: =X222+V222 -> 6.41 | AA222: =Y222+W222 -> -1.59 | AB222: =IF(G222<>"",VLOOKUP(WEEKDAY(C222,2),Служебный!G$4:H$10,2),"") | AC222: =IF(G221 <> "",TEXT((HOUR(D222)),0)&"-"&TEXT(HOUR(D222)+1,0),"") | AD222: =IF(G222<>"",FLOOR((IF(TEXT(D222,"mm") = "mm",TEXT(D222,"мм"),TEXT(D222,"mm"))),15)/15+1,"") | AE222: =ROUND(((E222+F222)-(C222+D222))*86400,0) -> 0 | AF222: =IF(FLOOR((AE222/60),15)>400,"Среднесрок",FLOOR((AE222/60),15)) -> 0 | AG222: =IFERROR(IF(FLOOR((AE222/86400),1)=0,"интрадей",(FLOOR((AE222/86400),1))-(FLOOR((AE222/86400),1))-NETWORKDAYS(E222,C222)),IF(FLOOR((AE222/86400),1)=0,"интрадей",(FLOOR((AE222/86400),1)))) -> интрадей | AH222: =IF(W222>0,W222,0) -> 0 | AI222: =IF(W222<0,W222,0) -> 0 | AJ222: =IF(G222<>"",YEAR(C222),"") | AK222: =IF(G222<>"",(IF(TEXT(C222,"MMMM") = "MMMM",TEXT(C222,"ММММ"),TEXT(C222,"MMMM"))),"") | AL222: =IF(G222<>"",CEILING((C222-DATE(YEAR(C222),1,1)+WEEKDAY(DATE(YEAR(C222),1,1),2))/7,1),"") | AM222: =IF(AR222<>0,T222,0) -> 0 | AN222: =S222+AN221 -> 8 | AO222: =IFERROR(100*(T222-AN222)/AN222,"Заполните депозит") -> -19.875 | AP222: =IFERROR(100*(T222-T221-S222)/(T221+S222),"Заполните депозит") -> 0 | AQ222: =IF(C222<>C221,Y222,0) -> 0 | AR222: =IF(C222<>C223,AA222,0) -> 0 | AS222: =CEILING(I222,5) -> 0 | AT222: =IF(AR222=0,AT221,IF(W222<0,IF(AT221<0,AT221-1,-1),IF(AT221>0,AT221+1,1))) -> -1
B223: 221 | T223: =T222+S223+W223 -> 6.41 | U223: =L223 -> 0 | V223: =M223 -> 0 | W223: =V223+L223 -> 0 | X223: =X222+V222 -> 6.41 | Y223: =Y222+W222 -> -1.59 | Z223: =X223+V223 -> 6.41 | AA223: =Y223+W223 -> -1.59 | AB223: =IF(G223<>"",VLOOKUP(WEEKDAY(C223,2),Служебный!G$4:H$10,2),"") | AC223: =IF(G222 <> "",TEXT((HOUR(D223)),0)&"-"&TEXT(HOUR(D223)+1,0),"") | AD223: =IF(G223<>"",FLOOR((IF(TEXT(D223,"mm") = "mm",TEXT(D223,"мм"),TEXT(D223,"mm"))),15)/15+1,"") | AE223: =ROUND(((E223+F223)-(C223+D223))*86400,0) -> 0 | AF223: =IF(FLOOR((AE223/60),15)>400,"Среднесрок",FLOOR((AE223/60),15)) -> 0 | AG223: =IFERROR(IF(FLOOR((AE223/86400),1)=0,"интрадей",(FLOOR((AE223/86400),1))-(FLOOR((AE223/86400),1))-NETWORKDAYS(E223,C223)),IF(FLOOR((AE223/86400),1)=0,"интрадей",(FLOOR((AE223/86400),1)))) -> интрадей | AH223: =IF(W223>0,W223,0) -> 0 | AI223: =IF(W223<0,W223,0) -> 0 | AJ223: =IF(G223<>"",YEAR(C223),"") | AK223: =IF(G223<>"",(IF(TEXT(C223,"MMMM") = "MMMM",TEXT(C223,"ММММ"),TEXT(C223,"MMMM"))),"") | AL223: =IF(G223<>"",CEILING((C223-DATE(YEAR(C223),1,1)+WEEKDAY(DATE(YEAR(C223),1,1),2))/7,1),"") | AM223: =IF(AR223<>0,T223,0) -> 0 | AN223: =S223+AN222 -> 8 | AO223: =IFERROR(100*(T223-AN223)/AN223,"Заполните депозит") -> -19.875 | AP223: =IFERROR(100*(T223-T222-S223)/(T222+S223),"Заполните депозит") -> 0 | AQ223: =IF(C223<>C222,Y223,0) -> 0 | AR223: =IF(C223<>C224,AA223,0) -> 0 | AS223: =CEILING(I223,5) -> 0 | AT223: =IF(AR223=0,AT222,IF(W223<0,IF(AT222<0,AT222-1,-1),IF(AT222>0,AT222+1,1))) -> -1
... B1001: 999 | T1001: =T1000+S1001+W1001 -> 6.41 | U1001: =L1001 -> 0 | V1001: =M1001 -> 0 | W1001: =V1001+L1001 -> 0 | X1001: =X1000+V1000 -> 6.41 | Y1001: =Y1000+W1000 -> -1.59 | Z1001: =X1001+V1001 -> 6.41 | AA1001: =Y1001+W1001 -> -1.59 | AB1001: =IF(G1001<>"",VLOOKUP(WEEKDAY(C1001,2),Служебный!G$4:H$10,2),"") | AC1001: =IF(G1000 <> "",TEXT((HOUR(D1001)),0)&"-"&TEXT(HOUR(D1001)+1,0),"") | AD1001: =IF(G1001<>"",FLOOR((IF(TEXT(D1001,"mm") = "mm",TEXT(D1001,"мм"),TEXT(D1001,"mm"))),15)/15+1,"") | AE1001: =ROUND(((E1001+F1001)-(C1001+D1001))*86400,0) -> 0 | AF1001: =IF(FLOOR((AE1001/60),15)>400,"Среднесрок",FLOOR((AE1001/60),15)) -> 0 | AG1001: =IFERROR(IF(FLOOR((AE1001/86400),1)=0,"интрадей",(FLOOR((AE1001/86400),1))-(FLOOR((AE1001/86400),1))-NETWORKDAYS(E1001,C1001)),IF(FLOOR((AE1001/86400),1)=0,"интрадей",(FLOOR((AE1001/86400),1)))) -> интрадей | AH1001: =IF(W1001>0,W1001,0) -> 0 | AI1001: =IF(W1001<0,W1001,0) -> 0 | AJ1001: =IF(G1001<>"",YEAR(C1001),"") | AK1001: =IF(G1001<>"",(IF(TEXT(C1001,"MMMM") = "MMMM",TEXT(C1001,"ММММ"),TEXT(C1001,"MMMM"))),"") | AL1001: =IF(G1001<>"",CEILING((C1001-DATE(YEAR(C1001),1,1)+WEEKDAY(DATE(YEAR(C1001),1,1),2))/7,1),"") | AM1001: =IF(AR1001<>0,T1001,0) -> 0 | AN1001: =S1001+AN1000 -> 8 | AO1001: =IFERROR(100*(T1001-AN1001)/AN1001,"Заполните депозит") -> -19.875 | AP1001: =IFERROR(100*(T1001-T1000-S1001)/(T1000+S1001),"Заполните депозит") -> 0 | AQ1001: =IF(C1001<>C1000,Y1001,0) -> 0 | AR1001: =IF(C1001<>C1002,AA1001,0) -> 0 | AS1001: =CEILING(I1001,5) -> 0 | AT1001: =IF(AR1001=0,AT1000,IF(W1001<0,IF(AT1000<0,AT1000-1,-1),IF(AT1000>0,AT1000+1,1))) -> -1

Sheet Сводный
B2: СВОДНЫЕ ДАННЫЕ | I2: РЕЗУЛЬТАТЫ ПО ДНЯМ (диаграмма) | R2: NET-GROSS (диаграмма) | Z2: ИЗМЕНЕНИЕ ДЕПОЗИТА ПО ДНЯМ | AJ2: OHLC РЕЗУЛЬТАТОВ ПО ДНЯМ (диаграмма) | AT2: ЗАВИСИМОСТЬ РЕЗУЛЬТАТА ОТ КОЛИЧЕСТВА СДЕЛОК (диаграмма) | BC2: ЗАВИСИМОСТЬ РЕЗУЛЬТАТА ОТ ОБЪЕМА (диаграмма) | BK2: РЕЗУЛЬТАТ ПО ГОДАМ, МЕСЯЦАМ, НЕДЕЛЯМ (диаграмма)
B4: Депозит | I4: Год | J4: (Все) | R4: Год | S4: (Все) | Z4: Год | AA4: (Все) | AJ4: Год | AK4: (Все) | AT4: Год | AU4: (Все) | BC4: Год | BD4: (Все)
B5: Внесение средств на счет | C5: =SUM(Данные!S:S) -> 8 | I5: Месяц | J5: (Все) | R5: Месяц | S5: (Все) | Z5: Месяц | AA5: (Все) | AJ5: Месяц | AK5: (Все) | AT5: Месяц | AU5: (Все) | BC5: Месяц | BD5: (Все) | BK5: День недели | BL5: (Все)
B6: Текущий остаток на счете | C6: =C5+C10 -> 6.41 | I6: Неделя | J6: (Все) | R6: Неделя | S6: (Все) | Z6: Неделя | AA6: (Все) | AJ6: Неделя | AK6: (Все) | AT6: Неделя | AU6: (Все) | BC6: Неделя | BD6: (Все) | BK6: Часы | BL6: (Все)
B7: Общая доходность портфеля | C7: =(C6-C5)/C5 -> -0.19875
B8: Общая статистика | J8: Данные | S8: Данные | AA8: Данные | AK8: Данные | AU8: Данные | BD8: Данные | BN8: Данные
B9: Результат без комиссии (Gross) | C9: =SUM(Данные!V:V) -> -1.59 | I9: Дата | J9: Net | K9: Комиссия | L9: кол. сделок | R9: Дата | S9: NET | T9: GROSS | Z9: Дата | AA9: Изменение | AB9: Депозит по дням | AC9: Доходность за день % | AD9: Общая доходность % | AJ9: Дата | AK9: Open | AL9: Hi | AM9: Low | AN9: Close | AT9: Дата | AU9: Кол-во сделок | AV9: Ср. результат | AW9: Результат | BC9: Дата | BD9: Объем | BE9: Результат | BK9: Год | BL9: Месяц | BM9: Неделя | BN9: Net | BO9: Комиссия | BP9: Кол. сделок
B10: Результат общий (Net) | C10: =SUM(Данные!W:W) -> -1.59 | I10: 42187 | J10: 2.45 | K10: 0 | L10: 1 | R10: 42187 | S10: 2.45 | T10: 2.45 | Z10: 42187 | AA10: 8 | AB10: 10.45 | AC10: 30.625 | AD10: 30.625 | AJ10: 42187 | AK10: 0 | AL10: 2.45 | AM10: 2.45 | AN10: 2.45 | AT10: 42187 | AU10: 1 | AV10: 2.45 | AW10: 2.45 | BC10: 42187 | BD10: 0.01 | BE10: 2.45 | BK10: 2015 | BL10: Июль | BM10: 27 | BN10: 2.45 | BO10: 0 | BP10: 1
B11: Проторговано(объем) | C11: =SUM(Данные!K:K) -> 0.43 | I11: 42191 | J11: 0.89 | K11: 0 | L11: 1 | R11: 42192 | S11: 0.77 | T11: 0.77 | Z11: 42191 | AA11: 8 | AB11: 9.66 | AC11: 10.148233 | AD11: 40.773233 | AJ11: 42191 | AK11: 0.77 | AL11: 1.66 | AM11: 1.66 | AN11: 1.66 | AT11: 42192 | AU11: 1 | AV11: -1.68 | AW11: -1.68 | BC11: 42192 | BD11: 0.01 | BE11: -1.68 | BM11: 28 | BN11: 4.38 | BO11: 0 | BP11: 5
B12: Статтистика по сделкам | I12: 42192 | J12: -1.68 | K12: 0 | L12: 1 | R12: 42191 | S12: 1.66 | T12: 1.66 | Z12: 42192 | AA12: 8 | AB12: 8.77 | AC12: -16.076555 | AD12: 24.696678 | AJ12: 42192 | AK12: 2.45 | AL12: 0.77 | AM12: 0.77 | AN12: 0.77 | AT12: 42191 | AU12: 1 | AV12: 0.89 | AW12: 0.89 | BC12: 42191 | BD12: 0.01 | BE12: 0.89 | BM12: 29 | BN12: 1.58 | BO12: 0 | BP12: 8
B13: Всего сделок | C13: =COUNT(Данные!K:K) -> 37 | I13: 42195 | J13: 5.17 | K13: 0 | L13: 3 | R13: 42195 | S13: 6.83 | T13: 6.83 | Z13: 42195 | AA13: 8 | AB13: 23.15 | AC13: 56.096721 | AD13: 80.793398 | AJ13: 42195 | AK13: 1.98 | AL13: 5.71 | AM13: 1.44 | AN13: 7.15 | AT13: 42195 | AU13: 3 | AV13: 1.7233333 | AW13: 5.17 | BC13: 42195 | BD13: 0.03 | BE13: 5.17 | BM13: 30 | BN13: -3.71 | BO13: 0 | BP13: 4
B14: Прибыльных сделок | C14: =COUNTIF(Данные!W:W,">0") -> 23 | I14: 42198 | J14: 2.72 | K14: 0 | L14: 3 | R14: 42199 | S14: 6.96 | T14: 6.96 | Z14: 42198 | AA14: 8 | AB14: 40.7 | AC14: 19.427353 | AD14: 100.22075 | AJ14: 42198 | AK14: 13.98 | AL14: 8.87 | AM14: 0.24 | AN14: 16.7 | AT14: 42199 | AU14: 4 | AV14: 0.0325 | AW14: 0.13 | BC14: 42199 | BD14: 0.04 | BE14: 0.13 | BM14: 31 | BN14: 3.51 | BO14: 0 | BP14: 8
B15: Убыточных сделок | C15: =COUNTIF(Данные!W:W,"<0") -> 14 | I15: 42199 | J15: 0.13 | K15: 0 | L15: 4 | R15: 42198 | S15: 9.68 | T15: 9.68 | Z15: 42199 | AA15: 8 | AB15: 48.39 | AC15: -3.9178653 | AD15: 96.302886 | AJ15: 42199 | AK15: 16.26 | AL15: 9.6 | AM15: 0.15 | AN15: 16.39 | AT15: 42198 | AU15: 3 | AV15: 0.90666667 | AW15: 2.72 | BC15: 42198 | BD15: 0.03 | BE15: 2.72 | BL15: Август | BM15: 32 | BN15: -5.31 | BO15: 0 | BP15: 4
B16: Средняя прибыльная сделка | C16: =IF(C14=0,0,C21/C14) -> 0.78086957 | I16: 42201 | J16: -1.27 | K16: 0 | L16: 1 | R16: 42201 | S16: 8.41 | T16: 8.41 | Z16: 42201 | AA16: 8 | AB16: 16.33 | AC16: -7.2159091 | AD16: 89.086977 | AJ16: 42201 | AK16: 9.6 | AL16: 8.33 | AM16: 8.33 | AN16: 8.33 | AT16: 42201 | AU16: 1 | AV16: -1.27 | AW16: -1.27 | BC16: 42201 | BD16: 0.01 | BE16: -1.27 | BM16: 33 | BN16: -4.49 | BO16: 0 | BP16: 7
B17: Средняя убыточная сделка | C17: =IF(C15=0,0,C22/C15) -> -1.3964286 | I17: 42207 | J17: 0.01 | K17: 0 | L17: 1 | R17: 42208 | S17: 7.59 | T17: 7.59 | Z17: 42207 | AA17: 8 | AB17: 15.6 | AC17: 0.064143682 | AD17: 89.151121 | AJ17: 42207 | AK17: 7.59 | AL17: 7.6 | AM17: 7.6 | AN17: 7.6 | AT17: 42208 | AU17: 1 | AV17: -0.82 | AW17: -0.82 | BC17: 42208 | BD17: 0.01 | BE17: -0.82 | BK17: Общий итог | BN17: -1.59 | BO17: 0 | BP17: 37
B18: Средняя сделка | C18: =IF(C13=0,0,C10/C13) -> -0.042972973 | I18: 42208 | J18: -0.82 | K18: 0 | L18: 1 | R18: 42207 | S18: 7.6 | T18: 7.6 | Z18: 42208 | AA18: 8 | AB18: 15.51 | AC18: -5.0214329 | AD18: 84.129688 | AJ18: 42208 | AK18: 8.33 | AL18: 7.51 | AM18: 7.51 | AN18: 7.51 | AT18: 42207 | AU18: 1 | AV18: 0.01 | AW18: 0.01 | BC18: 42207 | BD18: 0.01 | BE18: 0.01
B19: Максимальная прибыльная сделка | C19: =MAX(Данные!W:W) -> 4.17 | I19: 42209 | J19: -2.9 | K19: 0 | L19: 2 | R19: 42209 | S19: 4.7 | T19: 4.7 | Z19: 42209 | AA19: 8 | AB19: 12.7 | AC19: -19.544626 | AD19: 64.585062 | AJ19: 42209 | AK19: 7.6 | AL19: 6.06 | AM19: 4.7 | AN19: 4.7 | AT19: 42209 | AU19: 2 | AV19: -1.45 | AW19: -2.9 | BC19: 42209 | BD19: 0.02 | BE19: -2.9
B20: Максимальная убыточная сделка | C20: =MIN(Данные!W:W) -> -2.98 | I20: 42212 | J20: 0.23 | K20: 0 | L20: 1 | R20: 42213 | S20: 5.51 | T20: 5.51 | Z20: 42212 | AA20: 8 | AB20: 14.62 | AC20: 1.5983322 | AD20: 66.183394 | AJ20: 42212 | AK20: 6.39 | AL20: 6.62 | AM20: 6.62 | AN20: 6.62 | AT20: 42213 | AU20: 1 | AV20: 0.81 | AW20: 0.81 | BC20: 42213 | BD20: 0.01 | BE20: 0.81
B21: Сумма прибыльных сделок | C21: =SUMIF(Данные!W:W,">0",Данные!W:W) -> 17.96 | I21: 42213 | J21: 0.81 | K21: 0 | L21: 1 | R21: 42215 | S21: 7.98 | T21: 7.98 | Z21: 42213 | AA21: 8 | AB21: 13.51 | AC21: 6.3779528 | AD21: 72.561347 | AJ21: 42213 | AK21: 4.7 | AL21: 5.51 | AM21: 5.51 | AN21: 5.51 | AT21: 42215 | AU21: 6 | AV21: 0.41166667 | AW21: 2.47 | BC21: 42215 | BD21: 0.06 | BE21: 2.47
B22: Сумма убыточных сделок | C22: =SUMIF(Данные!W:W,"<0",Данные!W:W) -> -19.55 | I22: 42215 | J22: 2.47 | K22: 0 | L22: 6 | R22: 42212 | S22: 8.21 | T22: 8.21 | Z22: 42215 | AA22: 8 | AB22: 54.1 | AC22: 18.812413 | AD22: 91.37376 | AJ22: 42215 | AK22: 19.63 | AL22: 6.39 | AM22: 4.64 | AN22: 22.1 | AT22: 42212 | AU22: 1 | AV22: 0.23 | AW22: 0.23 | BC22: 42212 | BD22: 0.01 | BE22: 0.23
B23: Статистика по дням | I23: 42221 | J23: -2.05 | K23: 0 | L23: 2 | R23: 42221 | S23: 6.16 | T23: 6.16 | Z23: 42221 | AA23: 8 | AB23: 20.37 | AC23: -19.583816 | AD23: 71.789944 | AJ23: 42221 | AK23: 6.42 | AL23: 5.5 | AM23: -1.13 | AN23: 4.37 | AT23: 42221 | AU23: 2 | AV23: -1.025 | AW23: -2.05 | BC23: 42221 | BD23: 0.02 | BE23: -2.05
B24: Прибыльных дней | C24: =COUNTIF(J:J,">0") -> 10 | I24: 42222 | J24: -3.26 | K24: 0 | L24: 2 | R24: 42222 | S24: 2.9 | T24: 2.9 | Z24: 42222 | AA24: 8 | AB24: 23.81 | AC24: -23.755737 | AD24: 48.034207 | AJ24: 42222 | AK24: 11.07 | AL24: 4.17 | AM24: 3.64 | AN24: 7.81 | AT24: 42222 | AU24: 2 | AV24: -1.63 | AW24: -3.26 | BC24: 42222 | BD24: 0.02 | BE24: -3.26
B25: Убыточных дней | C25: =COUNTIF(J:J,"<0") -> 10 | I25: 42226 | J25: -2.98 | K25: 0 | L25: 1 | R25: 42227 | S25: 3.73 | T25: 3.73 | Z25: 42226 | AA25: 8 | AB25: 9.66 | AC25: -23.575949 | AD25: 24.458258 | AJ25: 42226 | AK25: 4.64 | AL25: 1.66 | AM25: 1.66 | AN25: 1.66 | AT25: 42227 | AU25: 2 | AV25: 0.415 | AW25: 0.83 | BC25: 42227 | BD25: 0.03 | BE25: 0.83
B26: Всего дней | C26: =COUNT(J:J) -> 20 | I26: 42227 | J26: 0.83 | K26: 0 | L26: 2 | R26: 42226 | S26: 0.75 | T26: 0.75 | Z26: 42227 | AA26: 8 | AB26: 20.25 | AC26: 7.2158323 | AD26: 31.67409 | AJ26: 42227 | AK26: 3.42 | AL26: 4.45 | AM26: -0.2 | AN26: 4.25 | AT26: 42226 | AU26: 1 | AV26: -2.98 | AW26: -2.98 | BC26: 42226 | BD26: 0.02 | BE26: -2.98
B27: Макс кол-во прибыльных дней подряд | C27: =MAX(Данные!AT:AT) -> 6 | I27: 42228 | J27: -1.71 | K27: 0 | L27: 2 | R27: 42228 | S27: -0.96 | T27: -0.96 | Z27: 42228 | AA27: 8 | AB27: 14.82 | AC27: -16.987171 | AD27: 14.686919 | AJ27: 42228 | AK27: 0.53 | AL27: -0.22 | AM27: -0.96 | AN27: -1.18 | AT27: 42228 | AU27: 2 | AV27: -0.855 | AW27: -1.71 | BC27: 42228 | BD27: 0.04 | BE27: -1.71
B28: Макс кол-во убыточных дней подряд | C28: =MIN(Данные!AT:AT)*-1 -> 2 | I28: 42229 | J28: -0.63 | K28: 0 | L28: 2 | R28: 42229 | S28: -1.59 | T28: -1.59 | Z28: 42229 | AA28: 8 | AB28: 6.41 | AC28: -7.6721345 | AD28: 7.0147849 | AJ28: 42229 | AK28: -0.96 | AL28: -0.39 | AM28: -1.59 | AN28: -1.59 | AT28: 42229 | AU28: 2 | AV28: -0.315 | AW28: -0.63 | BC28: 42229 | BD28: 0.04 | BE28: -0.63
I29: Общий итог | J29: -1.59 | K29: 0 | L29: 37

Sheet Графики
C197: =Сводный!$AJ10 -> 42187 | E197: =GETPIVOTDATA("Open",Сводный!$AJ$8,"Дата",DATE(YEAR(Сводный!$AJ10),MONTH(Сводный!$AJ10),DAY(Сводный!$AJ10))) -> 0 | F197: =GETPIVOTDATA("Hi",Сводный!$AJ$8,"Дата",DATE(YEAR(Сводный!$AJ10),MONTH(Сводный!$AJ10),DAY(Сводный!$AJ10))) -> 2.45 | G197: =GETPIVOTDATA("Low",Сводный!$AJ$8,"Дата",DATE(YEAR(Сводный!$AJ10),MONTH(Сводный!$AJ10),DAY(Сводный!$AJ10))) -> 2.45 | H197: =GETPIVOTDATA("Close",Сводный!$AJ$8,"Дата",DATE(YEAR(Сводный!$AJ10),MONTH(Сводный!$AJ10),DAY(Сводный!$AJ10))) -> 2.45 | K197: =Сводный!AT10 -> 42187 | L197: =GETPIVOTDATA("Кол-во сделок",Сводный!$AT$8,"Дата",DATE(YEAR(Сводный!$AT10),MONTH(Сводный!$AT10),DAY(Сводный!$AT10))) -> 1 | M197: =GETPIVOTDATA("Результат",Сводный!$AT$8,"Дата",DATE(YEAR(Сводный!$AT10),MONTH(Сводный!$AT10),DAY(Сводный!$AT10))) -> 2.45 | P197: =Сводный!BC10 -> 42187 | Q197: =GETPIVOTDATA("Объем",Сводный!$BC$8,"Дата",DATE(YEAR(Сводный!$BC10),MONTH(Сводный!$BC10),DAY(Сводный!$BC10))) -> 0.01 | R197: =GETPIVOTDATA("Результат",Сводный!$BC$8,"Дата",DATE(YEAR(Сводный!$BC10),MONTH(Сводный!$BC10),DAY(Сводный!$BC10))) -> 2.45
C198: =Сводный!$AJ11 -> 42191 | E198: =GETPIVOTDATA("Open",Сводный!$AJ$8,"Дата",DATE(YEAR(Сводный!$AJ11),MONTH(Сводный!$AJ11),DAY(Сводный!$AJ11))) -> 0.77 | F198: =GETPIVOTDATA("Hi",Сводный!$AJ$8,"Дата",DATE(YEAR(Сводный!$AJ11),MONTH(Сводный!$AJ11),DAY(Сводный!$AJ11))) -> 1.66 | G198: =GETPIVOTDATA("Low",Сводный!$AJ$8,"Дата",DATE(YEAR(Сводный!$AJ11),MONTH(Сводный!$AJ11),DAY(Сводный!$AJ11))) -> 1.66 | H198: =GETPIVOTDATA("Close",Сводный!$AJ$8,"Дата",DATE(YEAR(Сводный!$AJ11),MONTH(Сводный!$AJ11),DAY(Сводный!$AJ11))) -> 1.66 | K198: =Сводный!AT11 -> 42192 | L198: =GETPIVOTDATA("Кол-во сделок",Сводный!$AT$8,"Дата",DATE(YEAR(Сводный!$AT11),MONTH(Сводный!$AT11),DAY(Сводный!$AT11))) -> 1 | M198: =GETPIVOTDATA("Результат",Сводный!$AT$8,"Дата",DATE(YEAR(Сводный!$AT11),MONTH(Сводный!$AT11),DAY(Сводный!$AT11))) -> -1.68 | P198: =Сводный!BC11 -> 42192 | Q198: =GETPIVOTDATA("Объем",Сводный!$BC$8,"Дата",DATE(YEAR(Сводный!$BC11),MONTH(Сводный!$BC11),DAY(Сводный!$BC11))) -> 0.01 | R198: =GETPIVOTDATA("Результат",Сводный!$BC$8,"Дата",DATE(YEAR(Сводный!$BC11),MONTH(Сводный!$BC11),DAY(Сводный!$BC11))) -> -1.68
C199: =Сводный!$AJ12 -> 42192 | E199: =GETPIVOTDATA("Open",Сводный!$AJ$8,"Дата",DATE(YEAR(Сводный!$AJ12),MONTH(Сводный!$AJ12),DAY(Сводный!$AJ12))) -> 2.45 | F199: =GETPIVOTDATA("Hi",Сводный!$AJ$8,"Дата",DATE(YEAR(Сводный!$AJ12),MONTH(Сводный!$AJ12),DAY(Сводный!$AJ12))) -> 0.77 | G199: =GETPIVOTDATA("Low",Сводный!$AJ$8,"Дата",DATE(YEAR(Сводный!$AJ12),MONTH(Сводный!$AJ12),DAY(Сводный!$AJ12))) -> 0.77 | H199: =GETPIVOTDATA("Close",Сводный!$AJ$8,"Дата",DATE(YEAR(Сводный!$AJ12),MONTH(Сводный!$AJ12),DAY(Сводный!$AJ12))) -> 0.77 | K199: =Сводный!AT12 -> 42191 | L199: =GETPIVOTDATA("Кол-во сделок",Сводный!$AT$8,"Дата",DATE(YEAR(Сводный!$AT12),MONTH(Сводный!$AT12),DAY(Сводный!$AT12))) -> 1 | M199: =GETPIVOTDATA("Результат",Сводный!$AT$8,"Дата",DATE(YEAR(Сводный!$AT12),MONTH(Сводный!$AT12),DAY(Сводный!$AT12))) -> 0.89 | P199: =Сводный!BC12 -> 42191 | Q199: =GETPIVOTDATA("Объем",Сводный!$BC$8,"Дата",DATE(YEAR(Сводный!$BC12),MONTH(Сводный!$BC12),DAY(Сводный!$BC12))) -> 0.01 | R199: =GETPIVOTDATA("Результат",Сводный!$BC$8,"Дата",DATE(YEAR(Сводный!$BC12),MONTH(Сводный!$BC12),DAY(Сводный!$BC12))) -> 0.89
C200: =Сводный!$AJ13 -> 42195 | E200: =GETPIVOTDATA("Open",Сводный!$AJ$8,"Дата",DATE(YEAR(Сводный!$AJ13),MONTH(Сводный!$AJ13),DAY(Сводный!$AJ13))) -> 1.98 | F200: =GETPIVOTDATA("Hi",Сводный!$AJ$8,"Дата",DATE(YEAR(Сводный!$AJ13),MONTH(Сводный!$AJ13),DAY(Сводный!$AJ13))) -> 5.71 | G200: =GETPIVOTDATA("Low",Сводный!$AJ$8,"Дата",DATE(YEAR(Сводный!$AJ13),MONTH(Сводный!$AJ13),DAY(Сводный!$AJ13))) -> 1.44 | H200: =GETPIVOTDATA("Close",Сводный!$AJ$8,"Дата",DATE(YEAR(Сводный!$AJ13),MONTH(Сводный!$AJ13),DAY(Сводный!$AJ13))) -> 7.15 | K200: =Сводный!AT13 -> 42195 | L200: =GETPIVOTDATA("Кол-во сделок",Сводный!$AT$8,"Дата",DATE(YEAR(Сводный!$AT13),MONTH(Сводный!$AT13),DAY(Сводный!$AT13))) -> 3 | M200: =GETPIVOTDATA("Результат",Сводный!$AT$8,"Дата",DATE(YEAR(Сводный!$AT13),MONTH(Сводный!$AT13),DAY(Сводный!$AT13))) -> 5.17 | P200: =Сводный!BC13 -> 42195 | Q200: =GETPIVOTDATA("Объем",Сводный!$BC$8,"Дата",DATE(YEAR(Сводный!$BC13),MONTH(Сводный!$BC13),DAY(Сводный!$BC13))) -> 0.03 | R200: =GETPIVOTDATA("Результат",Сводный!$BC$8,"Дата",DATE(YEAR(Сводный!$BC13),MONTH(Сводный!$BC13),DAY(Сводный!$BC13))) -> 5.17
C201: =Сводный!$AJ14 -> 42198 | E201: =GETPIVOTDATA("Open",Сводный!$AJ$8,"Дата",DATE(YEAR(Сводный!$AJ14),MONTH(Сводный!$AJ14),DAY(Сводный!$AJ14))) -> 13.98 | F201: =GETPIVOTDATA("Hi",Сводный!$AJ$8,"Дата",DATE(YEAR(Сводный!$AJ14),MONTH(Сводный!$AJ14),DAY(Сводный!$AJ14))) -> 8.87 | G201: =GETPIVOTDATA("Low",Сводный!$AJ$8,"Дата",DATE(YEAR(Сводный!$AJ14),MONTH(Сводный!$AJ14),DAY(Сводный!$AJ14))) -> 0.24 | H201: =GETPIVOTDATA("Close",Сводный!$AJ$8,"Дата",DATE(YEAR(Сводный!$AJ14),MONTH(Сводный!$AJ14),DAY(Сводный!$AJ14))) -> 16.7 | K201: =Сводный!AT14 -> 42199 | L201: =GETPIVOTDATA("Кол-во сделок",Сводный!$AT$8,"Дата",DATE(YEAR(Сводный!$AT14),MONTH(Сводный!$AT14),DAY(Сводный!$AT14))) -> 4 | M201: =GETPIVOTDATA("Результат",Сводный!$AT$8,"Дата",DATE(YEAR(Сводный!$AT14),MONTH(Сводный!$AT14),DAY(Сводный!$AT14))) -> 0.13 | P201: =Сводный!BC14 -> 42199 | Q201: =GETPIVOTDATA("Объем",Сводный!$BC$8,"Дата",DATE(YEAR(Сводный!$BC14),MONTH(Сводный!$BC14),DAY(Сводный!$BC14))) -> 0.04 | R201: =GETPIVOTDATA("Результат",Сводный!$BC$8,"Дата",DATE(YEAR(Сводный!$BC14),MONTH(Сводный!$BC14),DAY(Сводный!$BC14))) -> 0.13
C202: =Сводный!$AJ15 -> 42199 | E202: =GETPIVOTDATA("Open",Сводный!$AJ$8,"Дата",DATE(YEAR(Сводный!$AJ15),MONTH(Сводный!$AJ15),DAY(Сводный!$AJ15))) -> 16.26 | F202: =GETPIVOTDATA("Hi",Сводный!$AJ$8,"Дата",DATE(YEAR(Сводный!$AJ15),MONTH(Сводный!$AJ15),DAY(Сводный!$AJ15))) -> 9.6 | G202: =GETPIVOTDATA("Low",Сводный!$AJ$8,"Дата",DATE(YEAR(Сводный!$AJ15),MONTH(Сводный!$AJ15),DAY(Сводный!$AJ15))) -> 0.15 | H202: =GETPIVOTDATA("Close",Сводный!$AJ$8,"Дата",DATE(YEAR(Сводный!$AJ15),MONTH(Сводный!$AJ15),DAY(Сводный!$AJ15))) -> 16.39 | K202: =Сводный!AT15 -> 42198 | L202: =GETPIVOTDATA("Кол-во сделок",Сводный!$AT$8,"Дата",DATE(YEAR(Сводный!$AT15),MONTH(Сводный!$AT15),DAY(Сводный!$AT15))) -> 3 | M202: =GETPIVOTDATA("Результат",Сводный!$AT$8,"Дата",DATE(YEAR(Сводный!$AT15),MONTH(Сводный!$AT15),DAY(Сводный!$AT15))) -> 2.72 | P202: =Сводный!BC15 -> 42198 | Q202: =GETPIVOTDATA("Объем",Сводный!$BC$8,"Дата",DATE(YEAR(Сводный!$BC15),MONTH(Сводный!$BC15),DAY(Сводный!$BC15))) -> 0.03 | R202: =GETPIVOTDATA("Результат",Сводный!$BC$8,"Дата",DATE(YEAR(Сводный!$BC15),MONTH(Сводный!$BC15),DAY(Сводный!$BC15))) -> 2.72
C203: =Сводный!$AJ16 -> 42201 | E203: =GETPIVOTDATA("Open",Сводный!$AJ$8,"Дата",DATE(YEAR(Сводный!$AJ16),MONTH(Сводный!$AJ16),DAY(Сводный!$AJ16))) -> 9.6 | F203: =GETPIVOTDATA("Hi",Сводный!$AJ$8,"Дата",DATE(YEAR(Сводный!$AJ16),MONTH(Сводный!$AJ16),DAY(Сводный!$AJ16))) -> 8.33 | G203: =GETPIVOTDATA("Low",Сводный!$AJ$8,"Дата",DATE(YEAR(Сводный!$AJ16),MONTH(Сводный!$AJ16),DAY(Сводный!$AJ16))) -> 8.33 | H203: =GETPIVOTDATA("Close",Сводный!$AJ$8,"Дата",DATE(YEAR(Сводный!$AJ16),MONTH(Сводный!$AJ16),DAY(Сводный!$AJ16))) -> 8.33 | K203: =Сводный!AT16 -> 42201 | L203: =GETPIVOTDATA("Кол-во сделок",Сводный!$AT$8,"Дата",DATE(YEAR(Сводный!$AT16),MONTH(Сводный!$AT16),DAY(Сводный!$AT16))) -> 1 | M203: =GETPIVOTDATA("Результат",Сводный!$AT$8,"Дата",DATE(YEAR(Сводный!$AT16),MONTH(Сводный!$AT16),DAY(Сводный!$AT16))) -> -1.27 | P203: =Сводный!BC16 -> 42201 | Q203: =GETPIVOTDATA("Объем",Сводный!$BC$8,"Дата",DATE(YEAR(Сводный!$BC16),MONTH(Сводный!$BC16),DAY(Сводный!$BC16))) -> 0.01 | R203: =GETPIVOTDATA("Результат",Сводный!$BC$8,"Дата",DATE(YEAR(Сводный!$BC16),MONTH(Сводный!$BC16),DAY(Сводный!$BC16))) -> -1.27
C204: =Сводный!$AJ17 -> 42207 | E204: =GETPIVOTDATA("Open",Сводный!$AJ$8,"Дата",DATE(YEAR(Сводный!$AJ17),MONTH(Сводный!$AJ17),DAY(Сводный!$AJ17))) -> 7.59 | F204: =GETPIVOTDATA("Hi",Сводный!$AJ$8,"Дата",DATE(YEAR(Сводный!$AJ17),MONTH(Сводный!$AJ17),DAY(Сводный!$AJ17))) -> 7.6 | G204: =GETPIVOTDATA("Low",Сводный!$AJ$8,"Дата",DATE(YEAR(Сводный!$AJ17),MONTH(Сводный!$AJ17),DAY(Сводный!$AJ17))) -> 7.6 | H204: =GETPIVOTDATA("Close",Сводный!$AJ$8,"Дата",DATE(YEAR(Сводный!$AJ17),MONTH(Сводный!$AJ17),DAY(Сводный!$AJ17))) -> 7.6 | K204: =Сводный!AT17 -> 42208 | L204: =GETPIVOTDATA("Кол-во сделок",Сводный!$AT$8,"Дата",DATE(YEAR(Сводный!$AT17),MONTH(Сводный!$AT17),DAY(Сводный!$AT17))) -> 1 | M204: =GETPIVOTDATA("Результат",Сводный!$AT$8,"Дата",DATE(YEAR(Сводный!$AT17),MONTH(Сводный!$AT17),DAY(Сводный!$AT17))) -> -0.82 | P204: =Сводный!BC17 -> 42208 | Q204: =GETPIVOTDATA("Объем",Сводный!$BC$8,"Дата",DATE(YEAR(Сводный!$BC17),MONTH(Сводный!$BC17),DAY(Сводный!$BC17))) -> 0.01 | R204: =GETPIVOTDATA("Результат",Сводный!$BC$8,"Дата",DATE(YEAR(Сводный!$BC17),MONTH(Сводный!$BC17),DAY(Сводный!$BC17))) -> -0.82
C205: =Сводный!$AJ18 -> 42208 | E205: =GETPIVOTDATA("Open",Сводный!$AJ$8,"Дата",DATE(YEAR(Сводный!$AJ18),MONTH(Сводный!$AJ18),DAY(Сводный!$AJ18))) -> 8.33 | F205: =GETPIVOTDATA("Hi",Сводный!$AJ$8,"Дата",DATE(YEAR(Сводный!$AJ18),MONTH(Сводный!$AJ18),DAY(Сводный!$AJ18))) -> 7.51 | G205: =GETPIVOTDATA("Low",Сводный!$AJ$8,"Дата",DATE(YEAR(Сводный!$AJ18),MONTH(Сводный!$AJ18),DAY(Сводный!$AJ18))) -> 7.51 | H205: =GETPIVOTDATA("Close",Сводный!$AJ$8,"Дата",DATE(YEAR(Сводный!$AJ18),MONTH(Сводный!$AJ18),DAY(Сводный!$AJ18))) -> 7.51 | K205: =Сводный!AT18 -> 42207 | L205: =GETPIVOTDATA("Кол-во сделок",Сводный!$AT$8,"Дата",DATE(YEAR(Сводный!$AT18),MONTH(Сводный!$AT18),DAY(Сводный!$AT18))) -> 1 | M205: =GETPIVOTDATA("Результат",Сводный!$AT$8,"Дата",DATE(YEAR(Сводный!$AT18),MONTH(Сводный!$AT18),DAY(Сводный!$AT18))) -> 0.01 | P205: =Сводный!BC18 -> 42207 | Q205: =GETPIVOTDATA("Объем",Сводный!$BC$8,"Дата",DATE(YEAR(Сводный!$BC18),MONTH(Сводный!$BC18),DAY(Сводный!$BC18))) -> 0.01 | R205: =GETPIVOTDATA("Результат",Сводный!$BC$8,"Дата",DATE(YEAR(Сводный!$BC18),MONTH(Сводный!$BC18),DAY(Сводный!$BC18))) -> 0.01
C206: =Сводный!$AJ19 -> 42209 | E206: =GETPIVOTDATA("Open",Сводный!$AJ$8,"Дата",DATE(YEAR(Сводный!$AJ19),MONTH(Сводный!$AJ19),DAY(Сводный!$AJ19))) -> 7.6 | F206: =GETPIVOTDATA("Hi",Сводный!$AJ$8,"Дата",DATE(YEAR(Сводный!$AJ19),MONTH(Сводный!$AJ19),DAY(Сводный!$AJ19))) -> 6.06 | G206: =GETPIVOTDATA("Low",Сводный!$AJ$8,"Дата",DATE(YEAR(Сводный!$AJ19),MONTH(Сводный!$AJ19),DAY(Сводный!$AJ19))) -> 4.7 | H206: =GETPIVOTDATA("Close",Сводный!$AJ$8,"Дата",DATE(YEAR(Сводный!$AJ19),MONTH(Сводный!$AJ19),DAY(Сводный!$AJ19))) -> 4.7 | K206: =Сводный!AT19 -> 42209 | L206: =GETPIVOTDATA("Кол-во сделок",Сводный!$AT$8,"Дата",DATE(YEAR(Сводный!$AT19),MONTH(Сводный!$AT19),DAY(Сводный!$AT19))) -> 2 | M206: =GETPIVOTDATA("Результат",Сводный!$AT$8,"Дата",DATE(YEAR(Сводный!$AT19),MONTH(Сводный!$AT19),DAY(Сводный!$AT19))) -> -2.9 | P206: =Сводный!BC19 -> 42209 | Q206: =GETPIVOTDATA("Объем",Сводный!$BC$8,"Дата",DATE(YEAR(Сводный!$BC19),MONTH(Сводный!$BC19),DAY(Сводный!$BC19))) -> 0.02 | R206: =GETPIVOTDATA("Результат",Сводный!$BC$8,"Дата",DATE(YEAR(Сводный!$BC19),MONTH(Сводный!$BC19),DAY(Сводный!$BC19))) -> -2.9
C207: =Сводный!$AJ20 -> 42212 | E207: =GETPIVOTDATA("Open",Сводный!$AJ$8,"Дата",DATE(YEAR(Сводный!$AJ20),MONTH(Сводный!$AJ20),DAY(Сводный!$AJ20))) -> 6.39 | F207: =GETPIVOTDATA("Hi",Сводный!$AJ$8,"Дата",DATE(YEAR(Сводный!$AJ20),MONTH(Сводный!$AJ20),DAY(Сводный!$AJ20))) -> 6.62 | G207: =GETPIVOTDATA("Low",Сводный!$AJ$8,"Дата",DATE(YEAR(Сводный!$AJ20),MONTH(Сводный!$AJ20),DAY(Сводный!$AJ20))) -> 6.62 | H207: =GETPIVOTDATA("Close",Сводный!$AJ$8,"Дата",DATE(YEAR(Сводный!$AJ20),MONTH(Сводный!$AJ20),DAY(Сводный!$AJ20))) -> 6.62 | K207: =Сводный!AT20 -> 42213 | L207: =GETPIVOTDATA("Кол-во сделок",Сводный!$AT$8,"Дата",DATE(YEAR(Сводный!$AT20),MONTH(Сводный!$AT20),DAY(Сводный!$AT20))) -> 1 | M207: =GETPIVOTDATA("Результат",Сводный!$AT$8,"Дата",DATE(YEAR(Сводный!$AT20),MONTH(Сводный!$AT20),DAY(Сводный!$AT20))) -> 0.81 | P207: =Сводный!BC20 -> 42213 | Q207: =GETPIVOTDATA("Объем",Сводный!$BC$8,"Дата",DATE(YEAR(Сводный!$BC20),MONTH(Сводный!$BC20),DAY(Сводный!$BC20))) -> 0.01 | R207: =GETPIVOTDATA("Результат",Сводный!$BC$8,"Дата",DATE(YEAR(Сводный!$BC20),MONTH(Сводный!$BC20),DAY(Сводный!$BC20))) -> 0.81
C208: =Сводный!$AJ21 -> 42213 | E208: =GETPIVOTDATA("Open",Сводный!$AJ$8,"Дата",DATE(YEAR(Сводный!$AJ21),MONTH(Сводный!$AJ21),DAY(Сводный!$AJ21))) -> 4.7 | F208: =GETPIVOTDATA("Hi",Сводный!$AJ$8,"Дата",DATE(YEAR(Сводный!$AJ21),MONTH(Сводный!$AJ21),DAY(Сводный!$AJ21))) -> 5.51 | G208: =GETPIVOTDATA("Low",Сводный!$AJ$8,"Дата",DATE(YEAR(Сводный!$AJ21),MONTH(Сводный!$AJ21),DAY(Сводный!$AJ21))) -> 5.51 | H208: =GETPIVOTDATA("Close",Сводный!$AJ$8,"Дата",DATE(YEAR(Сводный!$AJ21),MONTH(Сводный!$AJ21),DAY(Сводный!$AJ21))) -> 5.51 | K208: =Сводный!AT21 -> 42215 | L208: =GETPIVOTDATA("Кол-во сделок",Сводный!$AT$8,"Дата",DATE(YEAR(Сводный!$AT21),MONTH(Сводный!$AT21),DAY(Сводный!$AT21))) -> 6 | M208: =GETPIVOTDATA("Результат",Сводный!$AT$8,"Дата",DATE(YEAR(Сводный!$AT21),MONTH(Сводный!$AT21),DAY(Сводный!$AT21))) -> 2.47 | P208: =Сводный!BC21 -> 42215 | Q208: =GETPIVOTDATA("Объем",Сводный!$BC$8,"Дата",DATE(YEAR(Сводный!$BC21),MONTH(Сводный!$BC21),DAY(Сводный!$BC21))) -> 0.06 | R208: =GETPIVOTDATA("Результат",Сводный!$BC$8,"Дата",DATE(YEAR(Сводный!$BC21),MONTH(Сводный!$BC21),DAY(Сводный!$BC21))) -> 2.47
... C297: =Сводный!$AJ110 -> 0 | E297: =GETPIVOTDATA("Open",Сводный!$AJ$8,"Дата",DATE(YEAR(Сводный!$AJ110),MONTH(Сводный!$AJ110),DAY(Сводный!$AJ110))) -> #REF! | F297: =GETPIVOTDATA("Hi",Сводный!$AJ$8,"Дата",DATE(YEAR(Сводный!$AJ110),MONTH(Сводный!$AJ110),DAY(Сводный!$AJ110))) -> #REF! | G297: =GETPIVOTDATA("Low",Сводный!$AJ$8,"Дата",DATE(YEAR(Сводный!$AJ110),MONTH(Сводный!$AJ110),DAY(Сводный!$AJ110))) -> #REF! | H297: =GETPIVOTDATA("Close",Сводный!$AJ$8,"Дата",DATE(YEAR(Сводный!$AJ110),MONTH(Сводный!$AJ110),DAY(Сводный!$AJ110))) -> #REF! | K297: =Сводный!AT110 -> 0 | L297: =GETPIVOTDATA("Кол-во сделок",Сводный!$AT$8,"Дата",DATE(YEAR(Сводный!$AT110),MONTH(Сводный!$AT110),DAY(Сводный!$AT110))) -> #REF! | M297: =GETPIVOTDATA("Результат",Сводный!$AT$8,"Дата",DATE(YEAR(Сводный!$AT110),MONTH(Сводный!$AT110),DAY(Сводный!$AT110))) -> #REF! | P297: =Сводный!BC110 -> 0 | Q297: =GETPIVOTDATA("Объем",Сводный!$BC$8,"Дата",DATE(YEAR(Сводный!$BC110),MONTH(Сводный!$BC110),DAY(Сводный!$BC110))) -> #REF! | R297: =GETPIVOTDATA("Результат",Сводный!$BC$8,"Дата",DATE(YEAR(Сводный!$BC110),MONTH(Сводный!$BC110),DAY(Сводный!$BC110))) -> #REF!

Sheet Таблицы по времени
B2: ЗАВИСИМОСТЬ РЕЗУЛЬТАТА ОТ ДНЯ НЕДЕЛИ И ВРЕМЕНИ ВХОДА В ПОЗИЦИЮ(диаграмма) | L2: ЗАВИСИМОСТЬ РЕЗУЛЬТАТА ОТ ДНЯ НЕДЕЛИ (диаграмма) | U2: ЗАВИСИМОСТЬ РЕЗУЛЬТАТА ОТ ВРЕМЕНИ ВХОДА (диаграмма) | AE2: ЗАВИСИМОСТЬ РЕЗУЛЬТАТА ОТ ВРЕМЕНИ В СДЕЛКЕ (диаграмма) | AN2: СРЕДНИЙ РЕЗУЛЬТАТ ПРИ ОБЪЕМЕ
B4: Год | C4: (Все) | L4: Год | M4: (Все) | U4: Год | V4: (Все) | AE4: Год | AF4: (Все) | AN4: Год | AO4: (Все)
B5: Месяц | C5: (Все) | L5: Месяц | M5: (Все) | U5: Месяц | V5: (Все) | AE5: Месяц | AF5: (Все) | AN5: Месяц | AO5: (Все)
B6: Неделя | C6: (Все) | L6: Неделя | M6: (Все) | U6: Неделя | V6: (Все) | AE6: Неделя | AF6: (Все) | AN6: Неделя | AO6: (Все)
B8: Результат | C8: День недели | M8: Данные | V8: Данные | AF8: Данные | AO8: Данные
B9: Часы | C9: чт | D9: вт | E9: пн | F9: пт | G9: ср | H9: Общий итог | L9: День недели | M9: Плюс | N9: Минус | O9: Общий | U9: Часы | V9: Плюс | W9: Минус | X9: Общий | AE9: Интрадей | AF9: Плюс | AG9: Минус | AH9: Общий | AN9: объем | AO9: сколько раз встречался объем | AP9: Средний результат на сделку | AQ9: Общий результат
B10: 0-1 | C10: 0.8 | D10: -1.58 | E10: 0.55 | F10: 1 | H10: 0.77 | L10: (пусто) | M10: 0 | N10: 0 | O10: 0 | V10: 0 | W10: 0 | X10: 0 | AE10: -180 | AF10: 0.57 | AG10: 0 | AH10: 0.57 | AN10: 0.01 | AO10: 31 | AP10: 0.11967742 | AQ10: 3.71
B11: 10-11 | C11: -0.82 | G11: -0.93 | H11: -1.75 | L11: чт | M11: 5.49 | N11: -6.55 | O11: -1.06 | U11: 0-1 | V11: 5.65 | W11: -4.88 | X11: 0.77 | AE11: 0 | AF11: 0 | AG11: 0 | AH11: 0 | AN11: 0.02 | AO11: 6 | AP11: -0.88333333 | AQ11: -5.3
B12: 11-12 | D12: 0.81 | H12: 0.81 | L12: вт | M12: 3.06 | N12: -2.97 | O12: 0.09 | U12: 10-11 | V12: 0 | W12: -1.75 | X12: -1.75 | AE12: 15 | AF12: 0 | AG12: -1.88 | AH12: -1.88 | AN12: Общий итог | AO12: 37 | AP12: -0.042972973 | AQ12: -1.59
B13: 1-2 | C13: 1.18 | G13: 0.01 | H13: 1.19 | L13: пн | M13: 3.84 | N13: -2.98 | O13: 0.86 | U13: 11-12 | V13: 0.81 | W13: 0 | X13: 0.81 | AE13: 180 | AF13: 0.17 | AG13: 0 | AH13: 0.17
B14: 12-13 | C14: 0.57 | H14: 0.57 | L14: пт | M14: 5.39 | N14: -3.12 | O14: 2.27 | U14: 1-2 | V14: 2.46 | W14: -1.27 | X14: 1.19 | AE14: 195 | AF14: 0.81 | AG14: 0 | AH14: 0.81
B15: 13-14 | F15: 4.17 | H15: 4.17 | L15: ср | M15: 0.18 | N15: -3.93 | O15: -3.75 | U15: 12-13 | V15: 0.57 | W15: 0 | X15: 0.57 | AE15: 225 | AF15: 0 | AG15: -1.29 | AH15: -1.29
B16: 14-15 | F16: -1.54 | H16: -1.54 | L16: Общий итог | M16: 17.96 | N16: -19.55 | O16: -1.59 | U16: 13-14 | V16: 4.17 | W16: 0 | X16: 4.17 | AE16: 270 | AF16: 0.89 | AG16: -0.22 | AH16: 0.67
B17: 17-18 | G17: 0.17 | H17: 0.17 | U17: 14-15 | V17: 0 | W17: -1.54 | X17: -1.54 | AE17: Среднесрок | AF17: 15.52 | AG17: -16.16 | AH17: -0.64
B18: 3-4 | D18: 0.61 | G18: -1.12 | H18: -0.51 | U18: 17-18 | V18: 0.17 | W18: 0 | X18: 0.17 | AE18: Общий итог | AF18: 17.96 | AG18: -19.55 | AH18: -1.59
B19: 4-5 | C19: -2.12 | E19: 0.23 | G19: -1.88 | H19: -3.77 | U19: 3-4 | V19: 0.61 | W19: -1.12 | X19: -0.51
B20: 5-6 | C20: -2.34 | H20: -2.34 | U20: 4-5 | V20: 0.23 | W20: -4 | X20: -3.77
B21: 6-7 | F21: -1.36 | H21: -1.36 | U21: 5-6 | V21: 0 | W21: -2.34 | X21: -2.34
B22: 7-8 | D22: 0.81 | H22: 0.81 | U22: 6-7 | V22: 0 | W22: -1.36 | X22: -1.36
B23: 8-9 | D23: 0.73 | H23: 0.73 | U23: 7-8 | V23: 0.81 | W23: 0 | X23: 0.81
B24: 9-10 | C24: 1.67 | D24: -1.29 | E24: 0.08 | H24: 0.46 | U24: 8-9 | V24: 0.73 | W24: 0 | X24: 0.73
B25: Общий итог | C25: -1.06 | D25: 0.09 | E25: 0.86 | F25: 2.27 | G25: -3.75 | H25: -1.59 | U25: 9-10 | V25: 1.75 | W25: -1.29 | X25: 0.46
U26: Общий итог | V26: 17.96 | W26: -19.55 | X26: -1.59
L130: Сумма по полю P\L Net
L131: Среднесрок | M131: Итог
L132: -1 | M132: 0.57
L133: 2 | M133: -0.47
L134: 3 | M134: -2.48
L135: 4 | M135: -3.07
L136: 5 | M136: 0.01
L137: 6 | M137: -1.59
L138: 7 | M138: 5.4
L139: 8 | M139: 4.17
L140: 9 | M140: 0.19
L141: 11 | M141: 0.08
L142: Общий итог | M142: 2.81

Sheet Таблицы по инструментам
B3: СВОДНЫЕ РЕЗУЛЬТАТЫ ПО ИНСТРУМЕНТАМ | O3: СВОДНЫЕ РЕЗУЛЬТАТЫ ПО ИНСТРУМЕНТАМ С РАЗБИВКОЙ ПО НАПРАВЛЕНИЮ СДЕЛКИ | Y3: РЕЗУЛЬТАТ ПО ДНЯМ С РАЗБИВКОЙ ПО НАПРАВЛЕНИЮ В СДЕЛКЕ | AO3: ЗАВИСИМОСТЬ РЕЗУЛЬТАТА ОТ СПОСОБА ВХОДА В ПОЗИЦИЮ | AZ3: ЗАВИСИМОСТЬ РЕЗУЛЬТАТА ОТ СПОСОБА ВЫХОДА ИЗ ПОЗИЦИИ | BK3: РЕЗУЛЬТАТЫ ПО ОЦЕНКАМ | BS3: ЗАВИСИМОСТЬ РЕЗУЛЬТАТА ОТ ВЫБРАННОЙ СТРАТЕГИИ (диаграмма)
B5: Год | C5: (Все) | O5: Год | P5: (Все) | AO5: Год | AP5: (Все) | AZ5: Год | BA5: (Все) | BS5: Год | BT5: (Все)
B6: Месяц | C6: (Все) | O6: Месяц | P6: (Все) | Y6: Год | Z6: (Все) | AO6: Месяц | AP6: (Все) | AZ6: Месяц | BA6: (Все) | BK6: Год | BL6: (Все) | BS6: Месяц | BT6: (Все)
B7: Неделя | C7: (Все) | O7: Неделя | P7: (Все) | Y7: Месяц | Z7: (Все) | AO7: Неделя | AP7: (Все) | AZ7: Неделя | BA7: (Все) | BK7: Месяц | BL7: (Все) | BS7: Неделя | BT7: (Все)
B8: Дата | C8: (Все) | O8: Дата | P8: (Все) | Y8: Неделя | Z8: (Все) | AO8: Дата | AP8: (Все) | AZ8: Дата | BA8: (Все) | BK8: Неделя | BL8: (Все) | BS8: Дата | BT8: (Все)
C10: Данные | O10: Результат | P10: Направление сделки | Z10: Направление сделки | AA10: Данные | AP10: Данные | BA10: Данные | BK10: Net | BT10: Значения
B11: Инструмент | C11: Результат по акции | D11: Ср. рез. на сделку | E11: Кол-во сделок | F11: Объем | G11: MIN в сделке | H11: MAX в сделке | O11: Инструмент | P11: sell | Q11: buy | R11: Общий итог | Z11: sell | AB11: buy | AD11: Итог Количество | AE11: Итог Сумма | AO11: Способ входа в позицию | AP11: Сделок | AQ11: результат | AR11: средняя сделка | AZ11: Способ выхода из позиции | BA11: Количество | BB11: Сумма | BC11: Среднее | BK11: Оценка | BL11: Итог | BS11: Названия строк | BT11: + | BU11: - | BV11: Сумма
B12: GBPJPY | C12: 3.36 | D12: 1.68 | E12: 2 | F12: 0.02 | G12: 0.81 | H12: 2.55 | O12: (пусто) | P12: 0 | Q12: 0 | R12: 0 | Y12: Дата | Z12: Количество | AA12: Сумма | AB12: Количество | AC12: Сумма | AO12: пинбар | AP12: 24 | AQ12: 7.61 | AR12: 0.31708333 | AZ12: (пусто) | BA12: 963 | BB12: 0 | BC12: 0 | BK12: (пусто) | BL12: 0 | BS12: (пусто) | BT12: 0 | BU12: 0 | BV12: 0
B13: GBPNZD | C13: 3.07 | D13: 1.0233333 | E13: 3 | F13: 0.03 | G13: -1.68 | H13: 4.17 | O13: GBPAUD | Q13: 0.33 | R13: 0.33 | Y13: (пусто) | Z13: 77 | AA13: 0 | AB13: 96 | AC13: 0 | AD13: 173 | AE13: 0 | AO13: ГЭП | AP13: 1 | AQ13: 0.89 | AR13: 0.89 | AZ13: закрытие в ручную | BA13: 8 | BB13: 5.25 | BC13: 0.65625 | BK13: 5 | BL13: 0.61 | BS13: PA | BT13: 16.39 | BU13: -13.76 | BV13: 2.63
B14: AUDNZD | C14: 1.22 | D14: 1.22 | E14: 1 | F14: 0.01 | G14: 1.22 | H14: 1.22 | O14: GBPNZD | Q14: 3.07 | R14: 3.07 | Y14: 42187 | AB14: 1 | AC14: 2.45 | AD14: 1 | AE14: 2.45 | AO14: внутренний бар | AP14: 3 | AQ14: -3.48 | AR14: -1.16 | AZ14: закрытие по стопу | BA14: 24 | BB14: -7.91 | BC14: -0.32958333 | BK14: 4 | BL14: 4.2 | BS14: Правитель | BT14: 1.4 | BU14: -5.79 | BV14: -4.39
B15: GPBJPY | C15: 0.89 | D15: 0.89 | E15: 1 | F15: 0.01 | G15: 0.89 | H15: 0.89 | O15: GPBJPY | Q15: 0.89 | R15: 0.89 | Y15: 42192 | AB15: 1 | AC15: -1.68 | AD15: 1 | AE15: -1.68 | AO15: бар поглощения | AP15: 2 | AQ15: -2.39 | AR15: -1.195 | AZ15: БУ | BA15: 4 | BB15: 0.26 | BC15: 0.065 | BK15: 3 | BL15: 4.45 | BS15: без системы | BT15: 0.17 | BU15: 0 | BV15: 0.17
B16: EURJPY | C16: 0.89 | D16: 0.445 | E16: 2 | F16: 0.02 | G16: 0.08 | H16: 0.81 | O16: USDJPY | P16: -0.22 | Q16: 0.08 | R16: -0.14 | Y16: 42191 | AB16: 1 | AC16: 0.89 | AD16: 1 | AE16: 0.89 | AO16: по правителю | AP16: 6 | AQ16: -4.39 | AR16: -0.73166667 | AZ16: часть позиции | BA16: 1 | BB16: 0.81 | BC16: 0.81 | BK16: 2 | BL16: -7.44 | BS16: Общий итог | BT16: 17.96 | BU16: -19.55 | BV16: -1.59
B17: USDCAD | C17: 0.79 | D17: 0.79 | E17: 1 | F17: 0.01 | G17: 0.79 | H17: 0.79 | O17: GBPUSD | P17: -1.29 | Q17: 0.23 | R17: -1.06 | Y17: 42195 | Z17: 1 | AA17: -0.22 | AB17: 2 | AC17: 5.39 | AD17: 3 | AE17: 5.17 | AO17: бычья свеча 08:00 | AP17: 1 | AQ17: 0.17 | AR17: 0.17 | AZ17: Общий итог | BA17: 1000 | BB17: -1.59 | BC17: -0.00159 | BK17: 1 | BL17: -3.41
B18: EURNZD | C18: 0.65 | D18: 0.325 | E18: 2 | F18: 0.02 | G18: 0.01 | H18: 0.64 | O18: AUDJPY | Q18: 0.09 | R18: 0.09 | Y18: 42199 | Z18: 4 | AA18: 0.13 | AD18: 4 | AE18: 0.13 | AO18: Общий итог | AP18: 37 | AQ18: -1.59 | AR18: -0.042972973 | BK18: Общий итог | BL18: -1.59
B19: GBPAUD | C19: 0.33 | D19: 0.165 | E19: 2 | F19: 0.02 | G19: -2.12 | H19: 2.45 | O19: EURJPY | P19: 0.08 | Q19: 0.81 | R19: 0.89 | Y19: 42198 | AB19: 3 | AC19: 2.72 | AD19: 3 | AE19: 2.72
B20: NZDCAD | C20: 0.19 | D20: 0.19 | E20: 1 | F20: 0.01 | G20: 0.19 | H20: 0.19 | O20: AUDNZD | Q20: 1.22 | R20: 1.22 | Y20: 42201 | Z20: 1 | AA20: -1.27 | AD20: 1 | AE20: -1.27
B21: AUDJPY | C21: 0.09 | D21: 0.09 | E21: 1 | F21: 0.01 | G21: 0.09 | H21: 0.09 | O21: NZDUSD | P21: -0.9 | Q21: -2.98 | R21: -3.88 | Y21: 42208 | AB21: 1 | AC21: -0.82 | AD21: 1 | AE21: -0.82
B22: UISDCAD | C22: 0.02 | D22: 0.02 | E22: 1 | F22: 0.02 | G22: 0.02 | H22: 0.02 | O22: GBPJPY | Q22: 3.36 | R22: 3.36 | Y22: 42207 | AB22: 1 | AC22: 0.01 | AD22: 1 | AE22: 0.01
B23: (пусто) | C23: 0 | D23: 0 | E23: 963 | G23: 0 | H23: 0 | O23: CHFJPY | P23: 0.73 | Q23: -0.82 | R23: -0.09 | Y23: 42209 | Z23: 2 | AA23: -2.9 | AD23: 2 | AE23: -2.9
B24: CHFJPY | C24: -0.09 | D24: -0.045 | E24: 2 | F24: 0.02 | G24: -0.82 | H24: 0.73 | O24: NZDJPY | P24: -2.39 | Q24: 0.57 | R24: -1.82 | Y24: 42213 | AB24: 1 | AC24: 0.81 | AD24: 1 | AE24: 0.81
B25: USDJPY | C25: -0.14 | D25: -0.07 | E25: 2 | F25: 0.02 | G25: -0.22 | H25: 0.08 | O25: EURNZD | Q25: 0.65 | R25: 0.65 | Y25: 42215 | Z25: 3 | AA25: 0.46 | AB25: 3 | AC25: 2.01 | AD25: 6 | AE25: 2.47
B26: GBPCHF | C26: -0.76 | D26: -0.38 | E26: 2 | F26: 0.03 | G26: -0.93 | H26: 0.17 | O26: EURGBP | P26: -1.12 | R26: -1.12 | Y26: 42212 | AB26: 1 | AC26: 0.23 | AD26: 1 | AE26: 0.23
B27: GBPUSD | C27: -1.06 | D27: -0.53 | E27: 2 | F27: 0.02 | G27: -1.29 | H27: 0.23 | O27: USDCAD | Q27: 0.79 | R27: 0.79 | Y27: 42221 | Z27: 1 | AA27: -1.12 | AB27: 1 | AC27: -0.93 | AD27: 2 | AE27: -2.05
B28: EURGBP | C28: -1.12 | D28: -1.12 | E28: 1 | F28: 0.01 | G28: -1.12 | H28: -1.12 | O28: AUDUSD | P28: -1.14 | Q28: -1.88 | R28: -3.02 | Y28: 42222 | Z28: 1 | AA28: -1.14 | AB28: 1 | AC28: -2.12 | AD28: 2 | AE28: -3.26
B29: EURAUD | C29: -1.2 | D29: -1.2 | E29: 1 | F29: 0.02 | G29: -1.2 | H29: -1.2 | O29: NZDCAD | P29: 0.19 | R29: 0.19 | Y29: 42227 | Z29: 1 | AA29: 0.02 | AB29: 1 | AC29: 0.81 | AD29: 2 | AE29: 0.83
B30: NZDJPY | C30: -1.82 | D30: -0.455 | E30: 4 | F30: 0.05 | G30: -1.36 | H30: 0.57 | O30: UISDCAD | P30: 0.02 | R30: 0.02 | Y30: 42226 | AB30: 1 | AC30: -2.98 | AD30: 1 | AE30: -2.98
B31: AUDUSD | C31: -3.02 | D31: -1.51 | E31: 2 | F31: 0.03 | G31: -1.88 | H31: -1.14 | O31: GBPCHF | Q31: -0.76 | R31: -0.76 | Y31: 42228 | AB31: 2 | AC31: -1.71 | AD31: 2 | AE31: -1.71
B32: NZDUSD | C32: -3.88 | D32: -0.97 | E32: 4 | F32: 0.05 | G32: -2.98 | H32: 0.61 | O32: EURAUD | P32: -1.2 | R32: -1.2 | Y32: 42229 | Z32: 1 | AA32: -1.2 | AB32: 1 | AC32: 0.57 | AD32: 2 | AE32: -0.63
B33: Общий итог | C33: -1.59 | D33: -0.00159 | E33: 1000 | F33: 0.43 | G33: -2.98 | H33: 4.17 | O33: Общий итог | P33: -7.24 | Q33: 5.65 | R33: -1.59 | Y33: Общий итог | Z33: 92 | AA33: -7.24 | AB33: 118 | AC33: 5.65 | AD33: 210 | AE33: -1.59

Sheet Диаграммы

Sheet FAQ
A1: версия журнала 3.3 от 23 ноября 2010 г.
A2: 1 | B2: Для начала работы необходимо удалить все данные из ячеек с белым фоном
A3: 2 | B3: На Листе "Данные" необходимо заполнять только белые ячейки, остальные трогать нельзя.
A4: 3 | B4: При достижение максимального размера в 999 строк на Листе "Данные"- "протянуть" строку дальше на необходимую глубину.
A5: 4 | B5: Для загрузки блоттера необходимо на сайте в личном кабинете выбрать файл блоттера, загрузить, затем полученный результат скопировать на лист данные в ячейки с белым фоном.
A6: 5 | B6: Все таблицы обновляются ALT+F5 (В excel 2003 на панели сводных таблиц пиктограмма "Восклицательный знак")
A7: 6 | B7: Все диаграммы обновляются автоматически, кроме точечных и OHLS . Для них необходимо указывать диапазон данных. Для того, чтобы вручную обновить диаграмму(точечную и OHLS), необходимо щелкнуть правой кнопкой на любой области диаграммы, выбрать "Выбрать данные" и выделить диапазон "захватив" новые данные
A8: 7 | B8: В полной мере будут использоваться все возможности только в версии EXCEL 2007 (не ниже)
A9: 8 | B9: В каждой сводной таблице есть возможность расшифровать значение. При двойном щелчке на значение, на новом листе откроется больше данных связанных с этим значением. После просмотра необходимо нажать стрелочку "назад" и согласиться с удалением созданного листа.
A10: 10 | B10: В колонке "оценка трейда" можно писать любую информацию. Например по 5-бальной системе.
B14: контакты для связи: Сергей Силантьев. skype: silantev.sergey , e-mail: help.marketstat@gmail.com
B15: сайт http://marketstat.ru
B16: © Сергей Силантьев 2009-2010

Sheet Служебный
A1: No. | B1: Ticker | C1: Company
A2: 1 | B2: Тикер | C2: Описание инструмента
A3: 2 | B3: AUDJPY | C3: Курс австралийского доллара к японской иене | G3: Дни недели | J3: Время
A4: 3 | B4: AUDNZD | C4: Курс австралийского доллара к новозеландскому доллару | G4: 1 | H4: пн | J4: 9:30 - 11:00 | K4: 1 | L4: 0.45833333 | M4: L
A5: 4 | B5: AUDRUR | C5: Курс австралийского доллара к российскому рублю | G5: 2 | H5: вт | J5: 11:00 - 14:30 | K5: 2 | L5: 0.60416667 | M5: l | O5: Названия строк | P5: Сумма по полю Доходность в сделке
A6: 5 | B6: AUDUSD | C6: Курс австралийского доллара к доллару США | G6: 3 | H6: ср | J6: 14:30 - 16:00 | K6: 3 | L6: 0.66666667 | M6: S | O6: (пусто) | P6: 0
A7: 6 | B7: CADCHF | C7: Курс канадского доллара к швейцарскому франку | G7: 4 | H7: чт | M7: s | O7: 42187 | P7: 30.625
A8: 7 | B8: CADJPY | C8: Курс канадского доллара к японской иене | G8: 5 | H8: пт | O8: 42192 | P8: 14.548445
A9: 8 | B9: CADRUR | C9: Курс канадского доллара к российскому рублю | G9: 6 | H9: сб | O9: 42191 | P9: 24.696678
A10: 9 | B10: CHFJPY | C10: Курс швейцарского франка к японской иене | G10: 7 | H10: вс | O10: 42195 | P10: 80.793398
A11: 10 | B11: CHFRUR | C11: Курс швейцарского франка к российскому рублю | O11: 42199 | P11: 76.875533
A12: 11 | B12: EURAUD | C12: Курс евро к австралийскому доллару | O12: 42198 | P12: 96.302886
A13: 12 | B13: EURCAD | C13: Курс евро к канадскому доллару | O13: 42201 | P13: 89.086977
A14: 13 | B14: EURCHF | C14: Курс евро к швейцарскому франку | J14: Сумма по полю P\L Net | O14: 42208 | P14: 84.065544
A15: 14 | B15: EURGBP | C15: Курс евро к британскому фунту стерлингов | J15: Инструмент | K15: Итог | O15: 42207 | P15: 84.129688
A16: 15 | B16: EURJPY | C16: Курс евро к японской иене | J16: NZDUSD | K16: -3.88 | O16: 42209 | P16: 64.585062
A17: 16 | B17: EURNZD | C17: Курс евро к новозеландскому доллару | J17: AUDUSD | K17: -3.02 | O17: 42213 | P17: 70.963015
A18: 17 | B18: EURRUR | C18: Курс евро к российскому рублю | J18: NZDJPY | K18: -1.82 | O18: 42215 | P18: 89.775428
A19: 18 | B19: EURUSD | C19: Курс евро к доллару США | J19: EURAUD | K19: -1.2 | O19: 42212 | P19: 91.37376
A20: 19 | B20: GBPAUD | C20: Курс британского фунта стерлингов к австралийскому доллару | J20: EURGBP | K20: -1.12 | O20: 42221 | P20: 71.789944
A21: 20 | B21: GBPCAD | C21: Курс британского фунта стерлингов к канадскому доллару | J21: GBPUSD | K21: -1.06 | O21: 42222 | P21: 48.034207
A22: 21 | B22: GBPCHF | C22: Курс британского фунта стерлингов к швейцарскому франку | J22: GBPCHF | K22: -0.76 | O22: 42227 | P22: 55.250039
A23: 22 | B23: GBPJPY | C23: Курс британского фунта стерлингов к японской иене | J23: USDJPY | K23: -0.14 | O23: 42226 | P23: 31.67409
A24: 23 | B24: GBPRUR | C24: Курс фунта стерлинга к российскому рублю | J24: CHFJPY | K24: -0.09 | O24: 42228 | P24: 14.686919
A25: 24 | B25: GPBNZD | C25: Курс британского фунта стерлингов к новозеландскому доллару | J25: (пусто) | K25: 0 | O25: 42229 | P25: 7.0147849
A26: 25 | B26: GBPUSD | C26: Курс британского фунта стерлингов к доллару США | J26: UISDCAD | K26: 0.02 | O26: Общий итог
A27: 26 | B27: NZDJPY | C27: Курс новозеландского доллара к японской иене | J27: AUDJPY | K27: 0.09
A28: 27 | B28: NZDRUR | C28: Курс новозеландского доллара к российскому рублю | J28: NZDCAD | K28: 0.19
A29: 28 | B29: NZDUSD | C29: Курс новозеландского доллара к доллару США | J29: GBPAUD | K29: 0.33
A30: 29 | B30: RURJPY | C30: Курс российского рубля к японской иене | J30: EURNZD | K30: 0.65
A31: 30 | B31: SDRRUR | C31: Стоимость специальных прав заимствования в рублях | J31: USDCAD | K31: 0.79
A32: 31 | B32: SDRUSD | C32: Стоимость специальных прав заимствования в долларах | J32: EURJPY | K32: 0.89
A33: 32 | B33: UAHRUR | C33: Курс украинской гривны к российскому рублю | J33: GPBJPY | K33: 0.89
A34: 33 | B34: UERUR | C34: Стоимость бивалютной корзины в рублях | J34: AUDNZD | K34: 1.22
A35: 34 | B35: USDCAD | C35: Курс доллара США к канадскому доллару | J35: GBPNZD | K35: 3.07
A36: 35 | B36: USDCHF | C36: Курс доллара США к швейцарскому франку | J36: GBPJPY | K36: 3.36
A37: 36 | B37: USDJPY | C37: Курс доллара США к японской иене | J37: Общий итог | K37: -1.59
A38: 37 | B38: USDRUR | C38: Курс доллара к российскому рублю
A39: 38 | B39: USDUAH | C39: Курс доллара США к украинской гривне

Sheet Настройки
B2: Способы входа в позицию | D2: Способы выхода из позиции
B3: пинбар | D3: цель
B4: бар поглощения | D4: закрытие в ручную
B5: внутренний бар | D5: закрытие по стопу
B6: рельсы | D6: БУ
B7: ГЭП | D7: часть позиции
B8: по правителю
B9: бычья свеча 08:00
B10: бычья свеча 12:00
B11: бычья свеча 16:00
B12: бычья свеча 20:00
B13: бычья свеча 00:00
B14: бычья свеча 04:00
B15: вход отложным ордером 08:00
B16: вход отложным ордером 12:00
B17: вход отложным ордером 16:00
B18: вход отложным ордером 20:00
B19: вход отложным ордером 00:00
B20: вход отложным ордером 04:00
